Workbook
Name _13m: '[1]indem expat'!$C$15
Name Animatlog: #REF!
Name Animatlog: #REF!
Name Animatlog: #REF!
Name annee: #REF!
Name annee: #REF!
Name annee: #REF!
Name annee: #REF!
Name annee: #REF!
Name bud: #REF!
Name bud: #REF!
Name bud: #REF!
Name bud: #REF!
Name bud: #REF!
Name cong: '[1]indem expat'!$C$17
Name coût_standard: #REF!
Name coût_standard: #REF!
Name coût_standard: #REF!
Name coût_standard: #REF!
Name coût_standard: #REF!
Name coût_total: #REF!
Name coût_total: #REF!
Name coût_total: #REF!
Name coût_total: #REF!
Name coût_total: #REF!
Name coûts_directs: #REF!
Name coûts_directs: #REF!
Name coûts_directs: #REF!
Name coûts_directs: #REF!
Name coûts_directs: #REF!
Name coûts_suivi: #REF!
Name coûts_suivi: #REF!
Name coûts_suivi: #REF!
Name coûts_suivi: #REF!
Name coûts_suivi: #REF!
Name cpte: #REF!
Name cpte: #REF!
Name cpte: #REF!
Name cpte: #REF!
Name cpte: #REF!
Name critera: #REF!
Name critera: #REF!
Name critera: #REF!
Name critera: #REF!
Name critera: #REF!
Name dd: #REF!
Name dd: #REF!
Name dd: #REF!
Name dev: #REF!
Name dev: #REF!
Name dev: #REF!
Name dev: #REF!
Name dev: #REF!
Name fincont: '[1]indem expat'!$C$16
Name GRC: '[1]Grille de référence'!$C$6:$E$12
Name GRNC: '[1]Grille de référence'!$I$6:$K$9
Name joursex: '[2]prix de revient'!$AC$2
Name joursiege: '[2]prix de revient'!$AC$1
Name matFS: #REF!
Name matFS: #REF!

Sheet Positionnement

Sheet Grille rémunération (ok)

Sheet Coûts salariaux actuels (ok)
A1: Coûts salariaux GRET CG
A3: Noms et prénoms | B3: Classification | D3: a. Salaire de base | G3: Primes et indemnités fiscalisées | O3: b. Salaire brut | R3: Charges sociales employé | W3: Charges de l'employeur | AE3: c. Salaire net | AH3: nb parts | AJ3: Avantages | AQ3: d. Salaire net à payer | AT3: 13e mois | AV3: Salaire net 13e mois inclus | AY3: type de contrat | AZ3: durée (année) | BA3: Indemnité de fin de contrat | BD3: Provision formation (2%) | BG3: Marges d'augmentation | BJ3: f. Coût salarial global mensuel | BM3: f. Coût salarial global annuel
D4: F Cfa | E4: € | G4: (Dé) localisation | H4: Frais pro et assimilés | I4: Assiduité | J4: Heures sup. except. | K4: Logement | L4: Prime de salissure | M4: Responsabilité | O4: XAF | P4: € | R4: Cnss employé | S4: base Irpp | T4: Taxe régionale | U4: IRPP employé | W4: Cnss Pvid | X4: Cnss AF | Y4: Cnss AT/MP | Z4: Visites médicales | AA4: TUS | AB4: Assurance globale annuelle | AC4: Assurance expatriation | AE4: XAF | AF4: € | AJ4: Transport | AK4: Santé | AL4: Panier | AM4: Expatriation | AN4: Supplément famille | AO4: Rep | AQ4: XAF | AR4: € | AT4: XAF | AU4: € | AV4: XAF | AW4: € | BA4: F CFA | BB4: € | BD4: F Cfa | BE4: € | BG4: F Cfa | BH4: € | BJ4: (F Cfa) | BK4: (€) | BM4: (F Cfa) | BN4: (€)
A6: I. Personnel local
A8: GANDZOUNOU MAKANY Presley | B8: ='[4]Par filière métier'!A36 -> Agent administratif | D8: =+#REF! -> #REF! | E8: =D8/655.957 -> #REF! | G8: 0 | H8: 0 | I8: 0 | J8: 0 | K8: 0 | L8: 10000 | M8: 0 | O8: =SUM(D8,G8:M8) -> #REF! | P8: =O8/655.957 -> #REF! | R8: =O8*4% -> #REF! | S8: =(O8-R8)*80% -> #REF! | T8: =24000/12 -> 2000 | U8: 7750 | W8: =8%*O8 -> #REF! | X8: =O8*10.03% -> #REF! | Y8: =O8*2.25% -> #REF! | Z8: =15000/12 -> 1250 | AA8: =O8*7.5% -> #REF! | AE8: =O8-R8-U8-T8 -> #REF! | AF8: =S8/655.957 -> #REF! | AH8: 2 | AJ8: 40000 | AK8: 25000 | AL8: 12000 | AQ8: =AE8+AJ8+AK8+AL8+AM8+AN8+AO8 -> #REF! | AR8: =+AQ8/655.957 -> #REF! | AT8: =(O8-R8-U8)/12 -> #REF! | AU8: =+AT8/655.957 -> #REF! | AV8: =(AT8/12)+AQ8 -> #REF! | AW8: =+AV8/655.957 -> #REF! | AY8: CDI | BA8: =((D8*25%)*6)/12 -> #REF! | BB8: =+BA8/655.957 -> #REF! | BD8: =O8*0.02 -> #REF! | BE8: =BD8/655.957 -> #REF! | BG8: =(D8/36)*10 -> #REF! | BH8: =BG8/655.957 -> #REF! | BJ8: =SUM(O8,Z8,AA8,AC8,AJ8,AK8,AL8,AM8,AN8,AO8,AT8,BA8,BD8,BG8) -> #REF! | BK8: =BJ8/655.957 -> #REF! | BM8: =BJ8*10 -> #REF! | BN8: =BM8/655.957 -> #REF!
A9: GANDZOUNOU MATOMBOU Reiye | B9: ='[4]Par filière métier'!A5 -> Coordinateur niveau 1 | D9: =#REF! -> #REF! | E9: =D9/655.957 -> #REF! | G9: 0 | H9: 0 | I9: 0 | J9: 0 | K9: 0 | L9: 0 | M9: 133000 | O9: =SUM(D9,G9:M9) -> #REF! | P9: =O9/655.957 -> #REF! | R9: =O9*4% -> #REF! | S9: =(O9-R9)*80% -> #REF! | T9: =24000/12 -> 2000 | U9: 165791 | W9: =8%*O9 -> #REF! | X9: =O9*10.03% -> #REF! | Y9: =O9*2.25% -> #REF! | Z9: =15000/12 -> 1250 | AA9: =O9*7.5% -> #REF! | AE9: =O9-R9-U9-T9 -> #REF! | AF9: =S9/655.957 -> #REF! | AH9: 4.5 | AJ9: 40000 | AK9: ='[4]Grille rémunération'!F16 -> 85000 | AL9: 12000 | AO9: 50000 | AQ9: =AE9+AJ9+AK9+AL9+AM9+AN9+AO9 -> #REF! | AR9: =+AQ9/655.957 -> #REF! | AT9: =(O9-R9-U9)/12 -> #REF! | AU9: =+AT9/655.957 -> #REF! | AV9: =(AT9/12)+AQ9 -> #REF! | AW9: =+AV9/655.957 -> #REF! | AY9: CDI | BA9: =((D9*25%)*6)/12 -> #REF! | BB9: =+BA9/655.957 -> #REF! | BD9: =O9*0.02 -> #REF! | BE9: =BD9/655.957 -> #REF! | BG9: =(D9/36)*10 -> #REF! | BH9: =BG9/655.957 -> #REF! | BJ9: =SUM(O9,Z9,AA9,AC9,AJ9,AK9,AL9,AM9,AN9,AO9,AT9,BA9,BD9,BG9) -> #REF! | BK9: =BJ9/655.957 -> #REF! | BM9: =BJ9*12 -> #REF! | BN9: =BM9/655.957 -> #REF!
A10: MILANDOU Pascal | B10: ='[4]Par filière métier'!A27 -> Responsable administratif niv 2 | D10: 395000 | E10: =D10/655.957 -> 602.17362 | G10: 0 | H10: 0 | I10: 0 | J10: 0 | K10: 0 | L10: 0 | M10: 20000 | O10: =SUM(D10,G10:M10) -> 415000 | P10: =O10/655.957 -> 632.66342 | R10: =O10*4% -> 16600 | S10: =(O10-R10)*80% -> 318720 | T10: =24000/12 -> 2000 | U10: 33687 | W10: =8%*O10 -> 33200 | X10: =O10*10.03% -> 41624.5 | Y10: =O10*2.25% -> 9337.5 | Z10: =15000/12 -> 1250 | AA10: =O10*7.5% -> 31125 | AE10: =O10-R10-U10-T10 -> 362713 | AF10: =S10/655.957 -> 485.88551 | AH10: 4 | AJ10: 40000 | AK10: 75000 | AL10: 12000 | AQ10: =AE10+AJ10+AK10+AL10+AM10+AN10+AO10 -> 489713 | AR10: =+AQ10/655.957 -> 746.56266 | AT10: =(O10-R10-U10)/12 -> 30392.75 | AU10: =+AT10/655.957 -> 46.333449 | AV10: =(AT10/12)+AQ10 -> 492245.73 | AW10: =+AV10/655.957 -> 750.42378 | AY10: CDI | BA10: =((D10*25%)*6)/12 -> 49375 | BB10: =+BA10/655.957 -> 75.271702 | BD10: =O10*0.02 -> 8300 | BE10: =BD10/655.957 -> 12.653268 | BG10: =(D10/36)*10 -> 109722.22 | BH10: =BG10/655.957 -> 167.27045 | BJ10: =SUM(O10,Z10,AA10,AC10,AJ10,AK10,AL10,AM10,AN10,AO10,AT10,BA10,BD10,BG10) -> 772164.97 | BK10: =BJ10/655.957 -> 1177.1579 | BM10: =BJ10*12 -> 9265979.7 | BN10: =BM10/655.957 -> 14125.895
A11: KOUAKOUA KEDJOUANI Armel | B11: ='[4]Par filière métier'!A10 -> Responsable opérationnel | D11: =#REF! -> #REF! | E11: =D11/655.957 -> #REF! | G11: 0 | H11: 0 | I11: 0 | J11: 0 | K11: 0 | L11: 0 | M11: 0 | O11: =SUM(D11,G11:M11) -> #REF! | P11: =O11/655.957 -> #REF! | R11: =O11*4% -> #REF! | S11: =(O11-R11)*80% -> #REF! | T11: =24000/12 -> 2000 | U11: 26958 | W11: =8%*O11 -> #REF! | X11: =O11*10.03% -> #REF! | Y11: =O11*2.25% -> #REF! | Z11: =15000/12 -> 1250 | AA11: =O11*7.5% -> #REF! | AE11: =O11-R11-U11-T11 -> #REF! | AF11: =S11/655.957 -> #REF! | AH11: 3 | AJ11: 40000 | AK11: ='[4]Grille rémunération'!F10 -> 30000 | AL11: 12000 | AQ11: =AE11+AJ11+AK11+AL11+AM11+AN11+AO11 -> #REF! | AR11: =+AQ11/655.957 -> #REF! | AT11: =(O11-AJ11-AK11-AL11-AM11-AN11-AO11)/12 -> #REF! | AU11: =+AT11/655.957 -> #REF! | AV11: =(AT11/12)+AQ11 -> #REF! | AW11: =+AV11/655.957 -> #REF! | AY11: CDI | BA11: =((D11*25%)*6)/12 -> #REF! | BB11: =+BA11/655.957 -> #REF! | BD11: =O11*0.02 -> #REF! | BE11: =BD11/655.957 -> #REF! | BG11: =(D11/36)*10 -> #REF! | BH11: =BG11/655.957 -> #REF! | BJ11: =SUM(O11,Z11,AA11,AC11,AJ11,AK11,AL11,AM11,AN11,AO11,AT11,BA11,BD11,BG11) -> #REF! | BK11: =BJ11/655.957 -> #REF! | BM11: =BJ11*12 -> #REF! | BN11: =BM11/655.957 -> #REF!
A12: MOUKENDI MAWEJA Stève | B12: ='[4]Par filière métier'!A10 -> Responsable opérationnel | D12: ='[4]GI Moukendi'!C49 -> 365000 | E12: =D12/655.957 -> 556.43891 | G12: 0 | H12: 0 | I12: 0 | J12: 0 | K12: 0 | L12: 0 | M12: 0 | O12: =SUM(D12,G12:M12) -> 365000 | P12: =O12/655.957 -> 556.43891 | R12: =O12*4% -> 14600 | S12: =(O12-R12)*80% -> 280320 | T12: =24000/12 -> 2000 | U12: 33666 | W12: =8%*O12 -> 29200 | X12: =O12*10.03% -> 36609.5 | Y12: =O12*2.25% -> 8212.5 | Z12: =15000/12 -> 1250 | AA12: =O12*7.5% -> 27375 | AE12: =O12-R12-U12-T12 -> 314734 | AF12: =S12/655.957 -> 427.34509 | AH12: 2 | AJ12: 40000 | AK12: ='[4]Grille rémunération'!F10 -> 30000 | AL12: 12000 | AQ12: =AE12+AJ12+AK12+AL12+AM12+AN12+AO12 -> 396734 | AR12: =+AQ12/655.957 -> 604.81708 | AT12: =(O12-R12-U12)/12 -> 26394.5 | AU12: =+AT12/655.957 -> 40.238156 | AV12: =(AT12/12)+AQ12 -> 398933.54 | AW12: =+AV12/655.957 -> 608.17026 | AY12: CDI | BA12: =((D12*25%)*6)/12 -> 45625 | BB12: =+BA12/655.957 -> 69.554864 | BD12: =O12*0.02 -> 7300 | BE12: =BD12/655.957 -> 11.128778 | BG12: =(D12/36)*10 -> 101388.89 | BH12: =BG12/655.957 -> 154.56636 | BJ12: =SUM(O12,Z12,AA12,AC12,AJ12,AK12,AL12,AM12,AN12,AO12,AT12,BA12,BD12,BG12) -> 656333.39 | BK12: =BJ12/655.957 -> 1000.5738 | BM12: =BJ12*12 -> 7876000.7 | BN12: =BM12/655.957 -> 12006.886
A13: MANTE Elite Mylla | B13: ='[4]Par filière métier'!A8 -> Responsable opérationnel confirmé | D13: 420000 | E13: =D13/655.957 -> 640.28587 | G13: 0 | H13: 0 | I13: 0 | J13: 0 | K13: 0 | L13: 0 | M13: 80000 | O13: =SUM(D13,G13:M13) -> 500000 | P13: =O13/655.957 -> 762.24509 | R13: =O13*4% -> 20000 | S13: =(O13-R13)*80% -> 384000 | T13: =24000/12 -> 2000 | U13: 55750 | W13: =8%*O13 -> 40000 | X13: =O13*10.03% -> 50150 | Y13: =O13*2.25% -> 11250 | Z13: =15000/12 -> 1250 | AA13: =O13*7.5% -> 37500 | AE13: =O13-R13-U13-T13 -> 422250 | AF13: =S13/655.957 -> 585.40423 | AH13: 3.5 | AJ13: 40000 | AK13: ='[4]Grille rémunération'!F15 -> 75000 | AL13: 12000 | AQ13: =AE13+AJ13+AK13+AL13+AM13+AN13+AO13 -> 549250 | AR13: =+AQ13/655.957 -> 837.32623 | AT13: =(O13-R13-U13)/12 -> 35354.167 | AU13: =+AT13/655.957 -> 53.89708 | AV13: =(AT13/12)+AQ13 -> 552196.18 | AW13: =+AV13/655.957 -> 841.81765 | AY13: CDI | BA13: =((D13*25%)*6)/12 -> 52500 | BB13: =+BA13/655.957 -> 80.035734 | BD13: =O13*0.02 -> 10000 | BE13: =BD13/655.957 -> 15.244902 | BG13: =(D13/36)*10 -> 116666.67 | BH13: =BG13/655.957 -> 177.85719 | BJ13: =SUM(O13,Z13,AA13,AC13,AJ13,AK13,AL13,AM13,AN13,AO13,AT13,BA13,BD13,BG13) -> 880270.83 | BK13: =BJ13/655.957 -> 1341.9642 | BM13: =BJ13*12 -> 10563250 | BN13: =BM13/655.957 -> 16103.571
A14: KONDO MOUHINGOU Aldyss Jarland | B14: =+'[4]GSR Kondo'!B6 -> Agent administratif | D14: 180000 | E14: =D14/655.957 -> 274.40823 | G14: 0 | H14: 0 | I14: 0 | J14: 0 | K14: 0 | L14: 0 | M14: 20000 | O14: =SUM(D14,G14:M14) -> 200000 | P14: =O14/655.957 -> 304.89803 | R14: =O14*4% -> 8000 | S14: =(O14-R14)*80% -> 153600 | T14: =24000/12 -> 2000 | U14: 10866 | W14: =8%*O14 -> 16000 | X14: =O14*10.03% -> 20060 | Y14: =O14*2.25% -> 4500 | Z14: =15000/12 -> 1250 | AA14: =O14*7.5% -> 15000 | AE14: =O14-R14-U14-T14 -> 179134 | AF14: =S14/655.957 -> 234.16169 | AH14: 3.5 | AJ14: 40000 | AK14: 55000 | AL14: 12000 | AQ14: =AE14+AJ14+AK14+AL14+AM14+AN14+AO14 -> 286134 | AR14: =+AQ14/655.957 -> 436.20847 | AT14: =(O14-R14-U14)/12 -> 15094.5 | AU14: =+AT14/655.957 -> 23.011417 | AV14: =(AT14/12)+AQ14 -> 287391.88 | AW14: =+AV14/655.957 -> 438.12609 | AY14: CDD | AZ14: 3 | BA14: =((D14*25%)*3)/12 -> 11250 | BB14: =+BA14/655.957 -> 17.150514 | BD14: =O14*0.02 -> 4000 | BE14: =BD14/655.957 -> 6.0979607 | BG14: =(D14/36)*10 -> 50000 | BH14: =BG14/655.957 -> 76.224509 | BJ14: =SUM(O14,Z14,AA14,AC14,AJ14,AK14,AL14,AM14,AN14,AO14,AT14,BA14,BD14,BG14) -> 403594.5 | BK14: =BJ14/655.957 -> 615.27585 | BM14: =BJ14*12 -> 4843134 | BN14: =BM14/655.957 -> 7383.3102
A15: NKIE Armel | B15: ='[4]Par filière métier'!A18 -> Agent technique | D15: ='[4]GI Nkié'!C50 -> 190000 | E15: =D15/655.957 -> 289.65313 | G15: 0 | H15: 0 | I15: 0 | J15: 0 | K15: 0 | L15: 0 | M15: 0 | O15: =SUM(D15,G15:M15) -> 190000 | P15: =O15/655.957 -> 289.65313 | R15: =O15*4% -> 7600 | S15: =(O15-R15)*80% -> 145920 | T15: =24000/12 -> 2000 | U15: 9291 | W15: =8%*O15 -> 15200 | X15: =O15*10.03% -> 19057 | Y15: =O15*2.25% -> 4275 | Z15: =15000/12 -> 1250 | AA15: =O15*7.5% -> 14250 | AE15: =O15-R15-U15-T15 -> 171109 | AF15: =S15/655.957 -> 222.45361 | AH15: 1 | AJ15: 40000 | AK15: ='[4]Grille rémunération'!F9 -> 25000 | AL15: 12000 | AQ15: =AE15+AJ15+AK15+AL15+AM15+AN15+AO15 -> 248109 | AR15: =+AQ15/655.957 -> 378.23973 | AT15: =(O15-R15-U15)/12 -> 14425.75 | AU15: =+AT15/655.957 -> 21.991914 | AV15: =(AT15/12)+AQ15 -> 249311.15 | AW15: =+AV15/655.957 -> 380.07239 | AY15: CDI | BA15: =((D15*25%)*6)/12 -> 23750 | BB15: =+BA15/655.957 -> 36.206642 | BD15: =O15*0.02 -> 3800 | BE15: =BD15/655.957 -> 5.7930627 | BG15: =(D15/36)*10 -> 52777.778 | BH15: =BG15/655.957 -> 80.459204 | BJ15: =SUM(O15,Z15,AA15,AC15,AJ15,AK15,AL15,AM15,AN15,AO15,AT15,BA15,BD15,BG15) -> 377253.53 | BK15: =BJ15/655.957 -> 575.1193 | BM15: =BJ15*12 -> 4527042.3 | BN15: =BM15/655.957 -> 6901.4315
A16: DAKE Muthis Arries | B16: ='[4]Par filière métier'!A18 -> Agent technique | D16: ='[4]GI Dake'!C50 -> 170000 | E16: =D16/655.957 -> 259.16333 | G16: 0 | H16: 0 | I16: 0 | J16: 0 | K16: 0 | L16: 0 | M16: 0 | O16: =SUM(D16,G16:M16) -> 170000 | P16: =O16/655.957 -> 259.16333 | R16: =O16*4% -> 6800 | S16: =(O16-R16)*80% -> 130560 | T16: =24000/12 -> 2000 | U16: 7758 | W16: =8%*O16 -> 13600 | X16: =O16*10.03% -> 17051 | Y16: =O16*2.25% -> 3825 | Z16: =15000/12 -> 1250 | AA16: =O16*7.5% -> 12750 | AE16: =O16-R16-U16-T16 -> 153442 | AF16: =S16/655.957 -> 199.03744 | AH16: 2 | AJ16: 40000 | AK16: ='[4]GI Dake'!B55 -> 30000 | AL16: 12000 | AQ16: =AE16+AJ16+AK16+AL16+AM16+AN16+AO16 -> 235442 | AR16: =+AQ16/655.957 -> 358.92902 | AT16: =(O16-R16-U16)/12 -> 12953.5 | AU16: =+AT16/655.957 -> 19.747483 | AV16: =(AT16/12)+AQ16 -> 236521.46 | AW16: =+AV16/655.957 -> 360.57464 | AY16: CDI | BA16: =((D16*25%)*6)/12 -> 21250 | BB16: =+BA16/655.957 -> 32.395416 | BD16: =O16*0.02 -> 3400 | BE16: =BD16/655.957 -> 5.1832666 | BG16: =(D16/36)*10 -> 47222.222 | BH16: =BG16/655.957 -> 71.989814 | BJ16: =SUM(O16,Z16,AA16,AC16,AJ16,AK16,AL16,AM16,AN16,AO16,AT16,BA16,BD16,BG16) -> 350825.72 | BK16: =BJ16/655.957 -> 534.83037 | BM16: =BJ16*12 -> 4209908.7 | BN16: =BM16/655.957 -> 6417.9644
A17: KOUTOUMA NSONA Raïssa Edwige | B17: =+'[4]GI Koutouna'!A36 -> Agent technique | D17: ='[4]GI Koutouna'!C50 -> 240000 | E17: =D17/655.957 -> 365.87764 | G17: 0 | H17: 0 | I17: 0 | J17: 0 | K17: 0 | L17: 0 | M17: 0 | O17: =SUM(D17,G17:M17) -> 240000 | P17: =O17/655.957 -> 365.87764 | R17: =O17*4% -> 9600 | S17: =(O17-R17)*80% -> 184320 | T17: =24000/12 -> 2000 | U17: 12383 | W17: =8%*O17 -> 19200 | X17: =O17*10.03% -> 24072 | Y17: =O17*2.25% -> 5400 | Z17: =15000/12 -> 1250 | AA17: =O17*7.5% -> 18000 | AE17: =O17-R17-U17-T17 -> 216017 | AF17: =S17/655.957 -> 280.99403 | AH17: 2 | AJ17: ='[4]GI Koutouna'!B53 -> 40000 | AK17: 40000 | AL17: 12000 | AQ17: =AE17+AJ17+AK17+AL17+AM17+AN17+AO17 -> 308017 | AR17: =+AQ17/655.957 -> 469.56889 | AT17: =(O17-R17-U17)/12 -> 18168.083 | AU17: =+AT17/655.957 -> 27.697064 | AV17: =(AT17/12)+AQ17 -> 309531.01 | AW17: =+AV17/655.957 -> 471.87698 | AY17: CDI | BA17: =((D17*25%)*6)/12 -> 30000 | BB17: =+BA17/655.957 -> 45.734705 | BD17: =O17*0.02 -> 4800 | BE17: =BD17/655.957 -> 7.3175528 | BG17: =(D17/36)*10 -> 66666.667 | BH17: =BG17/655.957 -> 101.63268 | BJ17: =SUM(O17,Z17,AA17,AC17,AJ17,AK17,AL17,AM17,AN17,AO17,AT17,BA17,BD17,BG17) -> 470884.75 | BK17: =BJ17/655.957 -> 717.85917 | BM17: =BJ17*12 -> 5650617 | BN17: =BM17/655.957 -> 8614.3101
A18: MAYIMA Hervé | B18: ='[4]Par filière métier'!A31 -> Assistant administratif | D18: 320000 | E18: =D18/655.957 -> 487.83686 | G18: 0 | H18: 0 | I18: 0 | J18: 0 | K18: 0 | L18: 0 | M18: 0 | O18: =SUM(D18,G18:M18) -> 320000 | P18: =O18/655.957 -> 487.83686 | R18: =O18*4% -> 12800 | S18: =(O18-R18)*80% -> 245760 | T18: =24000/12 -> 2000 | U18: 34625 | W18: =8%*O18 -> 25600 | X18: =O18*10.03% -> 32096 | Y18: =O18*2.25% -> 7200 | Z18: =15000/12 -> 1250 | AA18: =O18*7.5% -> 24000 | AE18: =O18-R18-U18-T18 -> 270575 | AF18: =S18/655.957 -> 374.6587 | AH18: 2 | AJ18: ='[4]GSI Serge'!B53 -> 40000 | AK18: 30000 | AL18: 12000 | AQ18: =AE18+AJ18+AK18+AL18+AM18+AN18+AO18 -> 352575 | AR18: =+AQ18/655.957 -> 537.49712 | AT18: =(O18-R18-U18)/12 -> 22714.583 | AU18: =+AT18/655.957 -> 34.628159 | AV18: =(AT18/12)+AQ18 -> 354467.88 | AW18: =+AV18/655.957 -> 540.3828 | AY18: CDD | AZ18: 3 | BA18: =((D18*25%)*3)/12 -> 20000 | BB18: =+BA18/655.957 -> 30.489803 | BD18: =O18*0.02 -> 6400 | BE18: =BD18/655.957 -> 9.7567371 | BG18: =(D18/36)*10 -> 88888.889 | BH18: =BG18/655.957 -> 135.51024 | BJ18: =SUM(O18,Z18,AA18,AC18,AJ18,AK18,AL18,AM18,AN18,AO18,AT18,BA18,BD18,BG18) -> 565253.47 | BK18: =BJ18/655.957 -> 861.72336 | BM18: =BJ18*12 -> 6783041.7 | BN18: =BM18/655.957 -> 10340.68
A19: NSEMBO Arnaud Valère | B19: Employé | D19: 55000 | E19: =D19/655.957 -> 83.846959 | G19: 0 | H19: 0 | I19: 0 | J19: 0 | K19: 0 | L19: 0 | M19: 0 | O19: =SUM(D19,G19:M19) -> 55000 | P19: =O19/655.957 -> 83.846959 | R19: =O19*4% -> 2200 | S19: =(O19-R19)*80% -> 42240 | T19: =24000/12 -> 2000 | U19: 422 | W19: =8%*O19 -> 4400 | X19: =O19*10.03% -> 5516.5 | Y19: =O19*2.25% -> 1237.5 | Z19: =15000/12 -> 1250 | AA19: =O19*7.5% -> 4125 | AB19: =(169964/2)/12 -> 7081.8333 | AE19: =O19-R19-U19-T19 -> 50378 | AF19: =S19/655.957 -> 64.394465 | AH19: 3 | AJ19: 25000 | AK19: 30000 | AQ19: =AE19+AJ19+AK19+AL19+AM19+AN19+AO19 -> 105378 | AR19: =+AQ19/655.957 -> 160.64773 | AT19: =(O19-R19-U19)/12 -> 4364.8333 | AU19: =+AT19/655.957 -> 6.6541455 | AV19: =(AT19/12)+AQ19 -> 105741.74 | AW19: =+AV19/655.957 -> 161.20224 | AY19: CDD | AZ19: 3 | BA19: =((D19*25%)*3)/12 -> 3437.5 | BB19: =+BA19/655.957 -> 5.240435 | BD19: =O19*0.02 -> 1100 | BE19: =BD19/655.957 -> 1.6769392 | BG19: =(D19/36)*10 -> 15277.778 | BH19: =BG19/655.957 -> 23.290822 | BJ19: =SUM(O19,Z19,AA19,AC19,AJ19,AK19,AL19,AM19,AN19,AO19,AT19,BA19,BD19,BG19) -> 139555.11 | BK19: =BJ19/655.957 -> 212.7504 | BM19: =BJ19*12 -> 1674661.3 | BN19: =BM19/655.957 -> 2553.0047
A20: SAMBA Tedy Arly | B20: Employé | D20: 55000 | E20: =D20/655.957 -> 83.846959 | G20: 0 | H20: 0 | I20: 0 | J20: 0 | K20: 0 | L20: 0 | M20: 0 | O20: =SUM(D20,G20:M20) -> 55000 | P20: =O20/655.957 -> 83.846959 | R20: =O20*4% -> 2200 | S20: =(O20-R20)*80% -> 42240 | T20: =24000/12 -> 2000 | U20: 422 | W20: =8%*O20 -> 4400 | X20: =O20*10.03% -> 5516.5 | Y20: =O20*2.25% -> 1237.5 | Z20: =15000/12 -> 1250 | AA20: =O20*7.5% -> 4125 | AB20: =(169964/2)/12 -> 7081.8333 | AE20: =O20-R20-U20-T20 -> 50378 | AF20: =S20/655.957 -> 64.394465 | AH20: 4 | AJ20: 25000 | AK20: 30000 | AQ20: =AE20+AJ20+AK20+AL20+AM20+AN20+AO20 -> 105378 | AR20: =+AQ20/655.957 -> 160.64773 | AT20: =(O20-R20-U20)/12 -> 4364.8333 | AU20: =+AT20/655.957 -> 6.6541455 | AV20: =(AT20/12)+AQ20 -> 105741.74 | AW20: =+AV20/655.957 -> 161.20224 | AY20: CDD | AZ20: 3 | BA20: =((D20*25%)*3)/12 -> 3437.5 | BB20: =+BA20/655.957 -> 5.240435 | BD20: =O20*0.02 -> 1100 | BE20: =BD20/655.957 -> 1.6769392 | BG20: =(D20/36)*10 -> 15277.778 | BH20: =BG20/655.957 -> 23.290822 | BJ20: =SUM(O20,Z20,AA20,AC20,AJ20,AK20,AL20,AM20,AN20,AO20,AT20,BA20,BD20,BG20) -> 139555.11 | BK20: =BJ20/655.957 -> 212.7504 | BM20: =BJ20*12 -> 1674661.3 | BN20: =BM20/655.957 -> 2553.0047
A21: BOUKAKA Jordan Vénal | B21: =+#REF! -> #REF! | D21: =#REF! -> #REF! | E21: =D21/655.957 -> #REF! | G21: 0 | H21: 0 | I21: 0 | J21: 0 | K21: 0 | L21: 0 | M21: 0 | O21: =SUM(D21,G21:M21) -> #REF! | P21: =O21/655.957 -> #REF! | R21: =O21*4% -> #REF! | S21: =(O21-R21)*80% -> #REF! | T21: =24000/12 -> 2000 | U21: 5491 | W21: =8%*O21 -> #REF! | X21: =O21*10.03% -> #REF! | Y21: =O21*2.25% -> #REF! | Z21: =15000/12 -> 1250 | AA21: =O21*7.5% -> #REF! | AE21: =O21-R21-U21-T21 -> #REF! | AF21: =S21/655.957 -> #REF! | AH21: 2.5 | AJ21: =#REF! -> #REF! | AK21: =#REF! -> #REF! | AL21: =#REF! -> #REF! | AQ21: =AE21+AJ21+AK21+AL21+AM21+AN21+AO21 -> #REF! | AR21: =+AQ21/655.957 -> #REF! | AT21: =(O21-R21-U21)/12 -> #REF! | AU21: =+AT21/655.957 -> #REF! | AV21: =(AT21/12)+AQ21 -> #REF! | AW21: =+AV21/655.957 -> #REF! | AY21: CDD | AZ21: 3 | BA21: =((D21*25%)*3)/12 -> #REF! | BB21: =+BA21/655.957 -> #REF! | BD21: =O21*0.02 -> #REF! | BE21: =BD21/655.957 -> #REF! | BG21: =(D21/36)*10 -> #REF! | BH21: =BG21/655.957 -> #REF! | BJ21: =SUM(O21,Z21,AA21,AC21,AJ21,AK21,AL21,AM21,AN21,AO21,AT21,BA21,BD21,BG21) -> #REF! | BK21: =BJ21/655.957 -> #REF! | BM21: =BJ21*12 -> #REF! | BN21: =BM21/655.957 -> #REF!
A22: OUBOUKOULOU - LEHOT Carmella Guevelle | B22: =#REF! -> #REF! | D22: =#REF! -> #REF! | E22: =D22/655.957 -> #REF! | G22: 0 | H22: 0 | I22: 0 | J22: 0 | K22: 0 | M22: 0 | O22: =SUM(D22,G22:M22) -> #REF! | P22: =O22/655.957 -> #REF! | R22: =O22*4% -> #REF! | S22: =(O22-R22)*80% -> #REF! | T22: =24000/12 -> 2000 | U22: 27000 | W22: =8%*O22 -> #REF! | X22: =O22*10.03% -> #REF! | Y22: =O22*2.25% -> #REF! | Z22: =15000/12 -> 1250 | AA22: =O22*7.5% -> #REF! | AE22: =O22-R22-U22-T22 -> #REF! | AF22: =S22/655.957 -> #REF! | AH22: 2 | AJ22: =+#REF! -> #REF! | AK22: =#REF! -> #REF! | AL22: =#REF! -> #REF! | AQ22: =AE22+AJ22+AK22+AL22+AM22+AN22+AO22 -> #REF! | AR22: =+AQ22/655.957 -> #REF! | AT22: =(O22-R22-U22)/12 -> #REF! | AU22: =+AT22/655.957 -> #REF! | AV22: =(AT22/12)+AQ22 -> #REF! | AW22: =+AV22/655.957 -> #REF! | AY22: CDD | AZ22: 3 | BA22: =((D22*25%)*3)/12 -> #REF! | BB22: =+BA22/655.957 -> #REF! | BD22: =O22*0.02 -> #REF! | BE22: =BD22/655.957 -> #REF! | BG22: =(D22/36)*10 -> #REF! | BH22: =BG22/655.957 -> #REF! | BJ22: =SUM(O22,Z22,AA22,AC22,AJ22,AK22,AL22,AM22,AN22,AO22,AT22,BA22,BD22,BG22) -> #REF! | BK22: =BJ22/655.957 -> #REF! | BM22: =BJ22*12 -> #REF! | BN22: =BM22/655.957 -> #REF!
A23: BIKOUYA Giglah Helburge | B23: =#REF! -> #REF! | D23: =#REF! -> #REF! | E23: =D23/655.957 -> #REF! | G23: 0 | H23: 0 | I23: 0 | J23: 0 | K23: 0 | L23: 10000 | M23: 0 | O23: =SUM(D23,G23:M23) -> #REF! | P23: =O23/655.957 -> #REF! | R23: =O23*4% -> #REF! | S23: =(O23-R23)*80% -> #REF! | T23: =24000/12 -> 2000 | U23: 67250 | W23: =8%*O23 -> #REF! | X23: =O23*10.03% -> #REF! | Y23: =O23*2.25% -> #REF! | Z23: =15000/12 -> 1250 | AA23: =O23*7.5% -> #REF! | AE23: =O23-R23-U23-T23 -> #REF! | AF23: =S23/655.957 -> #REF! | AH23: 2.5 | AJ23: =+#REF! -> #REF! | AK23: =+#REF! -> #REF! | AL23: =+#REF! -> #REF! | AQ23: =AE23+AJ23+AK23+AL23+AM23+AN23+AO23 -> #REF! | AR23: =+AQ23/655.957 -> #REF! | AT23: =(O23-R23-U23)/12 -> #REF! | AU23: =+AT23/655.957 -> #REF! | AV23: =(AT23/12)+AQ23 -> #REF! | AW23: =+AV23/655.957 -> #REF! | AY23: CDD | AZ23: 3 | BA23: =((D23*25%)*3)/12 -> #REF! | BB23: =+BA23/655.957 -> #REF! | BD23: =O23*0.02 -> #REF! | BE23: =BD23/655.957 -> #REF! | BG23: =(D23/36)*10 -> #REF! | BH23: =BG23/655.957 -> #REF! | BJ23: =SUM(O23,Z23,AA23,AC23,AJ23,AK23,AL23,AM23,AN23,AO23,AT23,BA23,BD23,BG23) -> #REF! | BK23: =BJ23/655.957 -> #REF! | BM23: =BJ23*12 -> #REF! | BN23: =BM23/655.957 -> #REF!
A24: MALEKA BADINGA Amour Ferande | B24: =#REF! -> #REF! | D24: =#REF! -> #REF! | E24: =D24/655.957 -> #REF! | G24: 0 | H24: 0 | I24: 0 | J24: 0 | K24: 0 | L24: =+#REF! -> #REF! | M24: 0 | O24: =SUM(D24,G24:M24) -> #REF! | P24: =O24/655.957 -> #REF! | R24: =O24*4% -> #REF! | S24: =(O24-R24)*80% -> #REF! | T24: =24000/12 -> 2000 | U24: 335 | W24: =8%*O24 -> #REF! | X24: =O24*10.03% -> #REF! | Y24: =O24*2.25% -> #REF! | Z24: =15000/12 -> 1250 | AA24: =O24*7.5% -> #REF! | AE24: =O24-R24-U24-T24 -> #REF! | AF24: =S24/655.957 -> #REF! | AH24: 2.5 | AJ24: =+#REF! -> #REF! | AK24: =#REF! -> #REF! | AL24: =#REF! -> #REF! | AQ24: =AE24+AJ24+AK24+AL24+AM24+AN24+AO24 -> #REF! | AR24: =+AQ24/655.957 -> #REF! | AT24: =(O24-R24-U24)/12 -> #REF! | AU24: =+AT24/655.957 -> #REF! | AV24: =(AT24/12)+AQ24 -> #REF! | AW24: =+AV24/655.957 -> #REF! | AY24: CDD | BA24: =(AV24*3)*20% -> #REF! | BB24: 1 | BD24: =O24*0.02 -> #REF! | BE24: =BD24/655.957 -> #REF! | BJ24: =SUM(O24,Z24,AA24,AC24,AJ24,AK24,AL24,AM24,AN24,AO24,AT24,BA24,BD24) -> #REF! | BK24: =BJ24/655.957 -> #REF! | BM24: =BJ24*12 -> #REF! | BN24: =BM24/655.957 -> #REF!
BD25: =SUM(BD8:BD24)*12 -> #REF! | BE25: =BD25/655.957 -> #REF!
A26: II. Personnel expatrié
A28: AIHOU Roger | B28: ='[4]Par filière métier'!A8 -> Responsable opérationnel confirmé | D28: 780000 | E28: =D28/655.957 -> 1189.1023 | O28: =SUM(D28,G28:M28) -> 780000 | P28: =O28/655.957 -> 1189.1023 | R28: =O28*4% -> 31200 | U28: 109250 | W28: =8%*O28 -> 62400 | X28: =O28*10.03% -> 78234 | Y28: =O28*12.28% -> 95784 | Z28: =15000/12 -> 1250 | AA28: =O28*7.5% -> 58500 | AE28: =O28-R28-U28 -> 639550 | AF28: =AE28/655.957 -> 974.98769 | AH28: 3.5 | AM28: 670000 | AQ28: =SUM(AE28,AJ28,AK28,AL28,AM28,AN28,AO28) -> 1309550 | AR28: =+AQ28/655.957 -> 1996.3961 | AT28: =AQ28*1.0833333 -> 1418679.1 | AU28: =+AT28/655.957 -> 2162.7624 | AV28: =(AT28/12)+AQ28 -> 1427773.3 | AW28: =+AV28/655.957 -> 2176.6263 | AY28: CDD | AZ28: 48 | BA28: =D28*35%*AZ28/12 -> 1092000 | BB28: =+BA28/655.957 -> 1664.7433 | BD28: =170799/12 -> 14233.25 | BJ28: =SUM(O28,Z28,AA28,AC28,AJ28,AK28,AL28,AM28,AN28,AO28,AT28,BA28,BD28) -> 4034662.4 | BK28: =BJ28/655.957 -> 6150.8031 | BM28: =BJ28*12 -> 48415948 | BN28: =BM28/655.957 -> 73809.638
A30: Total masse salariale mensuelle | BJ30: =SUM(BJ8:BJ23,BJ28) -> #REF! | BK30: =SUM(BK8:BK23,BK28) -> #REF! | BM30: =SUM(BM8:BM23,BM28) -> #REF! | BN30: =SUM(BN8:BN23,BN28) -> #REF!

Sheet Coûts salariaux
A2: Coûts salariaux Gret CG
AC3: Prise en charge sur projets
A4: Noms et Prénoms | B4: Classification | C4: Salaire brut | D4: Retenue CNSS | F4: Base | G4: Retenue | H4: nb de parts | I4: Primes | M4: Net à payer mensuel | N4: Net à payer mensuel en euros | O4: Net à payer avec 13e | Q4: Employeur | R4: Visite médicale (coût annuel) | S4: Charge totale | U4: Charge totale par mois 13e mois inclus | W4: type de contrat | X4: durée (mois) | Y4: Prime de fin de contrat | AA4: Charge totale (€) par mois 13e mois inclus et prime de fin de contrat | AC4: Promaiss | AE4: Micab II | AH4: Budget total sur durée initiale du projet | AI4: Budget total sur durée du contrat de travail | AJ4: solde (= marge d'évolution) | AL4: Commentaires
D5: Employé | E5: Employeur | F5: Imposable | G5: IRPP | I5: Transport | J5: Pharmacie | K5: Panier | L5: Représentation | O5: F Cfa | P5: € | Q5: TUS | S5: (F Cfa) | T5: (€) | U5: (F Cfa) | V5: (€) | Y5: F CFA | Z5: en Euros | AC5: budget | AD5: solde | AE5: budget | AF5: solde
A6: GANDZOUNOU M. Reiye | B6: Cadre supérieur | C6: =#REF! -> #REF! | D6: =C6*4% -> #REF! | E6: =C6*20.28% -> #REF! | F6: =(C6-D6)*80% -> #REF! | G6: 99533 | H6: 6.5 | I6: 40000 | J6: 85000 | K6: 10000 | L6: 40000 | M6: =C6+I6+J6+K6+L6-D6-G6 -> #REF! | N6: =+M6/655.957 -> #REF! | O6: =+M6*1.08333333333333 -> #REF! | P6: =+O6/655.957 -> #REF! | Q6: =C6*7.5% -> #REF! | R6: 10000 | S6: =Q6+L6+J6+I6+E6+C6+R6/13 -> #REF! | T6: =S6/655.957 -> #REF! | U6: =+S6*1.08333333333333 -> #REF! | V6: =U6/655.957 -> #REF! | W6: CDI | AE6: 1950 | AF6: =AE6-V6 -> #REF! | AH6: =AE6*36 -> 70200 | AI6: =AE6*36 -> 70200 | AJ6: =AH6-AI6 -> 0
A7: MANTE Mylla Elyte | B7: Agent d'encadrement | C7: =+'[5]Positions salariés nouv grille'!E30 -> 500000 | D7: =C7*4% -> 20000 | E7: =C7*20.28% -> 101400 | F7: =(C7-D7)*80% -> 384000 | G7: 72033 | H7: 3.5 | I7: 40000 | J7: 75000 | K7: 10000 | M7: =C7+I7+J7+K7+L7-D7-G7 -> 532967 | N7: =+M7/655.957 -> 812.50295 | O7: =+M7*1.08333333333333 -> 577380.92 | P7: =+O7/655.957 -> 880.21153 | Q7: =C7*7.5% -> 37500 | R7: 10000 | S7: =Q7+L7+J7+I7+E7+C7+R7/13 -> 754669.23 | T7: =S7/655.957 -> 1150.4858 | U7: =+S7*1.08333333333333 -> 817558.33 | V7: =U7/655.957 -> 1246.3596 | W7: CDI | AC7: 1200 | AD7: =+AC7-V7 -> -46.359645 | AH7: =AC7*30 -> 36000 | AI7: =AC7*30 -> 36000 | AJ7: =AH7-AI7 -> 0
A8: MILANDOU Pascal | B8: Agent de maîtrise | C8: =+'[5]Positions salariés nouv grille'!F30 -> 335000 | D8: =C8*4% -> 13400 | E8: =C8*20.28% -> 67938 | F8: =(C8-D8)*80% -> 257280 | G8: 34033 | H8: 4.5 | I8: 40000 | J8: 65000 | K8: 10000 | M8: =C8+I8+J8+K8+L8-D8-G8 -> 402567 | N8: =+M8/655.957 -> 613.70944 | O8: =+M8*1.08333333333333 -> 436114.25 | P8: =+O8/655.957 -> 664.85189 | Q8: =C8*7.5% -> 25125 | R8: 10000 | S8: =Q8+L8+J8+I8+E8+C8+R8/13 -> 533832.23 | T8: =S8/655.957 -> 813.82199 | U8: =+S8*1.08333333333333 -> 578318.25 | V8: =U8/655.957 -> 881.64049 | W8: CDI | AE8: 900 | AF8: =AE8-V8 -> 18.359511 | AH8: =AE8*36 -> 32400 | AI8: =AE8*36 -> 32400 | AJ8: =AH8-AI8 -> 0
A9: SOLO Guy Bertin | B9: Agent technique | C9: =+'[5]Positions salariés nouv grille'!H30 -> 170000 | D9: =C9*4% -> 6800 | E9: =C9*20.28% -> 34476 | F9: =(C9-D9)*80% -> 130560 | G9: 9087 | H9: 4.5 | I9: 40000 | J9: 65000 | K9: 10000 | M9: =C9+I9+J9+K9+L9-D9-G9 -> 269113 | N9: =+M9/655.957 -> 410.26012 | O9: =+M9*1.08333333333333 -> 291539.08 | P9: =+O9/655.957 -> 444.44847 | Q9: =C9*7.5% -> 12750 | R9: 10000 | S9: =Q9+L9+J9+I9+E9+C9+R9/13 -> 322995.23 | T9: =S9/655.957 -> 492.40306 | U9: =+S9*1.08333333333333 -> 349911.5 | V9: =U9/655.957 -> 533.43664 | W9: CDD | X9: 26 | Y9: =F9*35%*X9/12 -> 99008 | Z9: =+Y9/655.957 -> 150.93672 | AA9: =+V9+Z9/X9 -> 539.2419 | AC9: 900 | AD9: =+AC9-AA9 -> 360.7581 | AH9: =AC9*30 -> 27000 | AI9: =AC9*26 -> 23400 | AJ9: =AH9-AI9 -> 3600
A10: Employé mini | B10: Agent d'exécution | C10: ='[5]Positions salariés nouv grille'!I30 -> 30000 | D10: =C10*4% -> 1200 | E10: =C10*20.28% -> 6084 | F10: =(C10-D10)*80% -> 23040 | G10: 9087 | H10: 3 | I10: 40000 | J10: 55000 | K10: 10000 | M10: =C10+I10+J10+K10+L10-D10-G10 -> 124713 | N10: =+M10/655.957 -> 190.12374 | O10: =+M10*1.08333333333333 -> 135105.75 | P10: =+O10/655.957 -> 205.96739 | Q10: =C10*7.5% -> 2250 | R10: 10000 | S10: =Q10+L10+J10+I10+E10+C10+R10/13 -> 134103.23 | T10: =S10/655.957 -> 204.43906 | U10: =+S10*1.08333333333333 -> 145278.5 | V10: =U10/655.957 -> 221.47565 | Y10: =F10*35%*X10/12 -> 0 | Z10: =+Y10/655.957 -> 0 | AA10: =+V10+Z10/X10 -> #DIV/0! | AJ10: =AH10-AI10 -> 0
A11: Employé maxi | B11: Agent d'exécution | C11: =+'[5]Positions salariés nouv grille'!J30 -> 140000 | D11: =C11*4% -> 5600 | E11: =C11*20.28% -> 28392 | F11: =(C11-D11)*80% -> 107520 | G11: 9087 | H11: 5 - 5,5 | I11: 40000 | J11: 75000 | K11: 10000 | M11: =C11+I11+J11+K11+L11-D11-G11 -> 250313 | N11: =+M11/655.957 -> 381.59971 | O11: =+M11*1.08333333333333 -> 271172.42 | P11: =+O11/655.957 -> 413.39968 | Q11: =C11*7.5% -> 10500 | R11: 10000 | S11: =Q11+L11+J11+I11+E11+C11+R11/13 -> 294661.23 | T11: =S11/655.957 -> 449.20815 | U11: =+S11*1.08333333333333 -> 319216.33 | V11: =U11/655.957 -> 486.64216 | Y11: =F11*35%*X11/12 -> 0 | Z11: =+Y11/655.957 -> 0 | AA11: =+V11+Z11/X11 -> #DIV/0! | AJ11: =AH11-AI11 -> 0
A12: Représentant (mini) | B12: Cadre supérieur | C12: =+'[5]Positions salariés nouv grille'!AC30 -> 650000 | D12: =C12*4% -> 26000 | E12: =C12*20.28% -> 131820 | F12: =(C12-D12)*80% -> 499200 | G12: 9087 | H12: 4 - 4,5 | I12: 40000 | J12: 65000 | K12: 10000 | M12: =C12+I12+J12+K12+L12-D12-G12 -> 729913 | N12: =+M12/655.957 -> 1112.7452 | O12: =+M12*1.08333333333333 -> 790739.08 | P12: =+O12/655.957 -> 1205.474 | Q12: =C12*7.5% -> 48750 | R12: 10000 | S12: =Q12+L12+J12+I12+E12+C12+R12/13 -> 936339.23 | T12: =S12/655.957 -> 1427.44 | U12: =+S12*1.08333333333333 -> 1014367.5 | V12: =U12/655.957 -> 1546.3933 | Y12: =F12*35%*X12/12 -> 0 | Z12: =+Y12/655.957 -> 0 | AA12: =+V12+Z12/X12 -> #DIV/0! | AJ12: =AH12-AI12 -> 0
A13: Chef de projet (mini) | B13: Resposnable opérationnel | C13: =+'[5]Positions salariés nouv grille'!S30 -> 300000 | D13: =C13*4% -> 12000 | E13: =C13*20.28% -> 60840 | F13: =(C13-D13)*80% -> 230400 | G13: 9087 | H13: 3 | I13: 40000 | J13: 55000 | K13: 10000 | M13: =C13+I13+J13+K13+L13-D13-G13 -> 383913 | N13: =+M13/655.957 -> 585.2716 | O13: =+M13*1.08333333333333 -> 415905.75 | P13: =+O13/655.957 -> 634.04423 | Q13: =C13*7.5% -> 22500 | R13: 10000 | S13: =Q13+L13+J13+I13+E13+C13+R13/13 -> 479109.23 | T13: =S13/655.957 -> 730.39731 | U13: =+S13*1.08333333333333 -> 519035 | V13: =U13/655.957 -> 791.26376 | Y13: =F13*35%*X13/12 -> 0 | Z13: =+Y13/655.957 -> 0 | AA13: =+V13+Z13/X13 -> #DIV/0! | AJ13: =AH13-AI13 -> 0
A14: Chef de projet (maxi) | B14: Resposnable opérationnel | C14: =+'[5]Positions salariés nouv grille'!T30 -> 500000 | D14: =C14*4% -> 20000 | E14: =C14*20.28% -> 101400 | F14: =(C14-D14)*80% -> 384000 | G14: 9087 | H14: 5 - 5,5 | I14: 40000 | J14: 75000 | K14: 10000 | M14: =C14+I14+J14+K14+L14-D14-G14 -> 595913 | N14: =+M14/655.957 -> 908.46351 | O14: =+M14*1.08333333333333 -> 645572.42 | P14: =+O14/655.957 -> 984.1688 | Q14: =C14*7.5% -> 37500 | R14: 10000 | S14: =Q14+L14+J14+I14+E14+C14+R14/13 -> 754669.23 | T14: =S14/655.957 -> 1150.4858 | U14: =+S14*1.08333333333333 -> 817558.33 | V14: =U14/655.957 -> 1246.3596 | Y14: =F14*35%*X14/12 -> 0 | Z14: =+Y14/655.957 -> 0 | AA14: =+V14+Z14/X14 -> #DIV/0! | AJ14: =AH14-AI14 -> 0
A15: KOUBEMBA Eddy Séraphin | B15: Agent technique | C15: 220000 | D15: =C15*4% -> 8800 | E15: =C15*20.28% -> 44616 | F15: =(C15-D15)*80% -> 168960 | G15: 17183 | H15: 3 | I15: 40000 | J15: 60000 | K15: 10000 | M15: =C15+I15+J15+K15+L15-D15-G15 -> 304017 | N15: =+M15/655.957 -> 463.47093 | O15: =+M15*1.08333333333333 -> 329351.75 | P15: =+O15/655.957 -> 502.09351 | Q15: =C15*7.5% -> 16500 | R15: 10000 | S15: =Q15+L15+J15+I15+E15+C15+R15/13 -> 381885.23 | T15: =S15/655.957 -> 582.18028 | U15: =+S15*1.08333333333333 -> 413709 | V15: =U15/655.957 -> 630.6953 | W15: CDD | X15: 7 | Y15: =F15*35%*X15/12 -> 34496 | Z15: =+Y15/655.957 -> 52.588813 | AA15: =+V15+Z15/X15 -> 638.20799 | AE15: 705 | AF15: =+AE15-V15 -> 74.304695 | AH15: =AE15*36 -> 25380 | AI15: =AE15*33 -> 23265 | AJ15: =AH15-AI15 -> 2115
A16: Responsable de volet (mini) | B16: Responsable opérationnel | C16: =+'[5]Positions salariés nouv grille'!U30 -> 300000 | D16: =C16*4% -> 12000 | E16: =C16*20.28% -> 60840 | F16: =(C16-D16)*80% -> 230400 | G16: 25200 | H16: 3 | I16: 40000 | J16: 55000 | K16: 10000 | M16: =C16+I16+J16+K16+L16-D16-G16 -> 367800 | N16: =+M16/655.957 -> 560.70749 | O16: =+M16*1.08333333333333 -> 398450 | P16: =+O16/655.957 -> 607.43311 | Q16: =C16*7.5% -> 22500 | R16: 10000 | S16: =Q16+L16+J16+I16+E16+C16+R16/13 -> 479109.23 | T16: =S16/655.957 -> 730.39731 | U16: =+S16*1.08333333333333 -> 519035 | V16: =U16/655.957 -> 791.26376 | W16: CDD | X16: 33 | Y16: =F16*35%*X16/12 -> 221760 | Z16: =+Y16/655.957 -> 338.07094 | AA16: =+V16+Z16/X16 -> 801.50833 | AE16: 950 | AF16: =+AE16-V16 -> 158.73624 | AH16: =AE16*34 -> 32300 | AI16: =AE16*33 -> 31350 | AJ16: =AH16-AI16 -> 950
A17: Responsable de volet (maxi) | B17: Responsable opérationnel | C17: =+'[5]Positions salariés nouv grille'!V30 -> 500000 | D17: =C17*4% -> 20000 | E17: =C17*20.28% -> 101400 | F17: =(C17-D17)*80% -> 384000 | G17: 31000 | H17: 5 - 5,5 | I17: 40000 | J17: 75000 | K17: 10000 | M17: =C17+I17+J17+K17+L17-D17-G17 -> 574000 | N17: =+M17/655.957 -> 875.05736 | O17: =+M17*1.08333333333333 -> 621833.33 | P17: =+O17/655.957 -> 947.97881 | Q17: =C17*7.5% -> 37500 | R17: 10000 | S17: =Q17+L17+J17+I17+E17+C17+R17/13 -> 754669.23 | T17: =S17/655.957 -> 1150.4858 | U17: =+S17*1.08333333333333 -> 817558.33 | V17: =U17/655.957 -> 1246.3596 | W17: CDD | X17: 33 | Y17: =F17*35%*X17/12 -> 369600 | Z17: =+Y17/655.957 -> 563.45157 | AA17: =+V17+Z17/X17 -> 1263.4339 | AE17: 950 | AF17: =+AE17-V17 -> -296.35964 | AH17: =AE17*34 -> 32300 | AI17: =AE17*33 -> 31350 | AJ17: =AH17-AI17 -> 950
A18: Comptable (mini) | B18: Assistant administratif | C18: =+'[5]Positions salariés nouv grille'!O30 -> 155000 | D18: =C18*4% -> 6200 | E18: =C18*20.28% -> 31434 | F18: =(C18-D18)*80% -> 119040 | G18: 8500 | H18: 3 | I18: 40000 | J18: 55000 | K18: 10000 | M18: =C18+I18+J18+K18+L18-D18-G18 -> 245300 | N18: =+M18/655.957 -> 373.95744 | O18: =+M18*1.08333333333333 -> 265741.67 | P18: =+O18/655.957 -> 405.12056 | Q18: =C18*7.5% -> 11625 | R18: 10000 | S18: =Q18+L18+J18+I18+E18+C18+R18/13 -> 293828.23 | T18: =S18/655.957 -> 447.93825 | U18: =+S18*1.08333333333333 -> 318313.92 | V18: =U18/655.957 -> 485.26644 | AE18: 500 | AF18: =+AE18-V18 -> 14.733562 | AJ18: =AH18-AI18 -> 0
A19: Comptable (maxi) | B19: Assistant administratif | C19: =+'[5]Positions salariés nouv grille'!P30 -> 350000 | D19: =C19*4% -> 14000 | E19: =C19*20.28% -> 70980 | F19: =(C19-D19)*80% -> 268800 | G19: 14000 | H19: 5 - 5,5 | I19: 40000 | J19: 75000 | K19: 10000 | M19: =C19+I19+J19+K19+L19-D19-G19 -> 447000 | N19: =+M19/655.957 -> 681.44711 | O19: =+M19*1.08333333333333 -> 484250 | P19: =+O19/655.957 -> 738.23437 | Q19: =C19*7.5% -> 26250 | R19: 10000 | S19: =Q19+L19+J19+I19+E19+C19+R19/13 -> 562999.23 | T19: =S19/655.957 -> 858.28679 | U19: =+S19*1.08333333333333 -> 609915.83 | V19: =U19/655.957 -> 929.81069 | AE19: 500 | AF19: =+AE19-V19 -> -429.81069 | AJ19: =AH19-AI19 -> 0
A20: Raf (mini) | B20: Responsable administratif | C20: =+'[5]Positions salariés nouv grille'!AA30 -> 560000 | D20: =C20*4% -> 22400 | E20: =C20*20.28% -> 113568 | F20: =(C20-D20)*80% -> 430080 | G20: 94325 | H20: 3 | I20: 40000 | J20: 55000 | K20: 10000 | M20: =C20+I20+J20+K20+L20-D20-G20 -> 548275 | N20: =+M20/655.957 -> 835.83985 | O20: =+M20*1.08333333333333 -> 593964.58 | P20: =+O20/655.957 -> 905.49317 | Q20: =C20*7.5% -> 42000 | R20: 10000 | S20: =Q20+L20+J20+I20+E20+C20+R20/13 -> 811337.23 | T20: =S20/655.957 -> 1236.8756 | U20: =+S20*1.08333333333333 -> 878948.67 | V20: =U20/655.957 -> 1339.9486 | AE20: 1500 | AF20: =+AE20-V20 -> 160.0514 | AJ20: =AH20-AI20 -> 0
A21: Raf (maxi) | B21: Responsable administratif | C21: =+'[5]Positions salariés nouv grille'!AB30 -> 780000 | D21: =C21*4% -> 31200 | E21: =C21*20.28% -> 158184 | F21: =(C21-D21)*80% -> 599040 | G21: 91000 | H21: 5 - 5,5 | I21: 40000 | J21: 75000 | K21: 10000 | M21: =C21+I21+J21+K21+L21-D21-G21 -> 782800 | N21: =+M21/655.957 -> 1193.3709 | O21: =+M21*1.08333333333333 -> 848033.33 | P21: =+O21/655.957 -> 1292.8185 | Q21: =C21*7.5% -> 58500 | R21: 10000 | S21: =Q21+L21+J21+I21+E21+C21+R21/13 -> 1112453.2 | T21: =S21/655.957 -> 1695.924 | U21: =+S21*1.08333333333333 -> 1205157.7 | V21: =U21/655.957 -> 1837.251 | AE21: 1500 | AF21: =+AE21-V21 -> -337.25102 | AJ21: =AH21-AI21 -> 0
A22: Animateur (mini) | B22: Agent technique | C22: ='[5]Positions salariés nouv grille'!M30 -> 140000 | D22: =C22*4% -> 5600 | E22: =C22*20.28% -> 28392 | F22: =(C22-D22)*80% -> 107520 | G22: 9000 | H22: 3 | I22: 40000 | J22: 55000 | K22: 10000 | M22: =C22+I22+J22+K22+L22-D22-G22 -> 230400 | N22: =+M22/655.957 -> 351.24254 | O22: =+M22*1.08333333333333 -> 249600 | P22: =+O22/655.957 -> 380.51275 | Q22: =C22*7.5% -> 10500 | R22: 10000 | S22: =Q22+L22+J22+I22+E22+C22+R22/13 -> 274661.23 | T22: =S22/655.957 -> 418.71835 | U22: =+S22*1.08333333333333 -> 297549.67 | V22: =U22/655.957 -> 453.61154 | W22: CDD | X22: 33 | Y22: =F22*35%*X22/12 -> 103488 | Z22: =+Y22/655.957 -> 157.76644 | AA22: =+V22+Z22/X22 -> 458.39234 | AE22: 720 | AF22: =+AE22-V22 -> 266.38846 | AH22: =AE22*34 -> 24480 | AI22: =AE22*33 -> 23760 | AJ22: =AH22-AI22 -> 720
A23: Animateur (maxi) | B23: Agent de maîtrise | C23: ='[5]Positions salariés nouv grille'!N30 -> 260000 | D23: =C23*4% -> 10400 | E23: =C23*20.28% -> 52728 | F23: =(C23-D23)*80% -> 199680 | G23: 20000 | H23: 5 - 5,5 | I23: 40000 | J23: 75000 | K23: 10000 | M23: =C23+I23+J23+K23+L23-D23-G23 -> 354600 | N23: =+M23/655.957 -> 540.58422 | O23: =+M23*1.08333333333333 -> 384150 | P23: =+O23/655.957 -> 585.6329 | Q23: =C23*7.5% -> 19500 | R23: 10000 | S23: =Q23+L23+J23+I23+E23+C23+R23/13 -> 447997.23 | T23: =S23/655.957 -> 682.96738 | U23: =+S23*1.08333333333333 -> 485330.33 | V23: =U23/655.957 -> 739.88132 | W23: CDD | X23: 33 | Y23: =F23*35%*X23/12 -> 192192 | Z23: =+Y23/655.957 -> 292.99482 | AA23: =+V23+Z23/X23 -> 748.75995 | AE23: 720 | AF23: =+AE23-V23 -> -19.881324 | AH23: =AE23*34 -> 24480 | AI23: =AE23*33 -> 23760 | AJ23: =AH23-AI23 -> 720
A24: Secrétaire (mini) | B24: Assistant administratif | C24: ='[5]Positions salariés nouv grille'!K30 -> 95000 | D24: =C24*4% -> 3800 | E24: =C24*20.28% -> 19266 | F24: =(C24-D24)*80% -> 72960 | G24: 2000 | H24: 3 | I24: 40000 | J24: 55000 | K24: 10000 | M24: =C24+I24+J24+K24+L24-D24-G24 -> 194200 | N24: =+M24/655.957 -> 296.05599 | O24: =+M24*1.08333333333333 -> 210383.33 | P24: =+O24/655.957 -> 320.72732 | Q24: =C24*7.5% -> 7125 | R24: 10000 | S24: =Q24+L24+J24+I24+E24+C24+R24/13 -> 217160.23 | T24: =S24/655.957 -> 331.05864 | U24: =+S24*1.08333333333333 -> 235256.92 | V24: =U24/655.957 -> 358.64686 | AE24: 500 | AF24: =+AE24-V24 -> 141.35314 | AJ24: =AH24-AI24 -> 0
A25: Secrétaire (maxi) | B25: Assistant administratif | C25: ='[5]Positions salariés nouv grille'!L30 -> 235000 | D25: =C25*4% -> 9400 | E25: =C25*20.28% -> 47658 | F25: =(C25-D25)*80% -> 180480 | G25: 9000 | H25: 5 - 5,5 | I25: 40000 | J25: 75000 | K25: 10000 | M25: =C25+I25+J25+K25+L25-D25-G25 -> 341600 | N25: =+M25/655.957 -> 520.76584 | O25: =+M25*1.08333333333333 -> 370066.67 | P25: =+O25/655.957 -> 564.163 | Q25: =C25*7.5% -> 17625 | R25: 10000 | S25: =Q25+L25+J25+I25+E25+C25+R25/13 -> 416052.23 | T25: =S25/655.957 -> 634.26754 | U25: =+S25*1.08333333333333 -> 450723.25 | V25: =U25/655.957 -> 687.12317 | AE25: 500 | AF25: =+AE25-V25 -> -187.12317 | AJ25: =AH25-AI25 -> 0
A26: Logisticien (mini) | B26: Assistant administratif | C26: ='[5]Positions salariés nouv grille'!Q30 -> 170000 | D26: =C26*4% -> 6800 | E26: =C26*20.28% -> 34476 | F26: =(C26-D26)*80% -> 130560 | G26: 2000 | H26: 3 | I26: 40000 | J26: 55000 | K26: 10000 | M26: =C26+I26+J26+K26+L26-D26-G26 -> 266200 | N26: =+M26/655.957 -> 405.81928 | O26: =+M26*1.08333333333333 -> 288383.33 | P26: =+O26/655.957 -> 439.63756 | Q26: =C26*7.5% -> 12750 | R26: 10000 | S26: =Q26+L26+J26+I26+E26+C26+R26/13 -> 312995.23 | T26: =S26/655.957 -> 477.15815 | U26: =+S26*1.08333333333333 -> 339078.17 | V26: =U26/655.957 -> 516.92133 | W26: CDD | X26: 33 | Y26: =F26*35%*X26/12 -> 125664 | Z26: =+Y26/655.957 -> 191.57353 | AA26: =+V26+Z26/X26 -> 522.72659 | AE26: 500 | AF26: =+AE26-V26 -> -16.921333 | AH26: =AE26*36 -> 18000 | AI26: =AE26*33 -> 16500 | AJ26: =AH26-AI26 -> 1500
A27: Lgisticien (maxi) | B27: Assistant administratif | C27: ='[5]Positions salariés nouv grille'!R30 -> 350000 | D27: =C27*4% -> 14000 | E27: =C27*20.28% -> 70980 | F27: =(C27-D27)*80% -> 268800 | G27: 9000 | H27: 5 - 5,5 | I27: 40000 | J27: 75000 | K27: 10000 | M27: =C27+I27+J27+K27+L27-D27-G27 -> 452000 | N27: =+M27/655.957 -> 689.06956 | O27: =+M27*1.08333333333333 -> 489666.67 | P27: =+O27/655.957 -> 746.49202 | Q27: =C27*7.5% -> 26250 | R27: 10000 | S27: =Q27+L27+J27+I27+E27+C27+R27/13 -> 562999.23 | T27: =S27/655.957 -> 858.28679 | U27: =+S27*1.08333333333333 -> 609915.83 | V27: =U27/655.957 -> 929.81069 | W27: CDD | X27: 33 | Y27: =F27*35%*X27/12 -> 258720 | Z27: =+Y27/655.957 -> 394.4161 | AA27: =+V27+Z27/X27 -> 941.7627 | AE27: 500 | AF27: =+AE27-V27 -> -429.81069 | AH27: =AE27*36 -> 18000 | AI27: =AE27*33 -> 16500 | AJ27: =AH27-AI27 -> 1500
A28: TOTAL GENERAL | C28: =SUM(C6:C27) -> #REF! | D28: =SUM(D6:D27) -> #REF! | E28: =SUM(E6:E27) -> #REF! | F28: =SUM(F6:F27) -> #REF! | G28: =SUM(G6:G27) -> 592329 | H28: =SUM(H6:H27) -> 46 | I28: =SUM(I6:I27) -> 880000 | J28: =SUM(J6:J27) -> 1455000 | ... AJ28: =SUM(AJ6:AJ27) -> 12055
O30: =+O23/655.957 -> 585.6329

Sheet économie
B1: solde au 31Decembre 2016 | C1: COMPENSATION | D1: coût mensuel | E1: échéance
B4: solde au 30 sept16 | C4: complément rémunération suite aux augmentations | D4: solde ligne après régularisation | E4: nouveau coût mensuel | F4: Coûts à terminaison du projet | G4: 13è mois 2017&2018 | H4: ind fin conrat ttc | I4: sal moyen | J4: durée | K4: 3.75 | L4: cnss employeur | M4: tus | N4: coût clôture projet | O4: écart
A5: TATY Huguette Franche | B5: 9508615.2 | C5: 51373.212 | D5: =B5-C5 -> 9457242 | E5: ='Recapitulatif Taxes'!#REF! -> #REF! | F5: =E5*24 -> #REF! | G5: 820534 | H5: =I5*35%*K4+L5+M5 -> 394575.02 | I5: 248176 | K5: =9/12 -> 0.75 | L5: =I5*20.24% -> 50230.822 | M5: =I5*7.5% -> 18613.2 | N5: =F5+G5+H5 -> #REF! | O5: =D5-N5 -> #REF!
A6: NSAKALA Serge Alain | B6: 8604041 | C6: 0 | D6: =B6-C6 -> 8604041 | E6: 397220 | F6: =E6*12 -> 4766640 | G6: 507365 | H6: =I6*35%*K4+L6+M6 -> 494656.05 | I6: 311124 | L6: =I6*20.24% -> 62971.498 | M6: =I6*7.5% -> 23334.3 | N6: =F6+G6+H6 -> 5768661 | O6: =D6-N6 -> 2835380
A7: LIBA NZAOU Georges | B7: 9946089.4 | C7: 84739.923 | D7: =B7-C7 -> 9861349.5 | E7: ='Recapitulatif Taxes'!#REF! -> #REF! | F7: =E7*24 -> #REF! | G7: 564179 | H7: =I7*35%*K4+L7+M7 -> 270753.61 | I7: 170296 | L7: =I7*20.24% -> 34467.91 | M7: =I7*7.5% -> 12772.2 | N7: =F7+G7+H7 -> #REF! | O7: =D7-N7 -> #REF!
A8: MBOUNGOU Edwige | B8: 9293992 | C8: 205309.04 | D8: =B8-C8 -> 9088683 | E8: ='Recapitulatif Taxes'!#REF! -> #REF! | F8: =E8*24 -> #REF! | G8: 1331238 | H8: =I8*35%*K4+L8+M8 -> 606799.64 | I8: 381659 | L8: =I8*20.24% -> 77247.782 | M8: =I8*7.5% -> 28624.425 | N8: =F8+G8+H8 -> #REF! | O8: =D8-N8 -> #REF!
A9: AMOUSSA S. Nadirathou A. | B9: 16873792 | C9: 95697.59 | D9: =B9-C9 -> 16778095 | E9: ='Recapitulatif Taxes'!#REF! -> #REF! | F9: =E9*24 -> #REF! | G9: 920890 | H9: =I9*35%*K4+L9+M9 -> 443046.3 | I9: 278663 | L9: =I9*20.24% -> 56401.391 | M9: =I9*7.5% -> 20899.725 | N9: =F9+G9+H9 -> #REF! | O9: =D9-N9 -> #REF!
A10: BINGOUA Marise | B10: 16873792 | C10: 63635.39 | D10: =B10-C10 -> 16810157 | E10: ='Recapitulatif Taxes'!#REF! -> #REF! | F10: =E10*24 -> #REF! | G10: 920890 | H10: =I10*35%*K4+L10+M10 -> 443046.3 | I10: 278663 | L10: =I10*20.24% -> 56401.391 | M10: =I10*7.5% -> 20899.725 | N10: =F10+G10+H10 -> #REF! | O10: =D10-N10 -> #REF!
A11: NZILA Otave | B11: 24645483 | C11: 245717.68 | D11: =B11-C11 -> 24399765 | E11: ='Recapitulatif Taxes'!#REF! -> #REF! | F11: =E11*24 -> #REF! | G11: 1331238 | H11: =I11*35%*K4+L11+M11 -> 641246.42 | I11: 403325 | L11: =I11*20.24% -> 81632.98 | M11: =I11*7.5% -> 30249.375 | N11: =F11+G11+H11 -> #REF! | O11: =D11-N11 -> #REF!
E14: =SUM(E5:E13) -> #REF!

Sheet Payroll
G1: Période: du 01/10 au 31/10/2023
BI2: =5000/26 -> 192.30769 | BJ2: =24*BI2 -> 4615.3846
B3: Noms et prénoms | C3: Matricule | D3: Classification | E3: Fonction | F3: Date d'entrée | G3: Situation matrimoniale | H3: Nbr d'enfants | I3: Nbr personne a charge | J3: type de contrat | K3: date de fin | L3: Temps de travail | N3: a. Salaire de base | Q3: Primes et indemnités fiscalisées | AI3: b. Salaire brut | AL3: Charges soc. Employé | AN3: Charges de l'employeur | AV3: Total charge employeur | AX3: c. Salaire net | BA3: nb parts | BC3: Impôts | BI3: Avantages | BS3: Acompte | BU3: d. Salaire net à payer | BX3: 13e mois | BZ3: Salaire net 13e mois inclus | CC3: Indemnité de fin de contrat | CF3: Provision formation (2%) | CJ3: f. Coût salarial global mensuel | CM3: f. Coût salarial global annuel
N4: F CFA | O4: € | Q4: Sursalaire | R4: Forfait Heure supplémentaires | S4: Logement | T4: Diplôme | U4: Langue | V4: Responsabilité | W4: Risque | X4: Astreinte | Y4: HS 6 premières heures 10% | Z4: HS à partir de la 7ème heure 25% | AA4: HS de nuit et h supp sur tps de repos et h sur jour férié 50% | AB4: Ancienneté | AC4: Prime de caisse | AD4: STC | AE4: Prime de chantier | AF4: 13e mois | AG4: Regularisation | AI4: XAF | AJ4: € | AL4: Cnss employé 4% | AN4: Cnss 8% | AO4: Cnss 12,28% | AP4: Cnss AT/MP 2,25% | AQ4: TUS IMPOT 4,5% | AR4: TUS CNSS 3% | AS4: RAS 10% | AT4: Assurance expatriation | AU4: Taxe régionale | AX4: XAF | AY4: € | BC4: base IRPP | BD4: Quotion familial | BE4: IRPP employé | BF4: CAMU 0,5% | BG4: TOL | BI4: Transport | BJ4: Représentation | BK4: Panier | BL4: Salissure | BM4: Volume Production | BN4: Prix FCFA | BO4: Indemnitéde Production | BP4: Indemnité de tenue | BQ4: Rep | BU4: XAF | BV4: € | BX4: XAF | BY4: € | BZ4: XAF | CA4: € | CC4: F CFA | CD4: € | CF4: F CFA | CG4: € | CJ4: (F CFA) | CK4: (€) | CM4: (F CFA) | CN4: (€)
A8: 1 | H8: 0 | I8: 0 | L8: 1 | O8: =N8/655.957 -> 0 | Y8: =((N8+AB8)*10%)*0 -> 0 | Z8: =((O8+AC8)*25%)*0 -> 0 | AA8: =((P8+AD8)*50%)*0 -> 0 | AI8: =SUM(N8,Q8:AG8)*L8 -> 0 | AJ8: =AI8/655.957 -> 0 | AL8: =IF(AI8>1200000,48000,AI8*0.04) -> 0 | AN8: =IF(AI8>1200000,96000,AI8*0.08) -> 0 | AO8: =IF(AI8>600000,600000*12.28%,AI8*12.28%) -> 0 | AP8: =IF(AI8>600000,600000*2.25%,AI8*2.25%)*0 -> 0 | AQ8: =AI8*4.5% -> 0 | AR8: =AI8*3% -> 0 | AS8: =AI8*10%*0 -> 0 | AV8: =SUM(AN8:AU8) -> 0 | AX8: =AI8-AL8 -> 0 | AY8: =BC8/655.957 -> 0 | BA8: 1 | BC8: =((AI8*12)-(AL8*12))*80% -> 0 | BD8: =BC8/BA8 -> 0 | BE8: =(IF(BD8<464000,BA8*0.01*BD8,IF(BD8<1000000,(4640+(BD8-464000)*0.1)*BA8,IF(BD8<3000000,(4640+53600+(BD8-1000000)*0.25)*BA8,(4640+53600+500000+(BD8-3000000)*0.4)*BA8))))/12 -> 0 | BF8: =((AI8-AL8)-500000)*0.5% -> -2500 | BO8: =BM8*BN8 -> 0 | BU8: =AX8-BE8+SUM(BI8:BQ8)-BS8-BG8 -> 0 | BV8: =+BU8/655.957 -> 0 | BX8: =(AI8-BI8-BJ8-BK8-BO8-BP8-BQ8)/12 -> 0 | BY8: =+BX8/655.957 -> 0 | BZ8: =(BX8/12)+BU8 -> 0 | CA8: =+BZ8/655.957 -> 0 | CC8: =((N8*13/12)*35%)/12 -> 0 | CD8: =+CC8/655.957 -> 0 | CF8: =AI8*0.02 -> 0 | CG8: =CF8/655.957 -> 0 | CJ8: =(AI8+AV8+CC8+CF8)*(13/12)+SUM(BI8:BQ8) -> 0 | CK8: =CJ8/655.957 -> 0 | CM8: =CJ8*12 -> 0 | CN8: =CM8/655.957 -> 0
A9: 2 | H9: 0 | I9: 0 | L9: 1 | O9: =N9/655.957 -> 0 | Y9: =((N9+AB9)*10%)*0 -> 0 | Z9: =((O9+AC9)*25%)*0 -> 0 | AA9: =((P9+AD9)*50%)*0 -> 0 | AI9: =SUM(N9,Q9:AG9)*L9 -> 0 | AJ9: =AI9/655.957 -> 0 | AL9: =IF(AI9>1200000,48000,AI9*0.04) -> 0 | AN9: =IF(AI9>1200000,96000,AI9*0.08) -> 0 | AO9: =IF(AI9>600000,600000*12.28%,AI9*12.28%) -> 0 | AP9: =IF(AI9>600000,600000*2.25%,AI9*2.25%)*0 -> 0 | AQ9: =AI9*4.5% -> 0 | AR9: =AI9*3% -> 0 | AS9: =AI9*10%*0 -> 0 | AV9: =SUM(AN9:AU9) -> 0 | AX9: =AI9-AL9 -> 0 | AY9: =BC9/655.957 -> 0 | BA9: 1 | BC9: =((AI9*12)-(AL9*12))*80% -> 0 | BD9: =BC9/BA9 -> 0 | BE9: =(IF(BD9<464000,BA9*0.01*BD9,IF(BD9<1000000,(4640+(BD9-464000)*0.1)*BA9,IF(BD9<3000000,(4640+53600+(BD9-1000000)*0.25)*BA9,(4640+53600+500000+(BD9-3000000)*0.4)*BA9))))/12 -> 0 | BF9: =((AI9-AL9)-500000)*0.5% -> -2500 | BO9: =BM9*BN9 -> 0 | BU9: =AX9-BE9+SUM(BI9:BQ9)-BS9-BG9 -> 0 | BV9: =+BU9/655.957 -> 0 | BX9: =(AI9-BI9-BJ9-BK9-BG245-BP9-BQ9)/12 -> 0 | BY9: =+BX9/655.957 -> 0 | BZ9: =(BX9/12)+BU9 -> 0 | CA9: =+BZ9/655.957 -> 0 | CC9: =((N9*13/12)*35%)/12 -> 0 | CD9: =+CC9/655.957 -> 0 | CF9: =AI9*0.02 -> 0 | CG9: =CF9/655.957 -> 0 | CJ9: =(AI9+AV9+CC9+CF9)*(13/12)+SUM(BI9:BQ9) -> 0 | CK9: =CJ9/655.957 -> 0 | CM9: =CJ9*12 -> 0 | CN9: =CM9/655.957 -> 0
A10: 3 | H10: 0 | I10: 0 | L10: 1 | M10: 84343 | O10: =N10/655.957 -> 0 | Y10: =((N10+AB10)*10%)*0 -> 0 | Z10: =((O10+AC10)*25%)*0 -> 0 | AA10: =((P10+AD10)*50%)*0 -> 0 | AI10: =SUM(N10,Q10:AG10)*L10 -> 0 | AJ10: =AI10/655.957 -> 0 | AL10: =IF(AI10>1200000,48000,AI10*0.04) -> 0 | AN10: =IF(AI10>1200000,96000,AI10*0.08) -> 0 | AO10: =IF(AI10>600000,600000*12.28%,AI10*12.28%) -> 0 | AP10: =IF(AI10>600000,600000*2.25%,AI10*2.25%)*0 -> 0 | AQ10: =AI10*4.5% -> 0 | AR10: =AI10*3% -> 0 | AS10: =AI10*10%*0 -> 0 | AV10: =SUM(AN10:AU10) -> 0 | AX10: =AI10-AL10 -> 0 | AY10: =BC10/655.957 -> 0 | BA10: 1 | BC10: =((AI10*12)-(AL10*12))*80% -> 0 | BD10: =BC10/BA10 -> 0 | BE10: =(IF(BD10<464000,BA10*0.01*BD10,IF(BD10<1000000,(4640+(BD10-464000)*0.1)*BA10,IF(BD10<3000000,(4640+53600+(BD10-1000000)*0.25)*BA10,(4640+53600+500000+(BD10-3000000)*0.4)*BA10))))/12 -> 0 | BF10: =((AI10-AL10)-500000)*0.5% -> -2500 | BO10: =BM10*BN10 -> 0 | BU10: =AX10-BE10+SUM(BI10:BQ10)-BS10-BG10 -> 0 | BV10: =+BU10/655.957 -> 0 | BX10: =(AI10-BI10-BJ10-BK10-BG240-BP10-BQ10)/12 -> 0 | BY10: =+BX10/655.957 -> 0 | BZ10: =(BX10/12)+BU10 -> 0 | CA10: =+BZ10/655.957 -> 0 | CC10: =((N10*13/12)*35%)/12 -> 0 | CD10: =+CC10/655.957 -> 0 | CF10: =AI10*0.02 -> 0 | CG10: =CF10/655.957 -> 0 | CJ10: =(AI10+AV10+CC10+CF10)*(13/12)+SUM(BI10:BQ10) -> 0 | CK10: =CJ10/655.957 -> 0 | CM10: =CJ10*12 -> 0 | CN10: =CM10/655.957 -> 0
A11: 4 | H11: 0 | I11: 0 | L11: 1 | M11: 84343 | O11: =N11/655.957 -> 0 | Y11: =((N11+AB11)*10%)*0 -> 0 | Z11: =((O11+AC11)*25%)*0 -> 0 | AA11: =((P11+AD11)*50%)*0 -> 0 | AI11: =SUM(N11,Q11:AG11)*L11 -> 0 | AJ11: =AI11/655.957 -> 0 | AL11: =IF(AI11>1200000,48000,AI11*0.04) -> 0 | AN11: =IF(AI11>1200000,96000,AI11*0.08) -> 0 | AO11: =IF(AI11>600000,600000*12.28%,AI11*12.28%) -> 0 | AP11: =IF(AI11>600000,600000*2.25%,AI11*2.25%)*0 -> 0 | AQ11: =AI11*4.5% -> 0 | AR11: =AI11*3% -> 0 | AS11: =AI11*10%*0 -> 0 | AV11: =SUM(AN11:AU11) -> 0 | AX11: =AI11-AL11 -> 0 | AY11: =BC11/655.957 -> 0 | BA11: 1 | BC11: =((AI11*12)-(AL11*12))*80% -> 0 | BD11: =BC11/BA11 -> 0 | BE11: =(IF(BD11<464000,BA11*0.01*BD11,IF(BD11<1000000,(4640+(BD11-464000)*0.1)*BA11,IF(BD11<3000000,(4640+53600+(BD11-1000000)*0.25)*BA11,(4640+53600+500000+(BD11-3000000)*0.4)*BA11))))/12 -> 0 | BF11: =((AI11-AL11)-500000)*0.5% -> -2500 | BO11: =BM11*BN11 -> 0 | BU11: =AX11-BE11+SUM(BI11:BQ11)-BS11-BG11 -> 0 | BV11: =+BU11/655.957 -> 0 | BX11: =(AI11-BI11-BJ11-BK11-BG241-BP11-BQ11)/12 -> 0 | BY11: =+BX11/655.957 -> 0 | BZ11: =(BX11/12)+BU11 -> 0 | CA11: =+BZ11/655.957 -> 0 | CC11: =((N11*13/12)*35%)/12 -> 0 | CD11: =+CC11/655.957 -> 0 | CF11: =AI11*0.02 -> 0 | CG11: =CF11/655.957 -> 0 | CJ11: =(AI11+AV11+CC11+CF11)*(13/12)+SUM(BI11:BQ11) -> 0 | CK11: =CJ11/655.957 -> 0 | CM11: =CJ11*12 -> 0 | CN11: =CM11/655.957 -> 0
A12: 5 | H12: 0 | I12: 0 | L12: 1 | M12: 84343 | O12: =N12/655.957 -> 0 | Y12: =((N12+AB12)*10%)*0 -> 0 | Z12: =((O12+AC12)*25%)*0 -> 0 | AA12: =((P12+AD12)*50%)*0 -> 0 | AI12: =SUM(N12,Q12:AG12)*L12 -> 0 | AJ12: =AI12/655.957 -> 0 | AL12: =IF(AI12>1200000,48000,AI12*0.04) -> 0 | AN12: =IF(AI12>1200000,96000,AI12*0.08) -> 0 | AO12: =IF(AI12>600000,600000*12.28%,AI12*12.28%) -> 0 | AP12: =IF(AI12>600000,600000*2.25%,AI12*2.25%)*0 -> 0 | AQ12: =AI12*4.5% -> 0 | AR12: =AI12*3% -> 0 | AS12: =AI12*10%*0 -> 0 | AV12: =SUM(AN12:AU12) -> 0 | AX12: =AI12-AL12 -> 0 | AY12: =BC12/655.957 -> 0 | BA12: 1 | BC12: =((AI12*12)-(AL12*12))*80% -> 0 | BD12: =BC12/BA12 -> 0 | BE12: =(IF(BD12<464000,BA12*0.01*BD12,IF(BD12<1000000,(4640+(BD12-464000)*0.1)*BA12,IF(BD12<3000000,(4640+53600+(BD12-1000000)*0.25)*BA12,(4640+53600+500000+(BD12-3000000)*0.4)*BA12))))/12 -> 0 | BF12: =((AI12-AL12)-500000)*0.5% -> -2500 | BO12: =BM12*BN12 -> 0 | BU12: =AX12-BE12+SUM(BI12:BQ12)-BS12-BG12 -> 0 | BV12: =+BU12/655.957 -> 0 | BX12: =(AI12-BI12-BJ12-BK12-BG242-BP12-BQ12)/12 -> 0 | BY12: =+BX12/655.957 -> 0 | BZ12: =(BX12/12)+BU12 -> 0 | CA12: =+BZ12/655.957 -> 0 | CC12: =((N12*13/12)*35%)/12 -> 0 | CD12: =+CC12/655.957 -> 0 | CF12: =AI12*0.02 -> 0 | CG12: =CF12/655.957 -> 0 | CJ12: =(AI12+AV12+CC12+CF12)*(13/12)+SUM(BI12:BQ12) -> 0 | CK12: =CJ12/655.957 -> 0 | CM12: =CJ12*12 -> 0 | CN12: =CM12/655.957 -> 0
A13: 6 | H13: 0 | I13: 0 | L13: 1 | M13: 84343 | O13: =N13/655.957 -> 0 | Y13: =((N13+AB13)*10%)*0 -> 0 | Z13: =((O13+AC13)*25%)*0 -> 0 | AA13: =((P13+AD13)*50%)*0 -> 0 | AI13: =SUM(N13,Q13:AG13)*L13 -> 0 | AJ13: =AI13/655.957 -> 0 | AL13: =IF(AI13>1200000,48000,AI13*0.04) -> 0 | AN13: =IF(AI13>1200000,96000,AI13*0.08) -> 0 | AO13: =IF(AI13>600000,600000*12.28%,AI13*12.28%) -> 0 | AP13: =IF(AI13>600000,600000*2.25%,AI13*2.25%)*0 -> 0 | AQ13: =AI13*4.5% -> 0 | AR13: =AI13*3% -> 0 | AS13: =AI13*10%*0 -> 0 | AV13: =SUM(AN13:AU13) -> 0 | AX13: =AI13-AL13 -> 0 | AY13: =BC13/655.957 -> 0 | BA13: 1 | BC13: =((AI13*12)-(AL13*12))*80% -> 0 | BD13: =BC13/BA13 -> 0 | BE13: =(IF(BD13<464000,BA13*0.01*BD13,IF(BD13<1000000,(4640+(BD13-464000)*0.1)*BA13,IF(BD13<3000000,(4640+53600+(BD13-1000000)*0.25)*BA13,(4640+53600+500000+(BD13-3000000)*0.4)*BA13))))/12 -> 0 | BF13: =((AI13-AL13)-500000)*0.5% -> -2500 | BO13: =BM13*BN13 -> 0 | BU13: =AX13-BE13+SUM(BI13:BQ13)-BS13-BG13 -> 0 | BV13: =+BU13/655.957 -> 0 | BX13: =(AI13-BI13-BJ13-BK13-BG243-BP13-BQ13)/12 -> 0 | BY13: =+BX13/655.957 -> 0 | BZ13: =(BX13/12)+BU13 -> 0 | CA13: =+BZ13/655.957 -> 0 | CC13: =((N13*13/12)*35%)/12 -> 0 | CD13: =+CC13/655.957 -> 0 | CF13: =AI13*0.02 -> 0 | CG13: =CF13/655.957 -> 0 | CJ13: =(AI13+AV13+CC13+CF13)*(13/12)+SUM(BI13:BQ13) -> 0 | CK13: =CJ13/655.957 -> 0 | CM13: =CJ13*12 -> 0 | CN13: =CM13/655.957 -> 0
A14: 7 | H14: 0 | I14: 0 | L14: 1 | M14: 84343 | O14: =N14/655.957 -> 0 | Y14: =((N14+AB14)*10%)*0 -> 0 | Z14: =((O14+AC14)*25%)*0 -> 0 | AA14: =((P14+AD14)*50%)*0 -> 0 | AI14: =SUM(N14,Q14:AG14)*L14 -> 0 | AJ14: =AI14/655.957 -> 0 | AL14: =IF(AI14>1200000,48000,AI14*0.04) -> 0 | AN14: =IF(AI14>1200000,96000,AI14*0.08) -> 0 | AO14: =IF(AI14>600000,600000*12.28%,AI14*12.28%) -> 0 | AP14: =IF(AI14>600000,600000*2.25%,AI14*2.25%)*0 -> 0 | AQ14: =AI14*4.5% -> 0 | AR14: =AI14*3% -> 0 | AS14: =AI14*10%*0 -> 0 | AV14: =SUM(AN14:AU14) -> 0 | AX14: =AI14-AL14 -> 0 | AY14: =BC14/655.957 -> 0 | BA14: 1 | BC14: =((AI14*12)-(AL14*12))*80% -> 0 | BD14: =BC14/BA14 -> 0 | BE14: =(IF(BD14<464000,BA14*0.01*BD14,IF(BD14<1000000,(4640+(BD14-464000)*0.1)*BA14,IF(BD14<3000000,(4640+53600+(BD14-1000000)*0.25)*BA14,(4640+53600+500000+(BD14-3000000)*0.4)*BA14))))/12 -> 0 | BF14: =((AI14-AL14)-500000)*0.5% -> -2500 | BO14: =BM14*BN14 -> 0 | BU14: =AX14-BE14+SUM(BI14:BQ14)-BS14-BG14 -> 0 | BV14: =+BU14/655.957 -> 0 | BX14: =(AI14-BI14-BJ14-BK14-BG244-BP14-BQ14)/12 -> 0 | BY14: =+BX14/655.957 -> 0 | BZ14: =(BX14/12)+BU14 -> 0 | CA14: =+BZ14/655.957 -> 0 | CC14: =((N14*13/12)*35%)/12 -> 0 | CD14: =+CC14/655.957 -> 0 | CF14: =AI14*0.02 -> 0 | CG14: =CF14/655.957 -> 0 | CJ14: =(AI14+AV14+CC14+CF14)*(13/12)+SUM(BI14:BQ14) -> 0 | CK14: =CJ14/655.957 -> 0 | CM14: =CJ14*12 -> 0 | CN14: =CM14/655.957 -> 0
A15: 8 | H15: 0 | I15: 0 | L15: 1 | M15: 84343 | O15: =N15/655.957 -> 0 | Y15: =((N15+AB15)*10%)*0 -> 0 | Z15: =((O15+AC15)*25%)*0 -> 0 | AA15: =((P15+AD15)*50%)*0 -> 0 | AI15: =SUM(N15,Q15:AG15)*L15 -> 0 | AJ15: =AI15/655.957 -> 0 | AL15: =IF(AI15>1200000,48000,AI15*0.04) -> 0 | AN15: =IF(AI15>1200000,96000,AI15*0.08) -> 0 | AO15: =IF(AI15>600000,600000*12.28%,AI15*12.28%) -> 0 | AP15: =IF(AI15>600000,600000*2.25%,AI15*2.25%)*0 -> 0 | AQ15: =AI15*4.5% -> 0 | AR15: =AI15*3% -> 0 | AS15: =AI15*10%*0 -> 0 | AV15: =SUM(AN15:AU15) -> 0 | AX15: =AI15-AL15 -> 0 | AY15: =BC15/655.957 -> 0 | BA15: 1 | BC15: =((AI15*12)-(AL15*12))*80% -> 0 | BD15: =BC15/BA15 -> 0 | BE15: =(IF(BD15<464000,BA15*0.01*BD15,IF(BD15<1000000,(4640+(BD15-464000)*0.1)*BA15,IF(BD15<3000000,(4640+53600+(BD15-1000000)*0.25)*BA15,(4640+53600+500000+(BD15-3000000)*0.4)*BA15))))/12 -> 0 | BF15: =((AI15-AL15)-500000)*0.5% -> -2500 | BO15: =BM15*BN15 -> 0 | BU15: =AX15-BE15+SUM(BI15:BQ15)-BS15-BG15 -> 0 | BV15: =+BU15/655.957 -> 0 | BX15: =(AI15-BI15-BJ15-BK15-BG245-BP15-BQ15)/12 -> 0 | BY15: =+BX15/655.957 -> 0 | BZ15: =(BX15/12)+BU15 -> 0 | CA15: =+BZ15/655.957 -> 0 | CC15: =((N15*13/12)*35%)/12 -> 0 | CD15: =+CC15/655.957 -> 0 | CF15: =AI15*0.02 -> 0 | CG15: =CF15/655.957 -> 0 | CJ15: =(AI15+AV15+CC15+CF15)*(13/12)+SUM(BI15:BQ15) -> 0 | CK15: =CJ15/655.957 -> 0 | CM15: =CJ15*12 -> 0 | CN15: =CM15/655.957 -> 0
A16: 9 | H16: 0 | I16: 0 | L16: 1 | M16: 84343 | O16: =N16/655.957 -> 0 | Y16: =((N16+AB16)*10%)*0 -> 0 | Z16: =((O16+AC16)*25%)*0 -> 0 | AA16: =((P16+AD16)*50%)*0 -> 0 | AI16: =SUM(N16,Q16:AG16)*L16 -> 0 | AJ16: =AI16/655.957 -> 0 | AL16: =IF(AI16>1200000,48000,AI16*0.04) -> 0 | AN16: =IF(AI16>1200000,96000,AI16*0.08) -> 0 | AO16: =IF(AI16>600000,600000*12.28%,AI16*12.28%) -> 0 | AP16: =IF(AI16>600000,600000*2.25%,AI16*2.25%)*0 -> 0 | AQ16: =AI16*4.5% -> 0 | AR16: =AI16*3% -> 0 | AS16: =AI16*10%*0 -> 0 | AV16: =SUM(AN16:AU16) -> 0 | AX16: =AI16-AL16 -> 0 | AY16: =BC16/655.957 -> 0 | BA16: 1 | BC16: =((AI16*12)-(AL16*12))*80% -> 0 | BD16: =BC16/BA16 -> 0 | BE16: =(IF(BD16<464000,BA16*0.01*BD16,IF(BD16<1000000,(4640+(BD16-464000)*0.1)*BA16,IF(BD16<3000000,(4640+53600+(BD16-1000000)*0.25)*BA16,(4640+53600+500000+(BD16-3000000)*0.4)*BA16))))/12 -> 0 | BF16: =((AI16-AL16)-500000)*0.5% -> -2500 | BO16: =BM16*BN16 -> 0 | BU16: =AX16-BE16+SUM(BI16:BQ16)-BS16-BG16 -> 0 | BV16: =+BU16/655.957 -> 0 | BX16: =(AI16-BI16-BJ16-BK16-BG246-BP16-BQ16)/12 -> 0 | BY16: =+BX16/655.957 -> 0 | BZ16: =(BX16/12)+BU16 -> 0 | CA16: =+BZ16/655.957 -> 0 | CC16: =((N16*13/12)*35%)/12 -> 0 | CD16: =+CC16/655.957 -> 0 | CF16: =AI16*0.02 -> 0 | CG16: =CF16/655.957 -> 0 | CJ16: =(AI16+AV16+CC16+CF16)*(13/12)+SUM(BI16:BQ16) -> 0 | CK16: =CJ16/655.957 -> 0 | CM16: =CJ16*12 -> 0 | CN16: =CM16/655.957 -> 0
A17: 10 | H17: 0 | I17: 0 | L17: 1 | M17: 84343 | O17: =N17/655.957 -> 0 | Y17: =((N17+AB17)*10%)*0 -> 0 | Z17: =((O17+AC17)*25%)*0 -> 0 | AA17: =((P17+AD17)*50%)*0 -> 0 | AI17: =SUM(N17,Q17:AG17)*L17 -> 0 | AJ17: =AI17/655.957 -> 0 | AL17: =IF(AI17>1200000,48000,AI17*0.04) -> 0 | AN17: =IF(AI17>1200000,96000,AI17*0.08) -> 0 | AO17: =IF(AI17>600000,600000*12.28%,AI17*12.28%) -> 0 | AP17: =IF(AI17>600000,600000*2.25%,AI17*2.25%)*0 -> 0 | AQ17: =AI17*4.5% -> 0 | AR17: =AI17*3% -> 0 | AS17: =AI17*10%*0 -> 0 | AV17: =SUM(AN17:AU17) -> 0 | AX17: =AI17-AL17 -> 0 | AY17: =BC17/655.957 -> 0 | BA17: 1 | BC17: =((AI17*12)-(AL17*12))*80% -> 0 | BD17: =BC17/BA17 -> 0 | BE17: =(IF(BD17<464000,BA17*0.01*BD17,IF(BD17<1000000,(4640+(BD17-464000)*0.1)*BA17,IF(BD17<3000000,(4640+53600+(BD17-1000000)*0.25)*BA17,(4640+53600+500000+(BD17-3000000)*0.4)*BA17))))/12 -> 0 | BF17: =((AI17-AL17)-500000)*0.5% -> -2500 | BO17: =BM17*BN17 -> 0 | BU17: =AX17-BE17+SUM(BI17:BQ17)-BS17-BG17 -> 0 | BV17: =+BU17/655.957 -> 0 | BX17: =(AI17-BI17-BJ17-BK17-BG247-BP17-BQ17)/12 -> 0 | BY17: =+BX17/655.957 -> 0 | BZ17: =(BX17/12)+BU17 -> 0 | CA17: =+BZ17/655.957 -> 0 | CC17: =((N17*13/12)*35%)/12 -> 0 | CD17: =+CC17/655.957 -> 0 | CF17: =AI17*0.02 -> 0 | CG17: =CF17/655.957 -> 0 | CJ17: =(AI17+AV17+CC17+CF17)*(13/12)+SUM(BI17:BQ17) -> 0 | CK17: =CJ17/655.957 -> 0 | CM17: =CJ17*12 -> 0 | CN17: =CM17/655.957 -> 0
A18: 11 | H18: 0 | I18: 0 | L18: 1 | O18: =N18/655.957 -> 0 | Y18: =((N18+AB18)*10%)*0 -> 0 | Z18: =((O18+AC18)*25%)*0 -> 0 | AA18: =((P18+AD18)*50%)*0 -> 0 | AI18: =SUM(N18,Q18:AG18)*L18 -> 0 | AJ18: =AI18/655.957 -> 0 | AL18: =IF(AI18>1200000,48000,AI18*0.04) -> 0 | AN18: =IF(AI18>1200000,96000,AI18*0.08) -> 0 | AO18: =IF(AI18>600000,600000*12.28%,AI18*12.28%) -> 0 | AP18: =IF(AI18>600000,600000*2.25%,AI18*2.25%)*0 -> 0 | AQ18: =AI18*4.5% -> 0 | AR18: =AI18*3% -> 0 | AS18: =AI18*10%*0 -> 0 | AV18: =SUM(AN18:AU18) -> 0 | AX18: =AI18-AL18 -> 0 | AY18: =BC18/655.957 -> 0 | BA18: 1 | BC18: =((AI18*12)-(AL18*12))*80% -> 0 | BD18: =BC18/BA18 -> 0 | BE18: =(IF(BD18<464000,BA18*0.01*BD18,IF(BD18<1000000,(4640+(BD18-464000)*0.1)*BA18,IF(BD18<3000000,(4640+53600+(BD18-1000000)*0.25)*BA18,(4640+53600+500000+(BD18-3000000)*0.4)*BA18))))/12 -> 0 | BF18: =((AI18-AL18)-500000)*0.5% -> -2500 | BO18: =BM18*BN18 -> 0 | BU18: =AX18-BE18+SUM(BI18:BQ18)-BS18-BG18 -> 0 | BV18: =+BU18/655.957 -> 0 | BX18: =(AI18-BI18-BJ18-BK18-BO18-BP18-BQ18)/12 -> 0 | BY18: =+BX18/655.957 -> 0 | BZ18: =(BX18/12)+BU18 -> 0 | CA18: =+BZ18/655.957 -> 0 | CC18: =((N18*13/12)*35%)/12 -> 0 | CD18: =+CC18/655.957 -> 0 | CF18: =AI18*0.02 -> 0 | CG18: =CF18/655.957 -> 0 | CJ18: =(AI18+AV18+CC18+CF18)*(13/12)+SUM(BI18:BQ18) -> 0 | CK18: =CJ18/655.957 -> 0 | CM18: =CJ18*12 -> 0 | CN18: =CM18/655.957 -> 0
A19: 12 | H19: 0 | I19: 0 | L19: 1 | O19: =N19/655.957 -> 0 | Y19: =((N19+AB19)*10%)*0 -> 0 | Z19: =((O19+AC19)*25%)*0 -> 0 | AA19: =((P19+AD19)*50%)*0 -> 0 | AI19: =SUM(N19,Q19:AG19)*L19 -> 0 | AJ19: =AI19/655.957 -> 0 | AL19: =IF(AI19>1200000,48000,AI19*0.04) -> 0 | AN19: =IF(AI19>1200000,96000,AI19*0.08) -> 0 | AO19: =IF(AI19>600000,600000*12.28%,AI19*12.28%) -> 0 | AP19: =IF(AI19>600000,600000*2.25%,AI19*2.25%)*0 -> 0 | AQ19: =AI19*4.5% -> 0 | AR19: =AI19*3% -> 0 | AS19: =AI19*10%*0 -> 0 | AV19: =SUM(AN19:AU19) -> 0 | AX19: =AI19-AL19 -> 0 | AY19: =BC19/655.957 -> 0 | BA19: 1 | BC19: =((AI19*12)-(AL19*12))*80% -> 0 | BD19: =BC19/BA19 -> 0 | BE19: =(IF(BD19<464000,BA19*0.01*BD19,IF(BD19<1000000,(4640+(BD19-464000)*0.1)*BA19,IF(BD19<3000000,(4640+53600+(BD19-1000000)*0.25)*BA19,(4640+53600+500000+(BD19-3000000)*0.4)*BA19))))/12 -> 0 | BF19: =((AI19-AL19)-500000)*0.5% -> -2500 | BO19: =BM19*BN19 -> 0 | BU19: =AX19-BE19+SUM(BI19:BQ19)-BS19-BG19 -> 0 | BV19: =+BU19/655.957 -> 0 | BX19: =(AI19-BI19-BJ19-BK19-BG255-BP19-BQ19)/12 -> 0 | BY19: =+BX19/655.957 -> 0 | BZ19: =(BX19/12)+BU19 -> 0 | CA19: =+BZ19/655.957 -> 0 | CC19: =((N19*13/12)*35%)/12 -> 0 | CD19: =+CC19/655.957 -> 0 | CF19: =AI19*0.02 -> 0 | CG19: =CF19/655.957 -> 0 | CJ19: =(AI19+AV19+CC19+CF19)*(13/12)+SUM(BI19:BQ19) -> 0 | CK19: =CJ19/655.957 -> 0 | CM19: =CJ19*12 -> 0 | CN19: =CM19/655.957 -> 0
A20: 13 | H20: 0 | I20: 0 | L20: 1 | M20: 84343 | O20: =N20/655.957 -> 0 | Y20: =((N20+AB20)*10%)*0 -> 0 | Z20: =((O20+AC20)*25%)*0 -> 0 | AA20: =((P20+AD20)*50%)*0 -> 0 | AI20: =SUM(N20,Q20:AG20)*L20 -> 0 | AJ20: =AI20/655.957 -> 0 | AL20: =IF(AI20>1200000,48000,AI20*0.04) -> 0 | AN20: =IF(AI20>1200000,96000,AI20*0.08) -> 0 | AO20: =IF(AI20>600000,600000*12.28%,AI20*12.28%) -> 0 | AP20: =IF(AI20>600000,600000*2.25%,AI20*2.25%)*0 -> 0 | AQ20: =AI20*4.5% -> 0 | AR20: =AI20*3% -> 0 | AS20: =AI20*10%*0 -> 0 | AV20: =SUM(AN20:AU20) -> 0 | AX20: =AI20-AL20 -> 0 | AY20: =BC20/655.957 -> 0 | BA20: 1 | BC20: =((AI20*12)-(AL20*12))*80% -> 0 | BD20: =BC20/BA20 -> 0 | BE20: =(IF(BD20<464000,BA20*0.01*BD20,IF(BD20<1000000,(4640+(BD20-464000)*0.1)*BA20,IF(BD20<3000000,(4640+53600+(BD20-1000000)*0.25)*BA20,(4640+53600+500000+(BD20-3000000)*0.4)*BA20))))/12 -> 0 | BF20: =((AI20-AL20)-500000)*0.5% -> -2500 | BO20: =BM20*BN20 -> 0 | BU20: =AX20-BE20+SUM(BI20:BQ20)-BS20-BG20 -> 0 | BV20: =+BU20/655.957 -> 0 | BX20: =(AI20-BI20-BJ20-BK20-BG250-BP20-BQ20)/12 -> 0 | BY20: =+BX20/655.957 -> 0 | BZ20: =(BX20/12)+BU20 -> 0 | CA20: =+BZ20/655.957 -> 0 | CC20: =((N20*13/12)*35%)/12 -> 0 | CD20: =+CC20/655.957 -> 0 | CF20: =AI20*0.02 -> 0 | CG20: =CF20/655.957 -> 0 | CJ20: =(AI20+AV20+CC20+CF20)*(13/12)+SUM(BI20:BQ20) -> 0 | CK20: =CJ20/655.957 -> 0 | CM20: =CJ20*12 -> 0 | CN20: =CM20/655.957 -> 0
A21: 14 | H21: 0 | I21: 0 | L21: 1 | M21: 84343 | O21: =N21/655.957 -> 0 | Y21: =((N21+AB21)*10%)*0 -> 0 | Z21: =((O21+AC21)*25%)*0 -> 0 | AA21: =((P21+AD21)*50%)*0 -> 0 | AI21: =SUM(N21,Q21:AG21)*L21 -> 0 | AJ21: =AI21/655.957 -> 0 | AL21: =IF(AI21>1200000,48000,AI21*0.04) -> 0 | AN21: =IF(AI21>1200000,96000,AI21*0.08) -> 0 | AO21: =IF(AI21>600000,600000*12.28%,AI21*12.28%) -> 0 | AP21: =IF(AI21>600000,600000*2.25%,AI21*2.25%)*0 -> 0 | AQ21: =AI21*4.5% -> 0 | AR21: =AI21*3% -> 0 | AS21: =AI21*10%*0 -> 0 | AV21: =SUM(AN21:AU21) -> 0 | AX21: =AI21-AL21 -> 0 | AY21: =BC21/655.957 -> 0 | BA21: 1 | BC21: =((AI21*12)-(AL21*12))*80% -> 0 | BD21: =BC21/BA21 -> 0 | BE21: =(IF(BD21<464000,BA21*0.01*BD21,IF(BD21<1000000,(4640+(BD21-464000)*0.1)*BA21,IF(BD21<3000000,(4640+53600+(BD21-1000000)*0.25)*BA21,(4640+53600+500000+(BD21-3000000)*0.4)*BA21))))/12 -> 0 | BF21: =((AI21-AL21)-500000)*0.5% -> -2500 | BO21: =BM21*BN21 -> 0 | BU21: =AX21-BE21+SUM(BI21:BQ21)-BS21-BG21 -> 0 | BV21: =+BU21/655.957 -> 0 | BX21: =(AI21-BI21-BJ21-BK21-BG251-BP21-BQ21)/12 -> 0 | BY21: =+BX21/655.957 -> 0 | BZ21: =(BX21/12)+BU21 -> 0 | CA21: =+BZ21/655.957 -> 0 | CC21: =((N21*13/12)*35%)/12 -> 0 | CD21: =+CC21/655.957 -> 0 | CF21: =AI21*0.02 -> 0 | CG21: =CF21/655.957 -> 0 | CJ21: =(AI21+AV21+CC21+CF21)*(13/12)+SUM(BI21:BQ21) -> 0 | CK21: =CJ21/655.957 -> 0 | CM21: =CJ21*12 -> 0 | CN21: =CM21/655.957 -> 0
A22: 15 | H22: 0 | I22: 0 | L22: 1 | M22: 84343 | O22: =N22/655.957 -> 0 | Y22: =((N22+AB22)*10%)*0 -> 0 | Z22: =((O22+AC22)*25%)*0 -> 0 | AA22: =((P22+AD22)*50%)*0 -> 0 | AI22: =SUM(N22,Q22:AG22)*L22 -> 0 | AJ22: =AI22/655.957 -> 0 | AL22: =IF(AI22>1200000,48000,AI22*0.04) -> 0 | AN22: =IF(AI22>1200000,96000,AI22*0.08) -> 0 | AO22: =IF(AI22>600000,600000*12.28%,AI22*12.28%) -> 0 | AP22: =IF(AI22>600000,600000*2.25%,AI22*2.25%)*0 -> 0 | AQ22: =AI22*4.5% -> 0 | AR22: =AI22*3% -> 0 | AS22: =AI22*10%*0 -> 0 | AV22: =SUM(AN22:AU22) -> 0 | AX22: =AI22-AL22 -> 0 | AY22: =BC22/655.957 -> 0 | BA22: 1 | BC22: =((AI22*12)-(AL22*12))*80% -> 0 | BD22: =BC22/BA22 -> 0 | BE22: =(IF(BD22<464000,BA22*0.01*BD22,IF(BD22<1000000,(4640+(BD22-464000)*0.1)*BA22,IF(BD22<3000000,(4640+53600+(BD22-1000000)*0.25)*BA22,(4640+53600+500000+(BD22-3000000)*0.4)*BA22))))/12 -> 0 | BF22: =((AI22-AL22)-500000)*0.5% -> -2500 | BO22: =BM22*BN22 -> 0 | BU22: =AX22-BE22+SUM(BI22:BQ22)-BS22-BG22 -> 0 | BV22: =+BU22/655.957 -> 0 | BX22: =(AI22-BI22-BJ22-BK22-BG252-BP22-BQ22)/12 -> 0 | BY22: =+BX22/655.957 -> 0 | BZ22: =(BX22/12)+BU22 -> 0 | CA22: =+BZ22/655.957 -> 0 | CC22: =((N22*13/12)*35%)/12 -> 0 | CD22: =+CC22/655.957 -> 0 | CF22: =AI22*0.02 -> 0 | CG22: =CF22/655.957 -> 0 | CJ22: =(AI22+AV22+CC22+CF22)*(13/12)+SUM(BI22:BQ22) -> 0 | CK22: =CJ22/655.957 -> 0 | CM22: =CJ22*12 -> 0 | CN22: =CM22/655.957 -> 0
A23: 16 | H23: 0 | I23: 0 | L23: 1 | M23: 84343 | O23: =N23/655.957 -> 0 | Y23: =((N23+AB23)*10%)*0 -> 0 | Z23: =((O23+AC23)*25%)*0 -> 0 | AA23: =((P23+AD23)*50%)*0 -> 0 | AI23: =SUM(N23,Q23:AG23)*L23 -> 0 | AJ23: =AI23/655.957 -> 0 | AL23: =IF(AI23>1200000,48000,AI23*0.04) -> 0 | AN23: =IF(AI23>1200000,96000,AI23*0.08) -> 0 | AO23: =IF(AI23>600000,600000*12.28%,AI23*12.28%) -> 0 | AP23: =IF(AI23>600000,600000*2.25%,AI23*2.25%)*0 -> 0 | AQ23: =AI23*4.5% -> 0 | AR23: =AI23*3% -> 0 | AS23: =AI23*10%*0 -> 0 | AV23: =SUM(AN23:AU23) -> 0 | AX23: =AI23-AL23 -> 0 | AY23: =BC23/655.957 -> 0 | BA23: 1 | BC23: =((AI23*12)-(AL23*12))*80% -> 0 | BD23: =BC23/BA23 -> 0 | BE23: =(IF(BD23<464000,BA23*0.01*BD23,IF(BD23<1000000,(4640+(BD23-464000)*0.1)*BA23,IF(BD23<3000000,(4640+53600+(BD23-1000000)*0.25)*BA23,(4640+53600+500000+(BD23-3000000)*0.4)*BA23))))/12 -> 0 | BF23: =((AI23-AL23)-500000)*0.5% -> -2500 | BO23: =BM23*BN23 -> 0 | BU23: =AX23-BE23+SUM(BI23:BQ23)-BS23-BG23 -> 0 | BV23: =+BU23/655.957 -> 0 | BX23: =(AI23-BI23-BJ23-BK23-BG253-BP23-BQ23)/12 -> 0 | BY23: =+BX23/655.957 -> 0 | BZ23: =(BX23/12)+BU23 -> 0 | CA23: =+BZ23/655.957 -> 0 | CC23: =((N23*13/12)*35%)/12 -> 0 | CD23: =+CC23/655.957 -> 0 | CF23: =AI23*0.02 -> 0 | CG23: =CF23/655.957 -> 0 | CJ23: =(AI23+AV23+CC23+CF23)*(13/12)+SUM(BI23:BQ23) -> 0 | CK23: =CJ23/655.957 -> 0 | CM23: =CJ23*12 -> 0 | CN23: =CM23/655.957 -> 0
A24: 17 | H24: 0 | I24: 0 | L24: 1 | M24: 84343 | O24: =N24/655.957 -> 0 | Y24: =((N24+AB24)*10%)*0 -> 0 | Z24: =((O24+AC24)*25%)*0 -> 0 | AA24: =((P24+AD24)*50%)*0 -> 0 | AI24: =SUM(N24,Q24:AG24)*L24 -> 0 | AJ24: =AI24/655.957 -> 0 | AL24: =IF(AI24>1200000,48000,AI24*0.04) -> 0 | AN24: =IF(AI24>1200000,96000,AI24*0.08) -> 0 | AO24: =IF(AI24>600000,600000*12.28%,AI24*12.28%) -> 0 | AP24: =IF(AI24>600000,600000*2.25%,AI24*2.25%)*0 -> 0 | AQ24: =AI24*4.5% -> 0 | AR24: =AI24*3% -> 0 | AS24: =AI24*10%*0 -> 0 | AV24: =SUM(AN24:AU24) -> 0 | AX24: =AI24-AL24 -> 0 | AY24: =BC24/655.957 -> 0 | BA24: 1 | BC24: =((AI24*12)-(AL24*12))*80% -> 0 | BD24: =BC24/BA24 -> 0 | BE24: =(IF(BD24<464000,BA24*0.01*BD24,IF(BD24<1000000,(4640+(BD24-464000)*0.1)*BA24,IF(BD24<3000000,(4640+53600+(BD24-1000000)*0.25)*BA24,(4640+53600+500000+(BD24-3000000)*0.4)*BA24))))/12 -> 0 | BF24: =((AI24-AL24)-500000)*0.5% -> -2500 | BO24: =BM24*BN24 -> 0 | BU24: =AX24-BE24+SUM(BI24:BQ24)-BS24-BG24 -> 0 | BV24: =+BU24/655.957 -> 0 | BX24: =(AI24-BI24-BJ24-BK24-BG254-BP24-BQ24)/12 -> 0 | BY24: =+BX24/655.957 -> 0 | BZ24: =(BX24/12)+BU24 -> 0 | CA24: =+BZ24/655.957 -> 0 | CC24: =((N24*13/12)*35%)/12 -> 0 | CD24: =+CC24/655.957 -> 0 | CF24: =AI24*0.02 -> 0 | CG24: =CF24/655.957 -> 0 | CJ24: =(AI24+AV24+CC24+CF24)*(13/12)+SUM(BI24:BQ24) -> 0 | CK24: =CJ24/655.957 -> 0 | CM24: =CJ24*12 -> 0 | CN24: =CM24/655.957 -> 0
A25: 18 | H25: 0 | I25: 0 | L25: 1 | M25: 84343 | O25: =N25/655.957 -> 0 | Y25: =((N25+AB25)*10%)*0 -> 0 | Z25: =((O25+AC25)*25%)*0 -> 0 | AA25: =((P25+AD25)*50%)*0 -> 0 | AI25: =SUM(N25,Q25:AG25)*L25 -> 0 | AJ25: =AI25/655.957 -> 0 | AL25: =IF(AI25>1200000,48000,AI25*0.04) -> 0 | AN25: =IF(AI25>1200000,96000,AI25*0.08) -> 0 | AO25: =IF(AI25>600000,600000*12.28%,AI25*12.28%) -> 0 | AP25: =IF(AI25>600000,600000*2.25%,AI25*2.25%)*0 -> 0 | AQ25: =AI25*4.5% -> 0 | AR25: =AI25*3% -> 0 | AS25: =AI25*10%*0 -> 0 | AV25: =SUM(AN25:AU25) -> 0 | AX25: =AI25-AL25 -> 0 | AY25: =BC25/655.957 -> 0 | BA25: 1 | BC25: =((AI25*12)-(AL25*12))*80% -> 0 | BD25: =BC25/BA25 -> 0 | BE25: =(IF(BD25<464000,BA25*0.01*BD25,IF(BD25<1000000,(4640+(BD25-464000)*0.1)*BA25,IF(BD25<3000000,(4640+53600+(BD25-1000000)*0.25)*BA25,(4640+53600+500000+(BD25-3000000)*0.4)*BA25))))/12 -> 0 | BF25: =((AI25-AL25)-500000)*0.5% -> -2500 | BO25: =BM25*BN25 -> 0 | BU25: =AX25-BE25+SUM(BI25:BQ25)-BS25-BG25 -> 0 | BV25: =+BU25/655.957 -> 0 | BX25: =(AI25-BI25-BJ25-BK25-BG255-BP25-BQ25)/12 -> 0 | BY25: =+BX25/655.957 -> 0 | BZ25: =(BX25/12)+BU25 -> 0 | CA25: =+BZ25/655.957 -> 0 | CC25: =((N25*13/12)*35%)/12 -> 0 | CD25: =+CC25/655.957 -> 0 | CF25: =AI25*0.02 -> 0 | CG25: =CF25/655.957 -> 0 | CJ25: =(AI25+AV25+CC25+CF25)*(13/12)+SUM(BI25:BQ25) -> 0 | CK25: =CJ25/655.957 -> 0 | CM25: =CJ25*12 -> 0 | CN25: =CM25/655.957 -> 0
A26: 19 | H26: 0 | I26: 0 | L26: 1 | M26: 84343 | O26: =N26/655.957 -> 0 | Y26: =((N26+AB26)*10%)*0 -> 0 | Z26: =((O26+AC26)*25%)*0 -> 0 | AA26: =((P26+AD26)*50%)*0 -> 0 | AI26: =SUM(N26,Q26:AG26)*L26 -> 0 | AJ26: =AI26/655.957 -> 0 | AL26: =IF(AI26>1200000,48000,AI26*0.04) -> 0 | AN26: =IF(AI26>1200000,96000,AI26*0.08) -> 0 | AO26: =IF(AI26>600000,600000*12.28%,AI26*12.28%) -> 0 | AP26: =IF(AI26>600000,600000*2.25%,AI26*2.25%)*0 -> 0 | AQ26: =AI26*4.5% -> 0 | AR26: =AI26*3% -> 0 | AS26: =AI26*10%*0 -> 0 | AV26: =SUM(AN26:AU26) -> 0 | AX26: =AI26-AL26 -> 0 | AY26: =BC26/655.957 -> 0 | BA26: 1 | BC26: =((AI26*12)-(AL26*12))*80% -> 0 | BD26: =BC26/BA26 -> 0 | BE26: =(IF(BD26<464000,BA26*0.01*BD26,IF(BD26<1000000,(4640+(BD26-464000)*0.1)*BA26,IF(BD26<3000000,(4640+53600+(BD26-1000000)*0.25)*BA26,(4640+53600+500000+(BD26-3000000)*0.4)*BA26))))/12 -> 0 | BF26: =((AI26-AL26)-500000)*0.5% -> -2500 | BO26: =BM26*BN26 -> 0 | BU26: =AX26-BE26+SUM(BI26:BQ26)-BS26-BG26 -> 0 | BV26: =+BU26/655.957 -> 0 | BX26: =(AI26-BI26-BJ26-BK26-BG256-BP26-BQ26)/12 -> 0 | BY26: =+BX26/655.957 -> 0 | BZ26: =(BX26/12)+BU26 -> 0 | CA26: =+BZ26/655.957 -> 0 | CC26: =((N26*13/12)*35%)/12 -> 0 | CD26: =+CC26/655.957 -> 0 | CF26: =AI26*0.02 -> 0 | CG26: =CF26/655.957 -> 0 | CJ26: =(AI26+AV26+CC26+CF26)*(13/12)+SUM(BI26:BQ26) -> 0 | CK26: =CJ26/655.957 -> 0 | CM26: =CJ26*12 -> 0 | CN26: =CM26/655.957 -> 0
A27: 20 | H27: 0 | I27: 0 | L27: 1 | M27: 84343 | O27: =N27/655.957 -> 0 | Y27: =((N27+AB27)*10%)*0 -> 0 | Z27: =((O27+AC27)*25%)*0 -> 0 | AA27: =((P27+AD27)*50%)*0 -> 0 | AI27: =SUM(N27,Q27:AG27)*L27 -> 0 | AJ27: =AI27/655.957 -> 0 | AL27: =IF(AI27>1200000,48000,AI27*0.04) -> 0 | AN27: =IF(AI27>1200000,96000,AI27*0.08) -> 0 | AO27: =IF(AI27>600000,600000*12.28%,AI27*12.28%) -> 0 | AP27: =IF(AI27>600000,600000*2.25%,AI27*2.25%)*0 -> 0 | AQ27: =AI27*4.5% -> 0 | AR27: =AI27*3% -> 0 | AS27: =AI27*10%*0 -> 0 | AV27: =SUM(AN27:AU27) -> 0 | AX27: =AI27-AL27 -> 0 | AY27: =BC27/655.957 -> 0 | BA27: 1 | BC27: =((AI27*12)-(AL27*12))*80% -> 0 | BD27: =BC27/BA27 -> 0 | BE27: =(IF(BD27<464000,BA27*0.01*BD27,IF(BD27<1000000,(4640+(BD27-464000)*0.1)*BA27,IF(BD27<3000000,(4640+53600+(BD27-1000000)*0.25)*BA27,(4640+53600+500000+(BD27-3000000)*0.4)*BA27))))/12 -> 0 | BF27: =((AI27-AL27)-500000)*0.5% -> -2500 | BO27: =BM27*BN27 -> 0 | BU27: =AX27-BE27+SUM(BI27:BQ27)-BS27-BG27 -> 0 | BV27: =+BU27/655.957 -> 0 | BX27: =(AI27-BI27-BJ27-BK27-BG257-BP27-BQ27)/12 -> 0 | BY27: =+BX27/655.957 -> 0 | BZ27: =(BX27/12)+BU27 -> 0 | CA27: =+BZ27/655.957 -> 0 | CC27: =((N27*13/12)*35%)/12 -> 0 | CD27: =+CC27/655.957 -> 0 | CF27: =AI27*0.02 -> 0 | CG27: =CF27/655.957 -> 0 | CJ27: =(AI27+AV27+CC27+CF27)*(13/12)+SUM(BI27:BQ27) -> 0 | CK27: =CJ27/655.957 -> 0 | CM27: =CJ27*12 -> 0 | CN27: =CM27/655.957 -> 0
A28: 21 | H28: 0 | I28: 0 | L28: 1 | O28: =N28/655.957 -> 0 | Y28: =((N28+AB28)*10%)*0 -> 0 | Z28: =((O28+AC28)*25%)*0 -> 0 | AA28: =((P28+AD28)*50%)*0 -> 0 | AI28: =SUM(N28,Q28:AG28)*L28 -> 0 | AJ28: =AI28/655.957 -> 0 | AL28: =IF(AI28>1200000,48000,AI28*0.04) -> 0 | AN28: =IF(AI28>1200000,96000,AI28*0.08) -> 0 | AO28: =IF(AI28>600000,600000*12.28%,AI28*12.28%) -> 0 | AP28: =IF(AI28>600000,600000*2.25%,AI28*2.25%)*0 -> 0 | AQ28: =AI28*4.5% -> 0 | AR28: =AI28*3% -> 0 | AS28: =AI28*10%*0 -> 0 | AV28: =SUM(AN28:AU28) -> 0 | AX28: =AI28-AL28 -> 0 | AY28: =BC28/655.957 -> 0 | BA28: 1 | BC28: =((AI28*12)-(AL28*12))*80% -> 0 | BD28: =BC28/BA28 -> 0 | BE28: =(IF(BD28<464000,BA28*0.01*BD28,IF(BD28<1000000,(4640+(BD28-464000)*0.1)*BA28,IF(BD28<3000000,(4640+53600+(BD28-1000000)*0.25)*BA28,(4640+53600+500000+(BD28-3000000)*0.4)*BA28))))/12 -> 0 | BF28: =((AI28-AL28)-500000)*0.5% -> -2500 | BO28: =BM28*BN28 -> 0 | BU28: =AX28-BE28+SUM(BI28:BQ28)-BS28-BG28 -> 0 | BV28: =+BU28/655.957 -> 0 | BX28: =(AI28-BI28-BJ28-BK28-BO28-BP28-BQ28)/12 -> 0 | BY28: =+BX28/655.957 -> 0 | BZ28: =(BX28/12)+BU28 -> 0 | CA28: =+BZ28/655.957 -> 0 | CC28: =((N28*13/12)*35%)/12 -> 0 | CD28: =+CC28/655.957 -> 0 | CF28: =AI28*0.02 -> 0 | CG28: =CF28/655.957 -> 0 | CJ28: =(AI28+AV28+CC28+CF28)*(13/12)+SUM(BI28:BQ28) -> 0 | CK28: =CJ28/655.957 -> 0 | CM28: =CJ28*12 -> 0 | CN28: =CM28/655.957 -> 0
A29: 22 | H29: 0 | I29: 0 | L29: 1 | O29: =N29/655.957 -> 0 | Y29: =((N29+AB29)*10%)*0 -> 0 | Z29: =((O29+AC29)*25%)*0 -> 0 | AA29: =((P29+AD29)*50%)*0 -> 0 | AI29: =SUM(N29,Q29:AG29)*L29 -> 0 | AJ29: =AI29/655.957 -> 0 | AL29: =IF(AI29>1200000,48000,AI29*0.04) -> 0 | AN29: =IF(AI29>1200000,96000,AI29*0.08) -> 0 | AO29: =IF(AI29>600000,600000*12.28%,AI29*12.28%) -> 0 | AP29: =IF(AI29>600000,600000*2.25%,AI29*2.25%)*0 -> 0 | AQ29: =AI29*4.5% -> 0 | AR29: =AI29*3% -> 0 | AS29: =AI29*10%*0 -> 0 | AV29: =SUM(AN29:AU29) -> 0 | AX29: =AI29-AL29 -> 0 | AY29: =BC29/655.957 -> 0 | BA29: 1 | BC29: =((AI29*12)-(AL29*12))*80% -> 0 | BD29: =BC29/BA29 -> 0 | BE29: =(IF(BD29<464000,BA29*0.01*BD29,IF(BD29<1000000,(4640+(BD29-464000)*0.1)*BA29,IF(BD29<3000000,(4640+53600+(BD29-1000000)*0.25)*BA29,(4640+53600+500000+(BD29-3000000)*0.4)*BA29))))/12 -> 0 | BF29: =((AI29-AL29)-500000)*0.5% -> -2500 | BO29: =BM29*BN29 -> 0 | BU29: =AX29-BE29+SUM(BI29:BQ29)-BS29-BG29 -> 0 | BV29: =+BU29/655.957 -> 0 | BX29: =(AI29-BI29-BJ29-BK29-BG265-BP29-BQ29)/12 -> 0 | BY29: =+BX29/655.957 -> 0 | BZ29: =(BX29/12)+BU29 -> 0 | CA29: =+BZ29/655.957 -> 0 | CC29: =((N29*13/12)*35%)/12 -> 0 | CD29: =+CC29/655.957 -> 0 | CF29: =AI29*0.02 -> 0 | CG29: =CF29/655.957 -> 0 | CJ29: =(AI29+AV29+CC29+CF29)*(13/12)+SUM(BI29:BQ29) -> 0 | CK29: =CJ29/655.957 -> 0 | CM29: =CJ29*12 -> 0 | CN29: =CM29/655.957 -> 0
A30: 23 | H30: 0 | I30: 0 | L30: 1 | M30: 84343 | O30: =N30/655.957 -> 0 | Y30: =((N30+AB30)*10%)*0 -> 0 | Z30: =((O30+AC30)*25%)*0 -> 0 | AA30: =((P30+AD30)*50%)*0 -> 0 | AI30: =SUM(N30,Q30:AG30)*L30 -> 0 | AJ30: =AI30/655.957 -> 0 | AL30: =IF(AI30>1200000,48000,AI30*0.04) -> 0 | AN30: =IF(AI30>1200000,96000,AI30*0.08) -> 0 | AO30: =IF(AI30>600000,600000*12.28%,AI30*12.28%) -> 0 | AP30: =IF(AI30>600000,600000*2.25%,AI30*2.25%)*0 -> 0 | AQ30: =AI30*4.5% -> 0 | AR30: =AI30*3% -> 0 | AS30: =AI30*10%*0 -> 0 | AV30: =SUM(AN30:AU30) -> 0 | AX30: =AI30-AL30 -> 0 | AY30: =BC30/655.957 -> 0 | BA30: 1 | BC30: =((AI30*12)-(AL30*12))*80% -> 0 | BD30: =BC30/BA30 -> 0 | BE30: =(IF(BD30<464000,BA30*0.01*BD30,IF(BD30<1000000,(4640+(BD30-464000)*0.1)*BA30,IF(BD30<3000000,(4640+53600+(BD30-1000000)*0.25)*BA30,(4640+53600+500000+(BD30-3000000)*0.4)*BA30))))/12 -> 0 | BF30: =((AI30-AL30)-500000)*0.5% -> -2500 | BO30: =BM30*BN30 -> 0 | BU30: =AX30-BE30+SUM(BI30:BQ30)-BS30-BG30 -> 0 | BV30: =+BU30/655.957 -> 0 | BX30: =(AI30-BI30-BJ30-BK30-BG260-BP30-BQ30)/12 -> 0 | BY30: =+BX30/655.957 -> 0 | BZ30: =(BX30/12)+BU30 -> 0 | CA30: =+BZ30/655.957 -> 0 | CC30: =((N30*13/12)*35%)/12 -> 0 | CD30: =+CC30/655.957 -> 0 | CF30: =AI30*0.02 -> 0 | CG30: =CF30/655.957 -> 0 | CJ30: =(AI30+AV30+CC30+CF30)*(13/12)+SUM(BI30:BQ30) -> 0 | CK30: =CJ30/655.957 -> 0 | CM30: =CJ30*12 -> 0 | CN30: =CM30/655.957 -> 0
A31: 24 | H31: 0 | I31: 0 | L31: 1 | M31: 84343 | O31: =N31/655.957 -> 0 | Y31: =((N31+AB31)*10%)*0 -> 0 | Z31: =((O31+AC31)*25%)*0 -> 0 | AA31: =((P31+AD31)*50%)*0 -> 0 | AI31: =SUM(N31,Q31:AG31)*L31 -> 0 | AJ31: =AI31/655.957 -> 0 | AL31: =IF(AI31>1200000,48000,AI31*0.04) -> 0 | AN31: =IF(AI31>1200000,96000,AI31*0.08) -> 0 | AO31: =IF(AI31>600000,600000*12.28%,AI31*12.28%) -> 0 | AP31: =IF(AI31>600000,600000*2.25%,AI31*2.25%)*0 -> 0 | AQ31: =AI31*4.5% -> 0 | AR31: =AI31*3% -> 0 | AS31: =AI31*10%*0 -> 0 | AV31: =SUM(AN31:AU31) -> 0 | AX31: =AI31-AL31 -> 0 | AY31: =BC31/655.957 -> 0 | BA31: 1 | BC31: =((AI31*12)-(AL31*12))*80% -> 0 | BD31: =BC31/BA31 -> 0 | BE31: =(IF(BD31<464000,BA31*0.01*BD31,IF(BD31<1000000,(4640+(BD31-464000)*0.1)*BA31,IF(BD31<3000000,(4640+53600+(BD31-1000000)*0.25)*BA31,(4640+53600+500000+(BD31-3000000)*0.4)*BA31))))/12 -> 0 | BF31: =((AI31-AL31)-500000)*0.5% -> -2500 | BO31: =BM31*BN31 -> 0 | BU31: =AX31-BE31+SUM(BI31:BQ31)-BS31-BG31 -> 0 | BV31: =+BU31/655.957 -> 0 | BX31: =(AI31-BI31-BJ31-BK31-BG261-BP31-BQ31)/12 -> 0 | BY31: =+BX31/655.957 -> 0 | BZ31: =(BX31/12)+BU31 -> 0 | CA31: =+BZ31/655.957 -> 0 | CC31: =((N31*13/12)*35%)/12 -> 0 | CD31: =+CC31/655.957 -> 0 | CF31: =AI31*0.02 -> 0 | CG31: =CF31/655.957 -> 0 | CJ31: =(AI31+AV31+CC31+CF31)*(13/12)+SUM(BI31:BQ31) -> 0 | CK31: =CJ31/655.957 -> 0 | CM31: =CJ31*12 -> 0 | CN31: =CM31/655.957 -> 0
A32: 25 | H32: 0 | I32: 0 | L32: 1 | M32: 84343 | O32: =N32/655.957 -> 0 | Y32: =((N32+AB32)*10%)*0 -> 0 | Z32: =((O32+AC32)*25%)*0 -> 0 | AA32: =((P32+AD32)*50%)*0 -> 0 | AI32: =SUM(N32,Q32:AG32)*L32 -> 0 | AJ32: =AI32/655.957 -> 0 | AL32: =IF(AI32>1200000,48000,AI32*0.04) -> 0 | AN32: =IF(AI32>1200000,96000,AI32*0.08) -> 0 | AO32: =IF(AI32>600000,600000*12.28%,AI32*12.28%) -> 0 | AP32: =IF(AI32>600000,600000*2.25%,AI32*2.25%)*0 -> 0 | AQ32: =AI32*4.5% -> 0 | AR32: =AI32*3% -> 0 | AS32: =AI32*10%*0 -> 0 | AV32: =SUM(AN32:AU32) -> 0 | AX32: =AI32-AL32 -> 0 | AY32: =BC32/655.957 -> 0 | BA32: 1 | BC32: =((AI32*12)-(AL32*12))*80% -> 0 | BD32: =BC32/BA32 -> 0 | BE32: =(IF(BD32<464000,BA32*0.01*BD32,IF(BD32<1000000,(4640+(BD32-464000)*0.1)*BA32,IF(BD32<3000000,(4640+53600+(BD32-1000000)*0.25)*BA32,(4640+53600+500000+(BD32-3000000)*0.4)*BA32))))/12 -> 0 | BF32: =((AI32-AL32)-500000)*0.5% -> -2500 | BO32: =BM32*BN32 -> 0 | BU32: =AX32-BE32+SUM(BI32:BQ32)-BS32-BG32 -> 0 | BV32: =+BU32/655.957 -> 0 | BX32: =(AI32-BI32-BJ32-BK32-BG262-BP32-BQ32)/12 -> 0 | BY32: =+BX32/655.957 -> 0 | BZ32: =(BX32/12)+BU32 -> 0 | CA32: =+BZ32/655.957 -> 0 | CC32: =((N32*13/12)*35%)/12 -> 0 | CD32: =+CC32/655.957 -> 0 | CF32: =AI32*0.02 -> 0 | CG32: =CF32/655.957 -> 0 | CJ32: =(AI32+AV32+CC32+CF32)*(13/12)+SUM(BI32:BQ32) -> 0 | CK32: =CJ32/655.957 -> 0 | CM32: =CJ32*12 -> 0 | CN32: =CM32/655.957 -> 0
A33: 26 | H33: 0 | I33: 0 | L33: 1 | M33: 84343 | O33: =N33/655.957 -> 0 | Y33: =((N33+AB33)*10%)*0 -> 0 | Z33: =((O33+AC33)*25%)*0 -> 0 | AA33: =((P33+AD33)*50%)*0 -> 0 | AI33: =SUM(N33,Q33:AG33)*L33 -> 0 | AJ33: =AI33/655.957 -> 0 | AL33: =IF(AI33>1200000,48000,AI33*0.04) -> 0 | AN33: =IF(AI33>1200000,96000,AI33*0.08) -> 0 | AO33: =IF(AI33>600000,600000*12.28%,AI33*12.28%) -> 0 | AP33: =IF(AI33>600000,600000*2.25%,AI33*2.25%)*0 -> 0 | AQ33: =AI33*4.5% -> 0 | AR33: =AI33*3% -> 0 | AS33: =AI33*10%*0 -> 0 | AV33: =SUM(AN33:AU33) -> 0 | AX33: =AI33-AL33 -> 0 | AY33: =BC33/655.957 -> 0 | BA33: 1 | BC33: =((AI33*12)-(AL33*12))*80% -> 0 | BD33: =BC33/BA33 -> 0 | BE33: =(IF(BD33<464000,BA33*0.01*BD33,IF(BD33<1000000,(4640+(BD33-464000)*0.1)*BA33,IF(BD33<3000000,(4640+53600+(BD33-1000000)*0.25)*BA33,(4640+53600+500000+(BD33-3000000)*0.4)*BA33))))/12 -> 0 | BF33: =((AI33-AL33)-500000)*0.5% -> -2500 | BO33: =BM33*BN33 -> 0 | BU33: =AX33-BE33+SUM(BI33:BQ33)-BS33-BG33 -> 0 | BV33: =+BU33/655.957 -> 0 | BX33: =(AI33-BI33-BJ33-BK33-BG263-BP33-BQ33)/12 -> 0 | BY33: =+BX33/655.957 -> 0 | BZ33: =(BX33/12)+BU33 -> 0 | CA33: =+BZ33/655.957 -> 0 | CC33: =((N33*13/12)*35%)/12 -> 0 | CD33: =+CC33/655.957 -> 0 | CF33: =AI33*0.02 -> 0 | CG33: =CF33/655.957 -> 0 | CJ33: =(AI33+AV33+CC33+CF33)*(13/12)+SUM(BI33:BQ33) -> 0 | CK33: =CJ33/655.957 -> 0 | CM33: =CJ33*12 -> 0 | CN33: =CM33/655.957 -> 0
A34: 27 | H34: 0 | I34: 0 | L34: 1 | M34: 84343 | O34: =N34/655.957 -> 0 | Y34: =((N34+AB34)*10%)*0 -> 0 | Z34: =((O34+AC34)*25%)*0 -> 0 | AA34: =((P34+AD34)*50%)*0 -> 0 | AI34: =SUM(N34,Q34:AG34)*L34 -> 0 | AJ34: =AI34/655.957 -> 0 | AL34: =IF(AI34>1200000,48000,AI34*0.04) -> 0 | AN34: =IF(AI34>1200000,96000,AI34*0.08) -> 0 | AO34: =IF(AI34>600000,600000*12.28%,AI34*12.28%) -> 0 | AP34: =IF(AI34>600000,600000*2.25%,AI34*2.25%)*0 -> 0 | AQ34: =AI34*4.5% -> 0 | AR34: =AI34*3% -> 0 | AS34: =AI34*10%*0 -> 0 | AV34: =SUM(AN34:AU34) -> 0 | AX34: =AI34-AL34 -> 0 | AY34: =BC34/655.957 -> 0 | BA34: 1 | BC34: =((AI34*12)-(AL34*12))*80% -> 0 | BD34: =BC34/BA34 -> 0 | BE34: =(IF(BD34<464000,BA34*0.01*BD34,IF(BD34<1000000,(4640+(BD34-464000)*0.1)*BA34,IF(BD34<3000000,(4640+53600+(BD34-1000000)*0.25)*BA34,(4640+53600+500000+(BD34-3000000)*0.4)*BA34))))/12 -> 0 | BF34: =((AI34-AL34)-500000)*0.5% -> -2500 | BO34: =BM34*BN34 -> 0 | BU34: =AX34-BE34+SUM(BI34:BQ34)-BS34-BG34 -> 0 | BV34: =+BU34/655.957 -> 0 | BX34: =(AI34-BI34-BJ34-BK34-BG264-BP34-BQ34)/12 -> 0 | BY34: =+BX34/655.957 -> 0 | BZ34: =(BX34/12)+BU34 -> 0 | CA34: =+BZ34/655.957 -> 0 | CC34: =((N34*13/12)*35%)/12 -> 0 | CD34: =+CC34/655.957 -> 0 | CF34: =AI34*0.02 -> 0 | CG34: =CF34/655.957 -> 0 | CJ34: =(AI34+AV34+CC34+CF34)*(13/12)+SUM(BI34:BQ34) -> 0 | CK34: =CJ34/655.957 -> 0 | CM34: =CJ34*12 -> 0 | CN34: =CM34/655.957 -> 0
A35: 28 | H35: 0 | I35: 0 | L35: 1 | M35: 84343 | O35: =N35/655.957 -> 0 | Y35: =((N35+AB35)*10%)*0 -> 0 | Z35: =((O35+AC35)*25%)*0 -> 0 | AA35: =((P35+AD35)*50%)*0 -> 0 | AI35: =SUM(N35,Q35:AG35)*L35 -> 0 | AJ35: =AI35/655.957 -> 0 | AL35: =IF(AI35>1200000,48000,AI35*0.04) -> 0 | AN35: =IF(AI35>1200000,96000,AI35*0.08) -> 0 | AO35: =IF(AI35>600000,600000*12.28%,AI35*12.28%) -> 0 | AP35: =IF(AI35>600000,600000*2.25%,AI35*2.25%)*0 -> 0 | AQ35: =AI35*4.5% -> 0 | AR35: =AI35*3% -> 0 | AS35: =AI35*10%*0 -> 0 | AV35: =SUM(AN35:AU35) -> 0 | AX35: =AI35-AL35 -> 0 | AY35: =BC35/655.957 -> 0 | BA35: 1 | BC35: =((AI35*12)-(AL35*12))*80% -> 0 | BD35: =BC35/BA35 -> 0 | BE35: =(IF(BD35<464000,BA35*0.01*BD35,IF(BD35<1000000,(4640+(BD35-464000)*0.1)*BA35,IF(BD35<3000000,(4640+53600+(BD35-1000000)*0.25)*BA35,(4640+53600+500000+(BD35-3000000)*0.4)*BA35))))/12 -> 0 | BF35: =((AI35-AL35)-500000)*0.5% -> -2500 | BO35: =BM35*BN35 -> 0 | BU35: =AX35-BE35+SUM(BI35:BQ35)-BS35-BG35 -> 0 | BV35: =+BU35/655.957 -> 0 | BX35: =(AI35-BI35-BJ35-BK35-BG265-BP35-BQ35)/12 -> 0 | BY35: =+BX35/655.957 -> 0 | BZ35: =(BX35/12)+BU35 -> 0 | CA35: =+BZ35/655.957 -> 0 | CC35: =((N35*13/12)*35%)/12 -> 0 | CD35: =+CC35/655.957 -> 0 | CF35: =AI35*0.02 -> 0 | CG35: =CF35/655.957 -> 0 | CJ35: =(AI35+AV35+CC35+CF35)*(13/12)+SUM(BI35:BQ35) -> 0 | CK35: =CJ35/655.957 -> 0 | CM35: =CJ35*12 -> 0 | CN35: =CM35/655.957 -> 0
A36: 29 | H36: 0 | I36: 0 | L36: 1 | M36: 84343 | O36: =N36/655.957 -> 0 | Y36: =((N36+AB36)*10%)*0 -> 0 | Z36: =((O36+AC36)*25%)*0 -> 0 | AA36: =((P36+AD36)*50%)*0 -> 0 | AI36: =SUM(N36,Q36:AG36)*L36 -> 0 | AJ36: =AI36/655.957 -> 0 | AL36: =IF(AI36>1200000,48000,AI36*0.04) -> 0 | AN36: =IF(AI36>1200000,96000,AI36*0.08) -> 0 | AO36: =IF(AI36>600000,600000*12.28%,AI36*12.28%) -> 0 | AP36: =IF(AI36>600000,600000*2.25%,AI36*2.25%)*0 -> 0 | AQ36: =AI36*4.5% -> 0 | AR36: =AI36*3% -> 0 | AS36: =AI36*10%*0 -> 0 | AV36: =SUM(AN36:AU36) -> 0 | AX36: =AI36-AL36 -> 0 | AY36: =BC36/655.957 -> 0 | BA36: 1 | BC36: =((AI36*12)-(AL36*12))*80% -> 0 | BD36: =BC36/BA36 -> 0 | BE36: =(IF(BD36<464000,BA36*0.01*BD36,IF(BD36<1000000,(4640+(BD36-464000)*0.1)*BA36,IF(BD36<3000000,(4640+53600+(BD36-1000000)*0.25)*BA36,(4640+53600+500000+(BD36-3000000)*0.4)*BA36))))/12 -> 0 | BF36: =((AI36-AL36)-500000)*0.5% -> -2500 | BO36: =BM36*BN36 -> 0 | BU36: =AX36-BE36+SUM(BI36:BQ36)-BS36-BG36 -> 0 | BV36: =+BU36/655.957 -> 0 | BX36: =(AI36-BI36-BJ36-BK36-BG266-BP36-BQ36)/12 -> 0 | BY36: =+BX36/655.957 -> 0 | BZ36: =(BX36/12)+BU36 -> 0 | CA36: =+BZ36/655.957 -> 0 | CC36: =((N36*13/12)*35%)/12 -> 0 | CD36: =+CC36/655.957 -> 0 | CF36: =AI36*0.02 -> 0 | CG36: =CF36/655.957 -> 0 | CJ36: =(AI36+AV36+CC36+CF36)*(13/12)+SUM(BI36:BQ36) -> 0 | CK36: =CJ36/655.957 -> 0 | CM36: =CJ36*12 -> 0 | CN36: =CM36/655.957 -> 0
A37: 30 | H37: 0 | I37: 0 | L37: 1 | M37: 84343 | O37: =N37/655.957 -> 0 | Y37: =((N37+AB37)*10%)*0 -> 0 | Z37: =((O37+AC37)*25%)*0 -> 0 | AA37: =((P37+AD37)*50%)*0 -> 0 | AI37: =SUM(N37,Q37:AG37)*L37 -> 0 | AJ37: =AI37/655.957 -> 0 | AL37: =IF(AI37>1200000,48000,AI37*0.04) -> 0 | AN37: =IF(AI37>1200000,96000,AI37*0.08) -> 0 | AO37: =IF(AI37>600000,600000*12.28%,AI37*12.28%) -> 0 | AP37: =IF(AI37>600000,600000*2.25%,AI37*2.25%)*0 -> 0 | AQ37: =AI37*4.5% -> 0 | AR37: =AI37*3% -> 0 | AS37: =AI37*10%*0 -> 0 | AV37: =SUM(AN37:AU37) -> 0 | AX37: =AI37-AL37 -> 0 | AY37: =BC37/655.957 -> 0 | BA37: 1 | BC37: =((AI37*12)-(AL37*12))*80% -> 0 | BD37: =BC37/BA37 -> 0 | BE37: =(IF(BD37<464000,BA37*0.01*BD37,IF(BD37<1000000,(4640+(BD37-464000)*0.1)*BA37,IF(BD37<3000000,(4640+53600+(BD37-1000000)*0.25)*BA37,(4640+53600+500000+(BD37-3000000)*0.4)*BA37))))/12 -> 0 | BF37: =((AI37-AL37)-500000)*0.5% -> -2500 | BO37: =BM37*BN37 -> 0 | BU37: =AX37-BE37+SUM(BI37:BQ37)-BS37-BG37 -> 0 | BV37: =+BU37/655.957 -> 0 | BX37: =(AI37-BI37-BJ37-BK37-BG267-BP37-BQ37)/12 -> 0 | BY37: =+BX37/655.957 -> 0 | BZ37: =(BX37/12)+BU37 -> 0 | CA37: =+BZ37/655.957 -> 0 | CC37: =((N37*13/12)*35%)/12 -> 0 | CD37: =+CC37/655.957 -> 0 | CF37: =AI37*0.02 -> 0 | CG37: =CF37/655.957 -> 0 | CJ37: =(AI37+AV37+CC37+CF37)*(13/12)+SUM(BI37:BQ37) -> 0 | CK37: =CJ37/655.957 -> 0 | CM37: =CJ37*12 -> 0 | CN37: =CM37/655.957 -> 0
A38: 31 | H38: 0 | I38: 0 | L38: 1 | O38: =N38/655.957 -> 0 | Y38: =((N38+AB38)*10%)*0 -> 0 | Z38: =((O38+AC38)*25%)*0 -> 0 | AA38: =((P38+AD38)*50%)*0 -> 0 | AI38: =SUM(N38,Q38:AG38)*L38 -> 0 | AJ38: =AI38/655.957 -> 0 | AL38: =IF(AI38>1200000,48000,AI38*0.04) -> 0 | AN38: =IF(AI38>1200000,96000,AI38*0.08) -> 0 | AO38: =IF(AI38>600000,600000*12.28%,AI38*12.28%) -> 0 | AP38: =IF(AI38>600000,600000*2.25%,AI38*2.25%)*0 -> 0 | AQ38: =AI38*4.5% -> 0 | AR38: =AI38*3% -> 0 | AS38: =AI38*10%*0 -> 0 | AV38: =SUM(AN38:AU38) -> 0 | AX38: =AI38-AL38 -> 0 | AY38: =BC38/655.957 -> 0 | BA38: 1 | BC38: =((AI38*12)-(AL38*12))*80% -> 0 | BD38: =BC38/BA38 -> 0 | BE38: =(IF(BD38<464000,BA38*0.01*BD38,IF(BD38<1000000,(4640+(BD38-464000)*0.1)*BA38,IF(BD38<3000000,(4640+53600+(BD38-1000000)*0.25)*BA38,(4640+53600+500000+(BD38-3000000)*0.4)*BA38))))/12 -> 0 | BF38: =((AI38-AL38)-500000)*0.5% -> -2500 | BO38: =BM38*BN38 -> 0 | BU38: =AX38-BE38+SUM(BI38:BQ38)-BS38-BG38 -> 0 | BV38: =+BU38/655.957 -> 0 | BX38: =(AI38-BI38-BJ38-BK38-BO38-BP38-BQ38)/12 -> 0 | BY38: =+BX38/655.957 -> 0 | BZ38: =(BX38/12)+BU38 -> 0 | CA38: =+BZ38/655.957 -> 0 | CC38: =((N38*13/12)*35%)/12 -> 0 | CD38: =+CC38/655.957 -> 0 | CF38: =AI38*0.02 -> 0 | CG38: =CF38/655.957 -> 0 | CJ38: =(AI38+AV38+CC38+CF38)*(13/12)+SUM(BI38:BQ38) -> 0 | CK38: =CJ38/655.957 -> 0 | CM38: =CJ38*12 -> 0 | CN38: =CM38/655.957 -> 0
A39: 32 | H39: 0 | I39: 0 | L39: 1 | O39: =N39/655.957 -> 0 | Y39: =((N39+AB39)*10%)*0 -> 0 | Z39: =((O39+AC39)*25%)*0 -> 0 | AA39: =((P39+AD39)*50%)*0 -> 0 | AI39: =SUM(N39,Q39:AG39)*L39 -> 0 | AJ39: =AI39/655.957 -> 0 | AL39: =IF(AI39>1200000,48000,AI39*0.04) -> 0 | AN39: =IF(AI39>1200000,96000,AI39*0.08) -> 0 | AO39: =IF(AI39>600000,600000*12.28%,AI39*12.28%) -> 0 | AP39: =IF(AI39>600000,600000*2.25%,AI39*2.25%)*0 -> 0 | AQ39: =AI39*4.5% -> 0 | AR39: =AI39*3% -> 0 | AS39: =AI39*10%*0 -> 0 | AV39: =SUM(AN39:AU39) -> 0 | AX39: =AI39-AL39 -> 0 | AY39: =BC39/655.957 -> 0 | BA39: 1 | BC39: =((AI39*12)-(AL39*12))*80% -> 0 | BD39: =BC39/BA39 -> 0 | BE39: =(IF(BD39<464000,BA39*0.01*BD39,IF(BD39<1000000,(4640+(BD39-464000)*0.1)*BA39,IF(BD39<3000000,(4640+53600+(BD39-1000000)*0.25)*BA39,(4640+53600+500000+(BD39-3000000)*0.4)*BA39))))/12 -> 0 | BF39: =((AI39-AL39)-500000)*0.5% -> -2500 | BO39: =BM39*BN39 -> 0 | BU39: =AX39-BE39+SUM(BI39:BQ39)-BS39-BG39 -> 0 | BV39: =+BU39/655.957 -> 0 | BX39: =(AI39-BI39-BJ39-BK39-BG275-BP39-BQ39)/12 -> 0 | BY39: =+BX39/655.957 -> 0 | BZ39: =(BX39/12)+BU39 -> 0 | CA39: =+BZ39/655.957 -> 0 | CC39: =((N39*13/12)*35%)/12 -> 0 | CD39: =+CC39/655.957 -> 0 | CF39: =AI39*0.02 -> 0 | CG39: =CF39/655.957 -> 0 | CJ39: =(AI39+AV39+CC39+CF39)*(13/12)+SUM(BI39:BQ39) -> 0 | CK39: =CJ39/655.957 -> 0 | CM39: =CJ39*12 -> 0 | CN39: =CM39/655.957 -> 0
A40: 33 | H40: 0 | I40: 0 | L40: 1 | M40: 84343 | O40: =N40/655.957 -> 0 | Y40: =((N40+AB40)*10%)*0 -> 0 | Z40: =((O40+AC40)*25%)*0 -> 0 | AA40: =((P40+AD40)*50%)*0 -> 0 | AI40: =SUM(N40,Q40:AG40)*L40 -> 0 | AJ40: =AI40/655.957 -> 0 | AL40: =IF(AI40>1200000,48000,AI40*0.04) -> 0 | AN40: =IF(AI40>1200000,96000,AI40*0.08) -> 0 | AO40: =IF(AI40>600000,600000*12.28%,AI40*12.28%) -> 0 | AP40: =IF(AI40>600000,600000*2.25%,AI40*2.25%)*0 -> 0 | AQ40: =AI40*4.5% -> 0 | AR40: =AI40*3% -> 0 | AS40: =AI40*10%*0 -> 0 | AV40: =SUM(AN40:AU40) -> 0 | AX40: =AI40-AL40 -> 0 | AY40: =BC40/655.957 -> 0 | BA40: 1 | BC40: =((AI40*12)-(AL40*12))*80% -> 0 | BD40: =BC40/BA40 -> 0 | BE40: =(IF(BD40<464000,BA40*0.01*BD40,IF(BD40<1000000,(4640+(BD40-464000)*0.1)*BA40,IF(BD40<3000000,(4640+53600+(BD40-1000000)*0.25)*BA40,(4640+53600+500000+(BD40-3000000)*0.4)*BA40))))/12 -> 0 | BF40: =((AI40-AL40)-500000)*0.5% -> -2500 | BO40: =BM40*BN40 -> 0 | BU40: =AX40-BE40+SUM(BI40:BQ40)-BS40-BG40 -> 0 | BV40: =+BU40/655.957 -> 0 | BX40: =(AI40-BI40-BJ40-BK40-BG270-BP40-BQ40)/12 -> 0 | BY40: =+BX40/655.957 -> 0 | BZ40: =(BX40/12)+BU40 -> 0 | CA40: =+BZ40/655.957 -> 0 | CC40: =((N40*13/12)*35%)/12 -> 0 | CD40: =+CC40/655.957 -> 0 | CF40: =AI40*0.02 -> 0 | CG40: =CF40/655.957 -> 0 | CJ40: =(AI40+AV40+CC40+CF40)*(13/12)+SUM(BI40:BQ40) -> 0 | CK40: =CJ40/655.957 -> 0 | CM40: =CJ40*12 -> 0 | CN40: =CM40/655.957 -> 0
A41: 34 | H41: 0 | I41: 0 | L41: 1 | M41: 84343 | O41: =N41/655.957 -> 0 | Y41: =((N41+AB41)*10%)*0 -> 0 | Z41: =((O41+AC41)*25%)*0 -> 0 | AA41: =((P41+AD41)*50%)*0 -> 0 | AI41: =SUM(N41,Q41:AG41)*L41 -> 0 | AJ41: =AI41/655.957 -> 0 | AL41: =IF(AI41>1200000,48000,AI41*0.04) -> 0 | AN41: =IF(AI41>1200000,96000,AI41*0.08) -> 0 | AO41: =IF(AI41>600000,600000*12.28%,AI41*12.28%) -> 0 | AP41: =IF(AI41>600000,600000*2.25%,AI41*2.25%)*0 -> 0 | AQ41: =AI41*4.5% -> 0 | AR41: =AI41*3% -> 0 | AS41: =AI41*10%*0 -> 0 | AV41: =SUM(AN41:AU41) -> 0 | AX41: =AI41-AL41 -> 0 | AY41: =BC41/655.957 -> 0 | BA41: 1 | BC41: =((AI41*12)-(AL41*12))*80% -> 0 | BD41: =BC41/BA41 -> 0 | BE41: =(IF(BD41<464000,BA41*0.01*BD41,IF(BD41<1000000,(4640+(BD41-464000)*0.1)*BA41,IF(BD41<3000000,(4640+53600+(BD41-1000000)*0.25)*BA41,(4640+53600+500000+(BD41-3000000)*0.4)*BA41))))/12 -> 0 | BF41: =((AI41-AL41)-500000)*0.5% -> -2500 | BO41: =BM41*BN41 -> 0 | BU41: =AX41-BE41+SUM(BI41:BQ41)-BS41-BG41 -> 0 | BV41: =+BU41/655.957 -> 0 | BX41: =(AI41-BI41-BJ41-BK41-BG271-BP41-BQ41)/12 -> 0 | BY41: =+BX41/655.957 -> 0 | BZ41: =(BX41/12)+BU41 -> 0 | CA41: =+BZ41/655.957 -> 0 | CC41: =((N41*13/12)*35%)/12 -> 0 | CD41: =+CC41/655.957 -> 0 | CF41: =AI41*0.02 -> 0 | CG41: =CF41/655.957 -> 0 | CJ41: =(AI41+AV41+CC41+CF41)*(13/12)+SUM(BI41:BQ41) -> 0 | CK41: =CJ41/655.957 -> 0 | CM41: =CJ41*12 -> 0 | CN41: =CM41/655.957 -> 0
A42: 35 | H42: 0 | I42: 0 | L42: 1 | M42: 84343 | O42: =N42/655.957 -> 0 | Y42: =((N42+AB42)*10%)*0 -> 0 | Z42: =((O42+AC42)*25%)*0 -> 0 | AA42: =((P42+AD42)*50%)*0 -> 0 | AI42: =SUM(N42,Q42:AG42)*L42 -> 0 | AJ42: =AI42/655.957 -> 0 | AL42: =IF(AI42>1200000,48000,AI42*0.04) -> 0 | AN42: =IF(AI42>1200000,96000,AI42*0.08) -> 0 | AO42: =IF(AI42>600000,600000*12.28%,AI42*12.28%) -> 0 | AP42: =IF(AI42>600000,600000*2.25%,AI42*2.25%)*0 -> 0 | AQ42: =AI42*4.5% -> 0 | AR42: =AI42*3% -> 0 | AS42: =AI42*10%*0 -> 0 | AV42: =SUM(AN42:AU42) -> 0 | AX42: =AI42-AL42 -> 0 | AY42: =BC42/655.957 -> 0 | BA42: 1 | BC42: =((AI42*12)-(AL42*12))*80% -> 0 | BD42: =BC42/BA42 -> 0 | BE42: =(IF(BD42<464000,BA42*0.01*BD42,IF(BD42<1000000,(4640+(BD42-464000)*0.1)*BA42,IF(BD42<3000000,(4640+53600+(BD42-1000000)*0.25)*BA42,(4640+53600+500000+(BD42-3000000)*0.4)*BA42))))/12 -> 0 | BF42: =((AI42-AL42)-500000)*0.5% -> -2500 | BO42: =BM42*BN42 -> 0 | BU42: =AX42-BE42+SUM(BI42:BQ42)-BS42-BG42 -> 0 | BV42: =+BU42/655.957 -> 0 | BX42: =(AI42-BI42-BJ42-BK42-BG272-BP42-BQ42)/12 -> 0 | BY42: =+BX42/655.957 -> 0 | BZ42: =(BX42/12)+BU42 -> 0 | CA42: =+BZ42/655.957 -> 0 | CC42: =((N42*13/12)*35%)/12 -> 0 | CD42: =+CC42/655.957 -> 0 | CF42: =AI42*0.02 -> 0 | CG42: =CF42/655.957 -> 0 | CJ42: =(AI42+AV42+CC42+CF42)*(13/12)+SUM(BI42:BQ42) -> 0 | CK42: =CJ42/655.957 -> 0 | CM42: =CJ42*12 -> 0 | CN42: =CM42/655.957 -> 0
A43: 36 | H43: 0 | I43: 0 | L43: 1 | M43: 84343 | O43: =N43/655.957 -> 0 | Y43: =((N43+AB43)*10%)*0 -> 0 | Z43: =((O43+AC43)*25%)*0 -> 0 | AA43: =((P43+AD43)*50%)*0 -> 0 | AI43: =SUM(N43,Q43:AG43)*L43 -> 0 | AJ43: =AI43/655.957 -> 0 | AL43: =IF(AI43>1200000,48000,AI43*0.04) -> 0 | AN43: =IF(AI43>1200000,96000,AI43*0.08) -> 0 | AO43: =IF(AI43>600000,600000*12.28%,AI43*12.28%) -> 0 | AP43: =IF(AI43>600000,600000*2.25%,AI43*2.25%)*0 -> 0 | AQ43: =AI43*4.5% -> 0 | AR43: =AI43*3% -> 0 | AS43: =AI43*10%*0 -> 0 | AV43: =SUM(AN43:AU43) -> 0 | AX43: =AI43-AL43 -> 0 | AY43: =BC43/655.957 -> 0 | BA43: 1 | BC43: =((AI43*12)-(AL43*12))*80% -> 0 | BD43: =BC43/BA43 -> 0 | BE43: =(IF(BD43<464000,BA43*0.01*BD43,IF(BD43<1000000,(4640+(BD43-464000)*0.1)*BA43,IF(BD43<3000000,(4640+53600+(BD43-1000000)*0.25)*BA43,(4640+53600+500000+(BD43-3000000)*0.4)*BA43))))/12 -> 0 | BF43: =((AI43-AL43)-500000)*0.5% -> -2500 | BO43: =BM43*BN43 -> 0 | BU43: =AX43-BE43+SUM(BI43:BQ43)-BS43-BG43 -> 0 | BV43: =+BU43/655.957 -> 0 | BX43: =(AI43-BI43-BJ43-BK43-BG273-BP43-BQ43)/12 -> 0 | BY43: =+BX43/655.957 -> 0 | BZ43: =(BX43/12)+BU43 -> 0 | CA43: =+BZ43/655.957 -> 0 | CC43: =((N43*13/12)*35%)/12 -> 0 | CD43: =+CC43/655.957 -> 0 | CF43: =AI43*0.02 -> 0 | CG43: =CF43/655.957 -> 0 | CJ43: =(AI43+AV43+CC43+CF43)*(13/12)+SUM(BI43:BQ43) -> 0 | CK43: =CJ43/655.957 -> 0 | CM43: =CJ43*12 -> 0 | CN43: =CM43/655.957 -> 0
A44: 37 | H44: 0 | I44: 0 | L44: 1 | M44: 84343 | O44: =N44/655.957 -> 0 | Y44: =((N44+AB44)*10%)*0 -> 0 | Z44: =((O44+AC44)*25%)*0 -> 0 | AA44: =((P44+AD44)*50%)*0 -> 0 | AI44: =SUM(N44,Q44:AG44)*L44 -> 0 | AJ44: =AI44/655.957 -> 0 | AL44: =IF(AI44>1200000,48000,AI44*0.04) -> 0 | AN44: =IF(AI44>1200000,96000,AI44*0.08) -> 0 | AO44: =IF(AI44>600000,600000*12.28%,AI44*12.28%) -> 0 | AP44: =IF(AI44>600000,600000*2.25%,AI44*2.25%)*0 -> 0 | AQ44: =AI44*4.5% -> 0 | AR44: =AI44*3% -> 0 | AS44: =AI44*10%*0 -> 0 | AV44: =SUM(AN44:AU44) -> 0 | AX44: =AI44-AL44 -> 0 | AY44: =BC44/655.957 -> 0 | BA44: 1 | BC44: =((AI44*12)-(AL44*12))*80% -> 0 | BD44: =BC44/BA44 -> 0 | BE44: =(IF(BD44<464000,BA44*0.01*BD44,IF(BD44<1000000,(4640+(BD44-464000)*0.1)*BA44,IF(BD44<3000000,(4640+53600+(BD44-1000000)*0.25)*BA44,(4640+53600+500000+(BD44-3000000)*0.4)*BA44))))/12 -> 0 | BF44: =((AI44-AL44)-500000)*0.5% -> -2500 | BO44: =BM44*BN44 -> 0 | BU44: =AX44-BE44+SUM(BI44:BQ44)-BS44-BG44 -> 0 | BV44: =+BU44/655.957 -> 0 | BX44: =(AI44-BI44-BJ44-BK44-BG274-BP44-BQ44)/12 -> 0 | BY44: =+BX44/655.957 -> 0 | BZ44: =(BX44/12)+BU44 -> 0 | CA44: =+BZ44/655.957 -> 0 | CC44: =((N44*13/12)*35%)/12 -> 0 | CD44: =+CC44/655.957 -> 0 | CF44: =AI44*0.02 -> 0 | CG44: =CF44/655.957 -> 0 | CJ44: =(AI44+AV44+CC44+CF44)*(13/12)+SUM(BI44:BQ44) -> 0 | CK44: =CJ44/655.957 -> 0 | CM44: =CJ44*12 -> 0 | CN44: =CM44/655.957 -> 0
A45: 38 | H45: 0 | I45: 0 | L45: 1 | M45: 84343 | O45: =N45/655.957 -> 0 | Y45: =((N45+AB45)*10%)*0 -> 0 | Z45: =((O45+AC45)*25%)*0 -> 0 | AA45: =((P45+AD45)*50%)*0 -> 0 | AI45: =SUM(N45,Q45:AG45)*L45 -> 0 | AJ45: =AI45/655.957 -> 0 | AL45: =IF(AI45>1200000,48000,AI45*0.04) -> 0 | AN45: =IF(AI45>1200000,96000,AI45*0.08) -> 0 | AO45: =IF(AI45>600000,600000*12.28%,AI45*12.28%) -> 0 | AP45: =IF(AI45>600000,600000*2.25%,AI45*2.25%)*0 -> 0 | AQ45: =AI45*4.5% -> 0 | AR45: =AI45*3% -> 0 | AS45: =AI45*10%*0 -> 0 | AV45: =SUM(AN45:AU45) -> 0 | AX45: =AI45-AL45 -> 0 | AY45: =BC45/655.957 -> 0 | BA45: 1 | BC45: =((AI45*12)-(AL45*12))*80% -> 0 | BD45: =BC45/BA45 -> 0 | BE45: =(IF(BD45<464000,BA45*0.01*BD45,IF(BD45<1000000,(4640+(BD45-464000)*0.1)*BA45,IF(BD45<3000000,(4640+53600+(BD45-1000000)*0.25)*BA45,(4640+53600+500000+(BD45-3000000)*0.4)*BA45))))/12 -> 0 | BF45: =((AI45-AL45)-500000)*0.5% -> -2500 | BO45: =BM45*BN45 -> 0 | BU45: =AX45-BE45+SUM(BI45:BQ45)-BS45-BG45 -> 0 | BV45: =+BU45/655.957 -> 0 | BX45: =(AI45-BI45-BJ45-BK45-BG275-BP45-BQ45)/12 -> 0 | BY45: =+BX45/655.957 -> 0 | BZ45: =(BX45/12)+BU45 -> 0 | CA45: =+BZ45/655.957 -> 0 | CC45: =((N45*13/12)*35%)/12 -> 0 | CD45: =+CC45/655.957 -> 0 | CF45: =AI45*0.02 -> 0 | CG45: =CF45/655.957 -> 0 | CJ45: =(AI45+AV45+CC45+CF45)*(13/12)+SUM(BI45:BQ45) -> 0 | CK45: =CJ45/655.957 -> 0 | CM45: =CJ45*12 -> 0 | CN45: =CM45/655.957 -> 0
A46: 39 | H46: 0 | I46: 0 | L46: 1 | M46: 84343 | O46: =N46/655.957 -> 0 | Y46: =((N46+AB46)*10%)*0 -> 0 | Z46: =((O46+AC46)*25%)*0 -> 0 | AA46: =((P46+AD46)*50%)*0 -> 0 | AI46: =SUM(N46,Q46:AG46)*L46 -> 0 | AJ46: =AI46/655.957 -> 0 | AL46: =IF(AI46>1200000,48000,AI46*0.04) -> 0 | AN46: =IF(AI46>1200000,96000,AI46*0.08) -> 0 | AO46: =IF(AI46>600000,600000*12.28%,AI46*12.28%) -> 0 | AP46: =IF(AI46>600000,600000*2.25%,AI46*2.25%)*0 -> 0 | AQ46: =AI46*4.5% -> 0 | AR46: =AI46*3% -> 0 | AS46: =AI46*10%*0 -> 0 | AV46: =SUM(AN46:AU46) -> 0 | AX46: =AI46-AL46 -> 0 | AY46: =BC46/655.957 -> 0 | BA46: 1 | BC46: =((AI46*12)-(AL46*12))*80% -> 0 | BD46: =BC46/BA46 -> 0 | BE46: =(IF(BD46<464000,BA46*0.01*BD46,IF(BD46<1000000,(4640+(BD46-464000)*0.1)*BA46,IF(BD46<3000000,(4640+53600+(BD46-1000000)*0.25)*BA46,(4640+53600+500000+(BD46-3000000)*0.4)*BA46))))/12 -> 0 | BF46: =((AI46-AL46)-500000)*0.5% -> -2500 | BO46: =BM46*BN46 -> 0 | BU46: =AX46-BE46+SUM(BI46:BQ46)-BS46-BG46 -> 0 | BV46: =+BU46/655.957 -> 0 | BX46: =(AI46-BI46-BJ46-BK46-BG276-BP46-BQ46)/12 -> 0 | BY46: =+BX46/655.957 -> 0 | BZ46: =(BX46/12)+BU46 -> 0 | CA46: =+BZ46/655.957 -> 0 | CC46: =((N46*13/12)*35%)/12 -> 0 | CD46: =+CC46/655.957 -> 0 | CF46: =AI46*0.02 -> 0 | CG46: =CF46/655.957 -> 0 | CJ46: =(AI46+AV46+CC46+CF46)*(13/12)+SUM(BI46:BQ46) -> 0 | CK46: =CJ46/655.957 -> 0 | CM46: =CJ46*12 -> 0 | CN46: =CM46/655.957 -> 0
A47: 40 | H47: 0 | I47: 0 | L47: 1 | M47: 84343 | O47: =N47/655.957 -> 0 | Y47: =((N47+AB47)*10%)*0 -> 0 | Z47: =((O47+AC47)*25%)*0 -> 0 | AA47: =((P47+AD47)*50%)*0 -> 0 | AI47: =SUM(N47,Q47:AG47)*L47 -> 0 | AJ47: =AI47/655.957 -> 0 | AL47: =IF(AI47>1200000,48000,AI47*0.04) -> 0 | AN47: =IF(AI47>1200000,96000,AI47*0.08) -> 0 | AO47: =IF(AI47>600000,600000*12.28%,AI47*12.28%) -> 0 | AP47: =IF(AI47>600000,600000*2.25%,AI47*2.25%)*0 -> 0 | AQ47: =AI47*4.5% -> 0 | AR47: =AI47*3% -> 0 | AS47: =AI47*10%*0 -> 0 | AV47: =SUM(AN47:AU47) -> 0 | AX47: =AI47-AL47 -> 0 | AY47: =BC47/655.957 -> 0 | BA47: 1 | BC47: =((AI47*12)-(AL47*12))*80% -> 0 | BD47: =BC47/BA47 -> 0 | BE47: =(IF(BD47<464000,BA47*0.01*BD47,IF(BD47<1000000,(4640+(BD47-464000)*0.1)*BA47,IF(BD47<3000000,(4640+53600+(BD47-1000000)*0.25)*BA47,(4640+53600+500000+(BD47-3000000)*0.4)*BA47))))/12 -> 0 | BF47: =((AI47-AL47)-500000)*0.5% -> -2500 | BO47: =BM47*BN47 -> 0 | BU47: =AX47-BE47+SUM(BI47:BQ47)-BS47-BG47 -> 0 | BV47: =+BU47/655.957 -> 0 | BX47: =(AI47-BI47-BJ47-BK47-BG277-BP47-BQ47)/12 -> 0 | BY47: =+BX47/655.957 -> 0 | BZ47: =(BX47/12)+BU47 -> 0 | CA47: =+BZ47/655.957 -> 0 | CC47: =((N47*13/12)*35%)/12 -> 0 | CD47: =+CC47/655.957 -> 0 | CF47: =AI47*0.02 -> 0 | CG47: =CF47/655.957 -> 0 | CJ47: =(AI47+AV47+CC47+CF47)*(13/12)+SUM(BI47:BQ47) -> 0 | CK47: =CJ47/655.957 -> 0 | CM47: =CJ47*12 -> 0 | CN47: =CM47/655.957 -> 0
A48: 41 | H48: 0 | I48: 0 | L48: 1 | O48: =N48/655.957 -> 0 | Y48: =((N48+AB48)*10%)*0 -> 0 | Z48: =((O48+AC48)*25%)*0 -> 0 | AA48: =((P48+AD48)*50%)*0 -> 0 | AI48: =SUM(N48,Q48:AG48)*L48 -> 0 | AJ48: =AI48/655.957 -> 0 | AL48: =IF(AI48>1200000,48000,AI48*0.04) -> 0 | AN48: =IF(AI48>1200000,96000,AI48*0.08) -> 0 | AO48: =IF(AI48>600000,600000*12.28%,AI48*12.28%) -> 0 | AP48: =IF(AI48>600000,600000*2.25%,AI48*2.25%)*0 -> 0 | AQ48: =AI48*4.5% -> 0 | AR48: =AI48*3% -> 0 | AS48: =AI48*10%*0 -> 0 | AV48: =SUM(AN48:AU48) -> 0 | AX48: =AI48-AL48 -> 0 | AY48: =BC48/655.957 -> 0 | BA48: 1 | BC48: =((AI48*12)-(AL48*12))*80% -> 0 | BD48: =BC48/BA48 -> 0 | BE48: =(IF(BD48<464000,BA48*0.01*BD48,IF(BD48<1000000,(4640+(BD48-464000)*0.1)*BA48,IF(BD48<3000000,(4640+53600+(BD48-1000000)*0.25)*BA48,(4640+53600+500000+(BD48-3000000)*0.4)*BA48))))/12 -> 0 | BF48: =((AI48-AL48)-500000)*0.5% -> -2500 | BO48: =BM48*BN48 -> 0 | BU48: =AX48-BE48+SUM(BI48:BQ48)-BS48-BG48 -> 0 | BV48: =+BU48/655.957 -> 0 | BX48: =(AI48-BI48-BJ48-BK48-BO48-BP48-BQ48)/12 -> 0 | BY48: =+BX48/655.957 -> 0 | BZ48: =(BX48/12)+BU48 -> 0 | CA48: =+BZ48/655.957 -> 0 | CC48: =((N48*13/12)*35%)/12 -> 0 | CD48: =+CC48/655.957 -> 0 | CF48: =AI48*0.02 -> 0 | CG48: =CF48/655.957 -> 0 | CJ48: =(AI48+AV48+CC48+CF48)*(13/12)+SUM(BI48:BQ48) -> 0 | CK48: =CJ48/655.957 -> 0 | CM48: =CJ48*12 -> 0 | CN48: =CM48/655.957 -> 0
A49: 42 | H49: 0 | I49: 0 | L49: 1 | O49: =N49/655.957 -> 0 | Y49: =((N49+AB49)*10%)*0 -> 0 | Z49: =((O49+AC49)*25%)*0 -> 0 | AA49: =((P49+AD49)*50%)*0 -> 0 | AI49: =SUM(N49,Q49:AG49)*L49 -> 0 | AJ49: =AI49/655.957 -> 0 | AL49: =IF(AI49>1200000,48000,AI49*0.04) -> 0 | AN49: =IF(AI49>1200000,96000,AI49*0.08) -> 0 | AO49: =IF(AI49>600000,600000*12.28%,AI49*12.28%) -> 0 | AP49: =IF(AI49>600000,600000*2.25%,AI49*2.25%)*0 -> 0 | AQ49: =AI49*4.5% -> 0 | AR49: =AI49*3% -> 0 | AS49: =AI49*10%*0 -> 0 | AV49: =SUM(AN49:AU49) -> 0 | AX49: =AI49-AL49 -> 0 | AY49: =BC49/655.957 -> 0 | BA49: 1 | BC49: =((AI49*12)-(AL49*12))*80% -> 0 | BD49: =BC49/BA49 -> 0 | BE49: =(IF(BD49<464000,BA49*0.01*BD49,IF(BD49<1000000,(4640+(BD49-464000)*0.1)*BA49,IF(BD49<3000000,(4640+53600+(BD49-1000000)*0.25)*BA49,(4640+53600+500000+(BD49-3000000)*0.4)*BA49))))/12 -> 0 | BF49: =((AI49-AL49)-500000)*0.5% -> -2500 | BO49: =BM49*BN49 -> 0 | BU49: =AX49-BE49+SUM(BI49:BQ49)-BS49-BG49 -> 0 | BV49: =+BU49/655.957 -> 0 | BX49: =(AI49-BI49-BJ49-BK49-BG285-BP49-BQ49)/12 -> 0 | BY49: =+BX49/655.957 -> 0 | BZ49: =(BX49/12)+BU49 -> 0 | CA49: =+BZ49/655.957 -> 0 | CC49: =((N49*13/12)*35%)/12 -> 0 | CD49: =+CC49/655.957 -> 0 | CF49: =AI49*0.02 -> 0 | CG49: =CF49/655.957 -> 0 | CJ49: =(AI49+AV49+CC49+CF49)*(13/12)+SUM(BI49:BQ49) -> 0 | CK49: =CJ49/655.957 -> 0 | CM49: =CJ49*12 -> 0 | CN49: =CM49/655.957 -> 0
A50: 43 | H50: 0 | I50: 0 | L50: 1 | M50: 84343 | O50: =N50/655.957 -> 0 | Y50: =((N50+AB50)*10%)*0 -> 0 | Z50: =((O50+AC50)*25%)*0 -> 0 | AA50: =((P50+AD50)*50%)*0 -> 0 | AI50: =SUM(N50,Q50:AG50)*L50 -> 0 | AJ50: =AI50/655.957 -> 0 | AL50: =IF(AI50>1200000,48000,AI50*0.04) -> 0 | AN50: =IF(AI50>1200000,96000,AI50*0.08) -> 0 | AO50: =IF(AI50>600000,600000*12.28%,AI50*12.28%) -> 0 | AP50: =IF(AI50>600000,600000*2.25%,AI50*2.25%)*0 -> 0 | AQ50: =AI50*4.5% -> 0 | AR50: =AI50*3% -> 0 | AS50: =AI50*10%*0 -> 0 | AV50: =SUM(AN50:AU50) -> 0 | AX50: =AI50-AL50 -> 0 | AY50: =BC50/655.957 -> 0 | BA50: 1 | BC50: =((AI50*12)-(AL50*12))*80% -> 0 | BD50: =BC50/BA50 -> 0 | BE50: =(IF(BD50<464000,BA50*0.01*BD50,IF(BD50<1000000,(4640+(BD50-464000)*0.1)*BA50,IF(BD50<3000000,(4640+53600+(BD50-1000000)*0.25)*BA50,(4640+53600+500000+(BD50-3000000)*0.4)*BA50))))/12 -> 0 | BF50: =((AI50-AL50)-500000)*0.5% -> -2500 | BO50: =BM50*BN50 -> 0 | BU50: =AX50-BE50+SUM(BI50:BQ50)-BS50-BG50 -> 0 | BV50: =+BU50/655.957 -> 0 | BX50: =(AI50-BI50-BJ50-BK50-BG280-BP50-BQ50)/12 -> 0 | BY50: =+BX50/655.957 -> 0 | BZ50: =(BX50/12)+BU50 -> 0 | CA50: =+BZ50/655.957 -> 0 | CC50: =((N50*13/12)*35%)/12 -> 0 | CD50: =+CC50/655.957 -> 0 | CF50: =AI50*0.02 -> 0 | CG50: =CF50/655.957 -> 0 | CJ50: =(AI50+AV50+CC50+CF50)*(13/12)+SUM(BI50:BQ50) -> 0 | CK50: =CJ50/655.957 -> 0 | CM50: =CJ50*12 -> 0 | CN50: =CM50/655.957 -> 0
A51: 44 | H51: 0 | I51: 0 | L51: 1 | M51: 84343 | O51: =N51/655.957 -> 0 | Y51: =((N51+AB51)*10%)*0 -> 0 | Z51: =((O51+AC51)*25%)*0 -> 0 | AA51: =((P51+AD51)*50%)*0 -> 0 | AI51: =SUM(N51,Q51:AG51)*L51 -> 0 | AJ51: =AI51/655.957 -> 0 | AL51: =IF(AI51>1200000,48000,AI51*0.04) -> 0 | AN51: =IF(AI51>1200000,96000,AI51*0.08) -> 0 | AO51: =IF(AI51>600000,600000*12.28%,AI51*12.28%) -> 0 | AP51: =IF(AI51>600000,600000*2.25%,AI51*2.25%)*0 -> 0 | AQ51: =AI51*4.5% -> 0 | AR51: =AI51*3% -> 0 | AS51: =AI51*10%*0 -> 0 | AV51: =SUM(AN51:AU51) -> 0 | AX51: =AI51-AL51 -> 0 | AY51: =BC51/655.957 -> 0 | BA51: 1 | BC51: =((AI51*12)-(AL51*12))*80% -> 0 | BD51: =BC51/BA51 -> 0 | BE51: =(IF(BD51<464000,BA51*0.01*BD51,IF(BD51<1000000,(4640+(BD51-464000)*0.1)*BA51,IF(BD51<3000000,(4640+53600+(BD51-1000000)*0.25)*BA51,(4640+53600+500000+(BD51-3000000)*0.4)*BA51))))/12 -> 0 | BF51: =((AI51-AL51)-500000)*0.5% -> -2500 | BO51: =BM51*BN51 -> 0 | BU51: =AX51-BE51+SUM(BI51:BQ51)-BS51-BG51 -> 0 | BV51: =+BU51/655.957 -> 0 | BX51: =(AI51-BI51-BJ51-BK51-BG281-BP51-BQ51)/12 -> 0 | BY51: =+BX51/655.957 -> 0 | BZ51: =(BX51/12)+BU51 -> 0 | CA51: =+BZ51/655.957 -> 0 | CC51: =((N51*13/12)*35%)/12 -> 0 | CD51: =+CC51/655.957 -> 0 | CF51: =AI51*0.02 -> 0 | CG51: =CF51/655.957 -> 0 | CJ51: =(AI51+AV51+CC51+CF51)*(13/12)+SUM(BI51:BQ51) -> 0 | CK51: =CJ51/655.957 -> 0 | CM51: =CJ51*12 -> 0 | CN51: =CM51/655.957 -> 0
A52: 45 | H52: 0 | I52: 0 | L52: 1 | M52: 84343 | O52: =N52/655.957 -> 0 | Y52: =((N52+AB52)*10%)*0 -> 0 | Z52: =((O52+AC52)*25%)*0 -> 0 | AA52: =((P52+AD52)*50%)*0 -> 0 | AI52: =SUM(N52,Q52:AG52)*L52 -> 0 | AJ52: =AI52/655.957 -> 0 | AL52: =IF(AI52>1200000,48000,AI52*0.04) -> 0 | AN52: =IF(AI52>1200000,96000,AI52*0.08) -> 0 | AO52: =IF(AI52>600000,600000*12.28%,AI52*12.28%) -> 0 | AP52: =IF(AI52>600000,600000*2.25%,AI52*2.25%)*0 -> 0 | AQ52: =AI52*4.5% -> 0 | AR52: =AI52*3% -> 0 | AS52: =AI52*10%*0 -> 0 | AV52: =SUM(AN52:AU52) -> 0 | AX52: =AI52-AL52 -> 0 | AY52: =BC52/655.957 -> 0 | BA52: 1 | BC52: =((AI52*12)-(AL52*12))*80% -> 0 | BD52: =BC52/BA52 -> 0 | BE52: =(IF(BD52<464000,BA52*0.01*BD52,IF(BD52<1000000,(4640+(BD52-464000)*0.1)*BA52,IF(BD52<3000000,(4640+53600+(BD52-1000000)*0.25)*BA52,(4640+53600+500000+(BD52-3000000)*0.4)*BA52))))/12 -> 0 | BF52: =((AI52-AL52)-500000)*0.5% -> -2500 | BO52: =BM52*BN52 -> 0 | BU52: =AX52-BE52+SUM(BI52:BQ52)-BS52-BG52 -> 0 | BV52: =+BU52/655.957 -> 0 | BX52: =(AI52-BI52-BJ52-BK52-BG282-BP52-BQ52)/12 -> 0 | BY52: =+BX52/655.957 -> 0 | BZ52: =(BX52/12)+BU52 -> 0 | CA52: =+BZ52/655.957 -> 0 | CC52: =((N52*13/12)*35%)/12 -> 0 | CD52: =+CC52/655.957 -> 0 | CF52: =AI52*0.02 -> 0 | CG52: =CF52/655.957 -> 0 | CJ52: =(AI52+AV52+CC52+CF52)*(13/12)+SUM(BI52:BQ52) -> 0 | CK52: =CJ52/655.957 -> 0 | CM52: =CJ52*12 -> 0 | CN52: =CM52/655.957 -> 0
A53: 46 | H53: 0 | I53: 0 | L53: 1 | M53: 84343 | O53: =N53/655.957 -> 0 | Y53: =((N53+AB53)*10%)*0 -> 0 | Z53: =((O53+AC53)*25%)*0 -> 0 | AA53: =((P53+AD53)*50%)*0 -> 0 | AI53: =SUM(N53,Q53:AG53)*L53 -> 0 | AJ53: =AI53/655.957 -> 0 | AL53: =IF(AI53>1200000,48000,AI53*0.04) -> 0 | AN53: =IF(AI53>1200000,96000,AI53*0.08) -> 0 | AO53: =IF(AI53>600000,600000*12.28%,AI53*12.28%) -> 0 | AP53: =IF(AI53>600000,600000*2.25%,AI53*2.25%)*0 -> 0 | AQ53: =AI53*4.5% -> 0 | AR53: =AI53*3% -> 0 | AS53: =AI53*10%*0 -> 0 | AV53: =SUM(AN53:AU53) -> 0 | AX53: =AI53-AL53 -> 0 | AY53: =BC53/655.957 -> 0 | BA53: 1 | BC53: =((AI53*12)-(AL53*12))*80% -> 0 | BD53: =BC53/BA53 -> 0 | BE53: =(IF(BD53<464000,BA53*0.01*BD53,IF(BD53<1000000,(4640+(BD53-464000)*0.1)*BA53,IF(BD53<3000000,(4640+53600+(BD53-1000000)*0.25)*BA53,(4640+53600+500000+(BD53-3000000)*0.4)*BA53))))/12 -> 0 | BF53: =((AI53-AL53)-500000)*0.5% -> -2500 | BO53: =BM53*BN53 -> 0 | BU53: =AX53-BE53+SUM(BI53:BQ53)-BS53-BG53 -> 0 | BV53: =+BU53/655.957 -> 0 | BX53: =(AI53-BI53-BJ53-BK53-BG283-BP53-BQ53)/12 -> 0 | BY53: =+BX53/655.957 -> 0 | BZ53: =(BX53/12)+BU53 -> 0 | CA53: =+BZ53/655.957 -> 0 | CC53: =((N53*13/12)*35%)/12 -> 0 | CD53: =+CC53/655.957 -> 0 | CF53: =AI53*0.02 -> 0 | CG53: =CF53/655.957 -> 0 | CJ53: =(AI53+AV53+CC53+CF53)*(13/12)+SUM(BI53:BQ53) -> 0 | CK53: =CJ53/655.957 -> 0 | CM53: =CJ53*12 -> 0 | CN53: =CM53/655.957 -> 0
A54: 47 | H54: 0 | I54: 0 | L54: 1 | M54: 84343 | O54: =N54/655.957 -> 0 | Y54: =((N54+AB54)*10%)*0 -> 0 | Z54: =((O54+AC54)*25%)*0 -> 0 | AA54: =((P54+AD54)*50%)*0 -> 0 | AI54: =SUM(N54,Q54:AG54)*L54 -> 0 | AJ54: =AI54/655.957 -> 0 | AL54: =IF(AI54>1200000,48000,AI54*0.04) -> 0 | AN54: =IF(AI54>1200000,96000,AI54*0.08) -> 0 | AO54: =IF(AI54>600000,600000*12.28%,AI54*12.28%) -> 0 | AP54: =IF(AI54>600000,600000*2.25%,AI54*2.25%)*0 -> 0 | AQ54: =AI54*4.5% -> 0 | AR54: =AI54*3% -> 0 | AS54: =AI54*10%*0 -> 0 | AV54: =SUM(AN54:AU54) -> 0 | AX54: =AI54-AL54 -> 0 | AY54: =BC54/655.957 -> 0 | BA54: 1 | BC54: =((AI54*12)-(AL54*12))*80% -> 0 | BD54: =BC54/BA54 -> 0 | BE54: =(IF(BD54<464000,BA54*0.01*BD54,IF(BD54<1000000,(4640+(BD54-464000)*0.1)*BA54,IF(BD54<3000000,(4640+53600+(BD54-1000000)*0.25)*BA54,(4640+53600+500000+(BD54-3000000)*0.4)*BA54))))/12 -> 0 | BF54: =((AI54-AL54)-500000)*0.5% -> -2500 | BO54: =BM54*BN54 -> 0 | BU54: =AX54-BE54+SUM(BI54:BQ54)-BS54-BG54 -> 0 | BV54: =+BU54/655.957 -> 0 | BX54: =(AI54-BI54-BJ54-BK54-BG284-BP54-BQ54)/12 -> 0 | BY54: =+BX54/655.957 -> 0 | BZ54: =(BX54/12)+BU54 -> 0 | CA54: =+BZ54/655.957 -> 0 | CC54: =((N54*13/12)*35%)/12 -> 0 | CD54: =+CC54/655.957 -> 0 | CF54: =AI54*0.02 -> 0 | CG54: =CF54/655.957 -> 0 | CJ54: =(AI54+AV54+CC54+CF54)*(13/12)+SUM(BI54:BQ54) -> 0 | CK54: =CJ54/655.957 -> 0 | CM54: =CJ54*12 -> 0 | CN54: =CM54/655.957 -> 0
A55: 48 | H55: 0 | I55: 0 | L55: 1 | M55: 84343 | O55: =N55/655.957 -> 0 | Y55: =((N55+AB55)*10%)*0 -> 0 | Z55: =((O55+AC55)*25%)*0 -> 0 | AA55: =((P55+AD55)*50%)*0 -> 0 | AI55: =SUM(N55,Q55:AG55)*L55 -> 0 | AJ55: =AI55/655.957 -> 0 | AL55: =IF(AI55>1200000,48000,AI55*0.04) -> 0 | AN55: =IF(AI55>1200000,96000,AI55*0.08) -> 0 | AO55: =IF(AI55>600000,600000*12.28%,AI55*12.28%) -> 0 | AP55: =IF(AI55>600000,600000*2.25%,AI55*2.25%)*0 -> 0 | AQ55: =AI55*4.5% -> 0 | AR55: =AI55*3% -> 0 | AS55: =AI55*10%*0 -> 0 | AV55: =SUM(AN55:AU55) -> 0 | AX55: =AI55-AL55 -> 0 | AY55: =BC55/655.957 -> 0 | BA55: 1 | BC55: =((AI55*12)-(AL55*12))*80% -> 0 | BD55: =BC55/BA55 -> 0 | BE55: =(IF(BD55<464000,BA55*0.01*BD55,IF(BD55<1000000,(4640+(BD55-464000)*0.1)*BA55,IF(BD55<3000000,(4640+53600+(BD55-1000000)*0.25)*BA55,(4640+53600+500000+(BD55-3000000)*0.4)*BA55))))/12 -> 0 | BF55: =((AI55-AL55)-500000)*0.5% -> -2500 | BO55: =BM55*BN55 -> 0 | BU55: =AX55-BE55+SUM(BI55:BQ55)-BS55-BG55 -> 0 | BV55: =+BU55/655.957 -> 0 | BX55: =(AI55-BI55-BJ55-BK55-BG285-BP55-BQ55)/12 -> 0 | BY55: =+BX55/655.957 -> 0 | BZ55: =(BX55/12)+BU55 -> 0 | CA55: =+BZ55/655.957 -> 0 | CC55: =((N55*13/12)*35%)/12 -> 0 | CD55: =+CC55/655.957 -> 0 | CF55: =AI55*0.02 -> 0 | CG55: =CF55/655.957 -> 0 | CJ55: =(AI55+AV55+CC55+CF55)*(13/12)+SUM(BI55:BQ55) -> 0 | CK55: =CJ55/655.957 -> 0 | CM55: =CJ55*12 -> 0 | CN55: =CM55/655.957 -> 0
A56: 49 | H56: 0 | I56: 0 | L56: 1 | M56: 84343 | O56: =N56/655.957 -> 0 | Y56: =((N56+AB56)*10%)*0 -> 0 | Z56: =((O56+AC56)*25%)*0 -> 0 | AA56: =((P56+AD56)*50%)*0 -> 0 | AI56: =SUM(N56,Q56:AG56)*L56 -> 0 | AJ56: =AI56/655.957 -> 0 | AL56: =IF(AI56>1200000,48000,AI56*0.04) -> 0 | AN56: =IF(AI56>1200000,96000,AI56*0.08) -> 0 | AO56: =IF(AI56>600000,600000*12.28%,AI56*12.28%) -> 0 | AP56: =IF(AI56>600000,600000*2.25%,AI56*2.25%)*0 -> 0 | AQ56: =AI56*4.5% -> 0 | AR56: =AI56*3% -> 0 | AS56: =AI56*10%*0 -> 0 | AV56: =SUM(AN56:AU56) -> 0 | AX56: =AI56-AL56 -> 0 | AY56: =BC56/655.957 -> 0 | BA56: 1 | BC56: =((AI56*12)-(AL56*12))*80% -> 0 | BD56: =BC56/BA56 -> 0 | BE56: =(IF(BD56<464000,BA56*0.01*BD56,IF(BD56<1000000,(4640+(BD56-464000)*0.1)*BA56,IF(BD56<3000000,(4640+53600+(BD56-1000000)*0.25)*BA56,(4640+53600+500000+(BD56-3000000)*0.4)*BA56))))/12 -> 0 | BF56: =((AI56-AL56)-500000)*0.5% -> -2500 | BO56: =BM56*BN56 -> 0 | BU56: =AX56-BE56+SUM(BI56:BQ56)-BS56-BG56 -> 0 | BV56: =+BU56/655.957 -> 0 | BX56: =(AI56-BI56-BJ56-BK56-BG286-BP56-BQ56)/12 -> 0 | BY56: =+BX56/655.957 -> 0 | BZ56: =(BX56/12)+BU56 -> 0 | CA56: =+BZ56/655.957 -> 0 | CC56: =((N56*13/12)*35%)/12 -> 0 | CD56: =+CC56/655.957 -> 0 | CF56: =AI56*0.02 -> 0 | CG56: =CF56/655.957 -> 0 | CJ56: =(AI56+AV56+CC56+CF56)*(13/12)+SUM(BI56:BQ56) -> 0 | CK56: =CJ56/655.957 -> 0 | CM56: =CJ56*12 -> 0 | CN56: =CM56/655.957 -> 0
A57: 50 | H57: 0 | I57: 0 | L57: 1 | M57: 84343 | O57: =N57/655.957 -> 0 | Y57: =((N57+AB57)*10%)*0 -> 0 | Z57: =((O57+AC57)*25%)*0 -> 0 | AA57: =((P57+AD57)*50%)*0 -> 0 | AI57: =SUM(N57,Q57:AG57)*L57 -> 0 | AJ57: =AI57/655.957 -> 0 | AL57: =IF(AI57>1200000,48000,AI57*0.04) -> 0 | AN57: =IF(AI57>1200000,96000,AI57*0.08) -> 0 | AO57: =IF(AI57>600000,600000*12.28%,AI57*12.28%) -> 0 | AP57: =IF(AI57>600000,600000*2.25%,AI57*2.25%)*0 -> 0 | AQ57: =AI57*4.5% -> 0 | AR57: =AI57*3% -> 0 | AS57: =AI57*10%*0 -> 0 | AV57: =SUM(AN57:AU57) -> 0 | AX57: =AI57-AL57 -> 0 | AY57: =BC57/655.957 -> 0 | BA57: 1 | BC57: =((AI57*12)-(AL57*12))*80% -> 0 | BD57: =BC57/BA57 -> 0 | BE57: =(IF(BD57<464000,BA57*0.01*BD57,IF(BD57<1000000,(4640+(BD57-464000)*0.1)*BA57,IF(BD57<3000000,(4640+53600+(BD57-1000000)*0.25)*BA57,(4640+53600+500000+(BD57-3000000)*0.4)*BA57))))/12 -> 0 | BF57: =((AI57-AL57)-500000)*0.5% -> -2500 | BO57: =BM57*BN57 -> 0 | BU57: =AX57-BE57+SUM(BI57:BQ57)-BS57-BG57 -> 0 | BV57: =+BU57/655.957 -> 0 | BX57: =(AI57-BI57-BJ57-BK57-BG287-BP57-BQ57)/12 -> 0 | BY57: =+BX57/655.957 -> 0 | BZ57: =(BX57/12)+BU57 -> 0 | CA57: =+BZ57/655.957 -> 0 | CC57: =((N57*13/12)*35%)/12 -> 0 | CD57: =+CC57/655.957 -> 0 | CF57: =AI57*0.02 -> 0 | CG57: =CF57/655.957 -> 0 | CJ57: =(AI57+AV57+CC57+CF57)*(13/12)+SUM(BI57:BQ57) -> 0 | CK57: =CJ57/655.957 -> 0 | CM57: =CJ57*12 -> 0 | CN57: =CM57/655.957 -> 0
A58: 51 | H58: 0 | I58: 0 | L58: 1 | O58: =N58/655.957 -> 0 | Y58: =((N58+AB58)*10%)*0 -> 0 | Z58: =((O58+AC58)*25%)*0 -> 0 | AA58: =((P58+AD58)*50%)*0 -> 0 | AI58: =SUM(N58,Q58:AG58)*L58 -> 0 | AJ58: =AI58/655.957 -> 0 | AL58: =IF(AI58>1200000,48000,AI58*0.04) -> 0 | AN58: =IF(AI58>1200000,96000,AI58*0.08) -> 0 | AO58: =IF(AI58>600000,600000*12.28%,AI58*12.28%) -> 0 | AP58: =IF(AI58>600000,600000*2.25%,AI58*2.25%)*0 -> 0 | AQ58: =AI58*4.5% -> 0 | AR58: =AI58*3% -> 0 | AS58: =AI58*10%*0 -> 0 | AV58: =SUM(AN58:AU58) -> 0 | AX58: =AI58-AL58 -> 0 | AY58: =BC58/655.957 -> 0 | BA58: 1 | BC58: =((AI58*12)-(AL58*12))*80% -> 0 | BD58: =BC58/BA58 -> 0 | BE58: =(IF(BD58<464000,BA58*0.01*BD58,IF(BD58<1000000,(4640+(BD58-464000)*0.1)*BA58,IF(BD58<3000000,(4640+53600+(BD58-1000000)*0.25)*BA58,(4640+53600+500000+(BD58-3000000)*0.4)*BA58))))/12 -> 0 | BF58: =((AI58-AL58)-500000)*0.5% -> -2500 | BO58: =BM58*BN58 -> 0 | BU58: =AX58-BE58+SUM(BI58:BQ58)-BS58-BG58 -> 0 | BV58: =+BU58/655.957 -> 0 | BX58: =(AI58-BI58-BJ58-BK58-BO58-BP58-BQ58)/12 -> 0 | BY58: =+BX58/655.957 -> 0 | BZ58: =(BX58/12)+BU58 -> 0 | CA58: =+BZ58/655.957 -> 0 | CC58: =((N58*13/12)*35%)/12 -> 0 | CD58: =+CC58/655.957 -> 0 | CF58: =AI58*0.02 -> 0 | CG58: =CF58/655.957 -> 0 | CJ58: =(AI58+AV58+CC58+CF58)*(13/12)+SUM(BI58:BQ58) -> 0 | CK58: =CJ58/655.957 -> 0 | CM58: =CJ58*12 -> 0 | CN58: =CM58/655.957 -> 0
A59: 52 | H59: 0 | I59: 0 | L59: 1 | O59: =N59/655.957 -> 0 | Y59: =((N59+AB59)*10%)*0 -> 0 | Z59: =((O59+AC59)*25%)*0 -> 0 | AA59: =((P59+AD59)*50%)*0 -> 0 | AI59: =SUM(N59,Q59:AG59)*L59 -> 0 | AJ59: =AI59/655.957 -> 0 | AL59: =IF(AI59>1200000,48000,AI59*0.04) -> 0 | AN59: =IF(AI59>1200000,96000,AI59*0.08) -> 0 | AO59: =IF(AI59>600000,600000*12.28%,AI59*12.28%) -> 0 | AP59: =IF(AI59>600000,600000*2.25%,AI59*2.25%)*0 -> 0 | AQ59: =AI59*4.5% -> 0 | AR59: =AI59*3% -> 0 | AS59: =AI59*10%*0 -> 0 | AV59: =SUM(AN59:AU59) -> 0 | AX59: =AI59-AL59 -> 0 | AY59: =BC59/655.957 -> 0 | BA59: 1 | BC59: =((AI59*12)-(AL59*12))*80% -> 0 | BD59: =BC59/BA59 -> 0 | BE59: =(IF(BD59<464000,BA59*0.01*BD59,IF(BD59<1000000,(4640+(BD59-464000)*0.1)*BA59,IF(BD59<3000000,(4640+53600+(BD59-1000000)*0.25)*BA59,(4640+53600+500000+(BD59-3000000)*0.4)*BA59))))/12 -> 0 | BF59: =((AI59-AL59)-500000)*0.5% -> -2500 | BO59: =BM59*BN59 -> 0 | BU59: =AX59-BE59+SUM(BI59:BQ59)-BS59-BG59 -> 0 | BV59: =+BU59/655.957 -> 0 | BX59: =(AI59-BI59-BJ59-BK59-BG295-BP59-BQ59)/12 -> 0 | BY59: =+BX59/655.957 -> 0 | BZ59: =(BX59/12)+BU59 -> 0 | CA59: =+BZ59/655.957 -> 0 | CC59: =((N59*13/12)*35%)/12 -> 0 | CD59: =+CC59/655.957 -> 0 | CF59: =AI59*0.02 -> 0 | CG59: =CF59/655.957 -> 0 | CJ59: =(AI59+AV59+CC59+CF59)*(13/12)+SUM(BI59:BQ59) -> 0 | CK59: =CJ59/655.957 -> 0 | CM59: =CJ59*12 -> 0 | CN59: =CM59/655.957 -> 0
A60: 53 | H60: 0 | I60: 0 | L60: 1 | M60: 84343 | O60: =N60/655.957 -> 0 | Y60: =((N60+AB60)*10%)*0 -> 0 | Z60: =((O60+AC60)*25%)*0 -> 0 | AA60: =((P60+AD60)*50%)*0 -> 0 | AI60: =SUM(N60,Q60:AG60)*L60 -> 0 | AJ60: =AI60/655.957 -> 0 | AL60: =IF(AI60>1200000,48000,AI60*0.04) -> 0 | AN60: =IF(AI60>1200000,96000,AI60*0.08) -> 0 | AO60: =IF(AI60>600000,600000*12.28%,AI60*12.28%) -> 0 | AP60: =IF(AI60>600000,600000*2.25%,AI60*2.25%)*0 -> 0 | AQ60: =AI60*4.5% -> 0 | AR60: =AI60*3% -> 0 | AS60: =AI60*10%*0 -> 0 | AV60: =SUM(AN60:AU60) -> 0 | AX60: =AI60-AL60 -> 0 | AY60: =BC60/655.957 -> 0 | BA60: 1 | BC60: =((AI60*12)-(AL60*12))*80% -> 0 | BD60: =BC60/BA60 -> 0 | BE60: =(IF(BD60<464000,BA60*0.01*BD60,IF(BD60<1000000,(4640+(BD60-464000)*0.1)*BA60,IF(BD60<3000000,(4640+53600+(BD60-1000000)*0.25)*BA60,(4640+53600+500000+(BD60-3000000)*0.4)*BA60))))/12 -> 0 | BF60: =((AI60-AL60)-500000)*0.5% -> -2500 | BO60: =BM60*BN60 -> 0 | BU60: =AX60-BE60+SUM(BI60:BQ60)-BS60-BG60 -> 0 | BV60: =+BU60/655.957 -> 0 | BX60: =(AI60-BI60-BJ60-BK60-BG290-BP60-BQ60)/12 -> 0 | BY60: =+BX60/655.957 -> 0 | BZ60: =(BX60/12)+BU60 -> 0 | CA60: =+BZ60/655.957 -> 0 | CC60: =((N60*13/12)*35%)/12 -> 0 | CD60: =+CC60/655.957 -> 0 | CF60: =AI60*0.02 -> 0 | CG60: =CF60/655.957 -> 0 | CJ60: =(AI60+AV60+CC60+CF60)*(13/12)+SUM(BI60:BQ60) -> 0 | CK60: =CJ60/655.957 -> 0 | CM60: =CJ60*12 -> 0 | CN60: =CM60/655.957 -> 0
A61: 54 | H61: 0 | I61: 0 | L61: 1 | M61: 84343 | O61: =N61/655.957 -> 0 | Y61: =((N61+AB61)*10%)*0 -> 0 | Z61: =((O61+AC61)*25%)*0 -> 0 | AA61: =((P61+AD61)*50%)*0 -> 0 | AI61: =SUM(N61,Q61:AG61)*L61 -> 0 | AJ61: =AI61/655.957 -> 0 | AL61: =IF(AI61>1200000,48000,AI61*0.04) -> 0 | AN61: =IF(AI61>1200000,96000,AI61*0.08) -> 0 | AO61: =IF(AI61>600000,600000*12.28%,AI61*12.28%) -> 0 | AP61: =IF(AI61>600000,600000*2.25%,AI61*2.25%)*0 -> 0 | AQ61: =AI61*4.5% -> 0 | AR61: =AI61*3% -> 0 | AS61: =AI61*10%*0 -> 0 | AV61: =SUM(AN61:AU61) -> 0 | AX61: =AI61-AL61 -> 0 | AY61: =BC61/655.957 -> 0 | BA61: 1 | BC61: =((AI61*12)-(AL61*12))*80% -> 0 | BD61: =BC61/BA61 -> 0 | BE61: =(IF(BD61<464000,BA61*0.01*BD61,IF(BD61<1000000,(4640+(BD61-464000)*0.1)*BA61,IF(BD61<3000000,(4640+53600+(BD61-1000000)*0.25)*BA61,(4640+53600+500000+(BD61-3000000)*0.4)*BA61))))/12 -> 0 | BF61: =((AI61-AL61)-500000)*0.5% -> -2500 | BO61: =BM61*BN61 -> 0 | BU61: =AX61-BE61+SUM(BI61:BQ61)-BS61-BG61 -> 0 | BV61: =+BU61/655.957 -> 0 | BX61: =(AI61-BI61-BJ61-BK61-BG291-BP61-BQ61)/12 -> 0 | BY61: =+BX61/655.957 -> 0 | BZ61: =(BX61/12)+BU61 -> 0 | CA61: =+BZ61/655.957 -> 0 | CC61: =((N61*13/12)*35%)/12 -> 0 | CD61: =+CC61/655.957 -> 0 | CF61: =AI61*0.02 -> 0 | CG61: =CF61/655.957 -> 0 | CJ61: =(AI61+AV61+CC61+CF61)*(13/12)+SUM(BI61:BQ61) -> 0 | CK61: =CJ61/655.957 -> 0 | CM61: =CJ61*12 -> 0 | CN61: =CM61/655.957 -> 0
A62: 55 | H62: 0 | I62: 0 | L62: 1 | M62: 84343 | O62: =N62/655.957 -> 0 | Y62: =((N62+AB62)*10%)*0 -> 0 | Z62: =((O62+AC62)*25%)*0 -> 0 | AA62: =((P62+AD62)*50%)*0 -> 0 | AI62: =SUM(N62,Q62:AG62)*L62 -> 0 | AJ62: =AI62/655.957 -> 0 | AL62: =IF(AI62>1200000,48000,AI62*0.04) -> 0 | AN62: =IF(AI62>1200000,96000,AI62*0.08) -> 0 | AO62: =IF(AI62>600000,600000*12.28%,AI62*12.28%) -> 0 | AP62: =IF(AI62>600000,600000*2.25%,AI62*2.25%)*0 -> 0 | AQ62: =AI62*4.5% -> 0 | AR62: =AI62*3% -> 0 | AS62: =AI62*10%*0 -> 0 | AV62: =SUM(AN62:AU62) -> 0 | AX62: =AI62-AL62 -> 0 | AY62: =BC62/655.957 -> 0 | BA62: 1 | BC62: =((AI62*12)-(AL62*12))*80% -> 0 | BD62: =BC62/BA62 -> 0 | BE62: =(IF(BD62<464000,BA62*0.01*BD62,IF(BD62<1000000,(4640+(BD62-464000)*0.1)*BA62,IF(BD62<3000000,(4640+53600+(BD62-1000000)*0.25)*BA62,(4640+53600+500000+(BD62-3000000)*0.4)*BA62))))/12 -> 0 | BF62: =((AI62-AL62)-500000)*0.5% -> -2500 | BO62: =BM62*BN62 -> 0 | BU62: =AX62-BE62+SUM(BI62:BQ62)-BS62-BG62 -> 0 | BV62: =+BU62/655.957 -> 0 | BX62: =(AI62-BI62-BJ62-BK62-BG292-BP62-BQ62)/12 -> 0 | BY62: =+BX62/655.957 -> 0 | BZ62: =(BX62/12)+BU62 -> 0 | CA62: =+BZ62/655.957 -> 0 | CC62: =((N62*13/12)*35%)/12 -> 0 | CD62: =+CC62/655.957 -> 0 | CF62: =AI62*0.02 -> 0 | CG62: =CF62/655.957 -> 0 | CJ62: =(AI62+AV62+CC62+CF62)*(13/12)+SUM(BI62:BQ62) -> 0 | CK62: =CJ62/655.957 -> 0 | CM62: =CJ62*12 -> 0 | CN62: =CM62/655.957 -> 0
A63: 56 | H63: 0 | I63: 0 | L63: 1 | M63: 84343 | O63: =N63/655.957 -> 0 | Y63: =((N63+AB63)*10%)*0 -> 0 | Z63: =((O63+AC63)*25%)*0 -> 0 | AA63: =((P63+AD63)*50%)*0 -> 0 | AI63: =SUM(N63,Q63:AG63)*L63 -> 0 | AJ63: =AI63/655.957 -> 0 | AL63: =IF(AI63>1200000,48000,AI63*0.04) -> 0 | AN63: =IF(AI63>1200000,96000,AI63*0.08) -> 0 | AO63: =IF(AI63>600000,600000*12.28%,AI63*12.28%) -> 0 | AP63: =IF(AI63>600000,600000*2.25%,AI63*2.25%)*0 -> 0 | AQ63: =AI63*4.5% -> 0 | AR63: =AI63*3% -> 0 | AS63: =AI63*10%*0 -> 0 | AV63: =SUM(AN63:AU63) -> 0 | AX63: =AI63-AL63 -> 0 | AY63: =BC63/655.957 -> 0 | BA63: 1 | BC63: =((AI63*12)-(AL63*12))*80% -> 0 | BD63: =BC63/BA63 -> 0 | BE63: =(IF(BD63<464000,BA63*0.01*BD63,IF(BD63<1000000,(4640+(BD63-464000)*0.1)*BA63,IF(BD63<3000000,(4640+53600+(BD63-1000000)*0.25)*BA63,(4640+53600+500000+(BD63-3000000)*0.4)*BA63))))/12 -> 0 | BF63: =((AI63-AL63)-500000)*0.5% -> -2500 | BO63: =BM63*BN63 -> 0 | BU63: =AX63-BE63+SUM(BI63:BQ63)-BS63-BG63 -> 0 | BV63: =+BU63/655.957 -> 0 | BX63: =(AI63-BI63-BJ63-BK63-BG293-BP63-BQ63)/12 -> 0 | BY63: =+BX63/655.957 -> 0 | BZ63: =(BX63/12)+BU63 -> 0 | CA63: =+BZ63/655.957 -> 0 | CC63: =((N63*13/12)*35%)/12 -> 0 | CD63: =+CC63/655.957 -> 0 | CF63: =AI63*0.02 -> 0 | CG63: =CF63/655.957 -> 0 | CJ63: =(AI63+AV63+CC63+CF63)*(13/12)+SUM(BI63:BQ63) -> 0 | CK63: =CJ63/655.957 -> 0 | CM63: =CJ63*12 -> 0 | CN63: =CM63/655.957 -> 0
A64: 57 | H64: 0 | I64: 0 | L64: 1 | M64: 84343 | O64: =N64/655.957 -> 0 | Y64: =((N64+AB64)*10%)*0 -> 0 | Z64: =((O64+AC64)*25%)*0 -> 0 | AA64: =((P64+AD64)*50%)*0 -> 0 | AI64: =SUM(N64,Q64:AG64)*L64 -> 0 | AJ64: =AI64/655.957 -> 0 | AL64: =IF(AI64>1200000,48000,AI64*0.04) -> 0 | AN64: =IF(AI64>1200000,96000,AI64*0.08) -> 0 | AO64: =IF(AI64>600000,600000*12.28%,AI64*12.28%) -> 0 | AP64: =IF(AI64>600000,600000*2.25%,AI64*2.25%)*0 -> 0 | AQ64: =AI64*4.5% -> 0 | AR64: =AI64*3% -> 0 | AS64: =AI64*10%*0 -> 0 | AV64: =SUM(AN64:AU64) -> 0 | AX64: =AI64-AL64 -> 0 | AY64: =BC64/655.957 -> 0 | BA64: 1 | BC64: =((AI64*12)-(AL64*12))*80% -> 0 | BD64: =BC64/BA64 -> 0 | BE64: =(IF(BD64<464000,BA64*0.01*BD64,IF(BD64<1000000,(4640+(BD64-464000)*0.1)*BA64,IF(BD64<3000000,(4640+53600+(BD64-1000000)*0.25)*BA64,(4640+53600+500000+(BD64-3000000)*0.4)*BA64))))/12 -> 0 | BF64: =((AI64-AL64)-500000)*0.5% -> -2500 | BO64: =BM64*BN64 -> 0 | BU64: =AX64-BE64+SUM(BI64:BQ64)-BS64-BG64 -> 0 | BV64: =+BU64/655.957 -> 0 | BX64: =(AI64-BI64-BJ64-BK64-BG294-BP64-BQ64)/12 -> 0 | BY64: =+BX64/655.957 -> 0 | BZ64: =(BX64/12)+BU64 -> 0 | CA64: =+BZ64/655.957 -> 0 | CC64: =((N64*13/12)*35%)/12 -> 0 | CD64: =+CC64/655.957 -> 0 | CF64: =AI64*0.02 -> 0 | CG64: =CF64/655.957 -> 0 | CJ64: =(AI64+AV64+CC64+CF64)*(13/12)+SUM(BI64:BQ64) -> 0 | CK64: =CJ64/655.957 -> 0 | CM64: =CJ64*12 -> 0 | CN64: =CM64/655.957 -> 0
A65: 58 | H65: 0 | I65: 0 | L65: 1 | M65: 84343 | O65: =N65/655.957 -> 0 | Y65: =((N65+AB65)*10%)*0 -> 0 | Z65: =((O65+AC65)*25%)*0 -> 0 | AA65: =((P65+AD65)*50%)*0 -> 0 | AI65: =SUM(N65,Q65:AG65)*L65 -> 0 | AJ65: =AI65/655.957 -> 0 | AL65: =IF(AI65>1200000,48000,AI65*0.04) -> 0 | AN65: =IF(AI65>1200000,96000,AI65*0.08) -> 0 | AO65: =IF(AI65>600000,600000*12.28%,AI65*12.28%) -> 0 | AP65: =IF(AI65>600000,600000*2.25%,AI65*2.25%)*0 -> 0 | AQ65: =AI65*4.5% -> 0 | AR65: =AI65*3% -> 0 | AS65: =AI65*10%*0 -> 0 | AV65: =SUM(AN65:AU65) -> 0 | AX65: =AI65-AL65 -> 0 | AY65: =BC65/655.957 -> 0 | BA65: 1 | BC65: =((AI65*12)-(AL65*12))*80% -> 0 | BD65: =BC65/BA65 -> 0 | BE65: =(IF(BD65<464000,BA65*0.01*BD65,IF(BD65<1000000,(4640+(BD65-464000)*0.1)*BA65,IF(BD65<3000000,(4640+53600+(BD65-1000000)*0.25)*BA65,(4640+53600+500000+(BD65-3000000)*0.4)*BA65))))/12 -> 0 | BF65: =((AI65-AL65)-500000)*0.5% -> -2500 | BO65: =BM65*BN65 -> 0 | BU65: =AX65-BE65+SUM(BI65:BQ65)-BS65-BG65 -> 0 | BV65: =+BU65/655.957 -> 0 | BX65: =(AI65-BI65-BJ65-BK65-BG295-BP65-BQ65)/12 -> 0 | BY65: =+BX65/655.957 -> 0 | BZ65: =(BX65/12)+BU65 -> 0 | CA65: =+BZ65/655.957 -> 0 | CC65: =((N65*13/12)*35%)/12 -> 0 | CD65: =+CC65/655.957 -> 0 | CF65: =AI65*0.02 -> 0 | CG65: =CF65/655.957 -> 0 | CJ65: =(AI65+AV65+CC65+CF65)*(13/12)+SUM(BI65:BQ65) -> 0 | CK65: =CJ65/655.957 -> 0 | CM65: =CJ65*12 -> 0 | CN65: =CM65/655.957 -> 0
A66: 59 | H66: 0 | I66: 0 | L66: 1 | M66: 84343 | O66: =N66/655.957 -> 0 | Y66: =((N66+AB66)*10%)*0 -> 0 | Z66: =((O66+AC66)*25%)*0 -> 0 | AA66: =((P66+AD66)*50%)*0 -> 0 | AI66: =SUM(N66,Q66:AG66)*L66 -> 0 | AJ66: =AI66/655.957 -> 0 | AL66: =IF(AI66>1200000,48000,AI66*0.04) -> 0 | AN66: =IF(AI66>1200000,96000,AI66*0.08) -> 0 | AO66: =IF(AI66>600000,600000*12.28%,AI66*12.28%) -> 0 | AP66: =IF(AI66>600000,600000*2.25%,AI66*2.25%)*0 -> 0 | AQ66: =AI66*4.5% -> 0 | AR66: =AI66*3% -> 0 | AS66: =AI66*10%*0 -> 0 | AV66: =SUM(AN66:AU66) -> 0 | AX66: =AI66-AL66 -> 0 | AY66: =BC66/655.957 -> 0 | BA66: 1 | BC66: =((AI66*12)-(AL66*12))*80% -> 0 | BD66: =BC66/BA66 -> 0 | BE66: =(IF(BD66<464000,BA66*0.01*BD66,IF(BD66<1000000,(4640+(BD66-464000)*0.1)*BA66,IF(BD66<3000000,(4640+53600+(BD66-1000000)*0.25)*BA66,(4640+53600+500000+(BD66-3000000)*0.4)*BA66))))/12 -> 0 | BF66: =((AI66-AL66)-500000)*0.5% -> -2500 | BO66: =BM66*BN66 -> 0 | BU66: =AX66-BE66+SUM(BI66:BQ66)-BS66-BG66 -> 0 | BV66: =+BU66/655.957 -> 0 | BX66: =(AI66-BI66-BJ66-BK66-BG296-BP66-BQ66)/12 -> 0 | BY66: =+BX66/655.957 -> 0 | BZ66: =(BX66/12)+BU66 -> 0 | CA66: =+BZ66/655.957 -> 0 | CC66: =((N66*13/12)*35%)/12 -> 0 | CD66: =+CC66/655.957 -> 0 | CF66: =AI66*0.02 -> 0 | CG66: =CF66/655.957 -> 0 | CJ66: =(AI66+AV66+CC66+CF66)*(13/12)+SUM(BI66:BQ66) -> 0 | CK66: =CJ66/655.957 -> 0 | CM66: =CJ66*12 -> 0 | CN66: =CM66/655.957 -> 0
A67: 60 | H67: 0 | I67: 0 | L67: 1 | M67: 84343 | O67: =N67/655.957 -> 0 | Y67: =((N67+AB67)*10%)*0 -> 0 | Z67: =((O67+AC67)*25%)*0 -> 0 | AA67: =((P67+AD67)*50%)*0 -> 0 | AI67: =SUM(N67,Q67:AG67)*L67 -> 0 | AJ67: =AI67/655.957 -> 0 | AL67: =IF(AI67>1200000,48000,AI67*0.04) -> 0 | AN67: =IF(AI67>1200000,96000,AI67*0.08) -> 0 | AO67: =IF(AI67>600000,600000*12.28%,AI67*12.28%) -> 0 | AP67: =IF(AI67>600000,600000*2.25%,AI67*2.25%)*0 -> 0 | AQ67: =AI67*4.5% -> 0 | AR67: =AI67*3% -> 0 | AS67: =AI67*10%*0 -> 0 | AV67: =SUM(AN67:AU67) -> 0 | AX67: =AI67-AL67 -> 0 | AY67: =BC67/655.957 -> 0 | BA67: 1 | BC67: =((AI67*12)-(AL67*12))*80% -> 0 | BD67: =BC67/BA67 -> 0 | BE67: =(IF(BD67<464000,BA67*0.01*BD67,IF(BD67<1000000,(4640+(BD67-464000)*0.1)*BA67,IF(BD67<3000000,(4640+53600+(BD67-1000000)*0.25)*BA67,(4640+53600+500000+(BD67-3000000)*0.4)*BA67))))/12 -> 0 | BF67: =((AI67-AL67)-500000)*0.5% -> -2500 | BO67: =BM67*BN67 -> 0 | BU67: =AX67-BE67+SUM(BI67:BQ67)-BS67-BG67 -> 0 | BV67: =+BU67/655.957 -> 0 | BX67: =(AI67-BI67-BJ67-BK67-BG297-BP67-BQ67)/12 -> 0 | BY67: =+BX67/655.957 -> 0 | BZ67: =(BX67/12)+BU67 -> 0 | CA67: =+BZ67/655.957 -> 0 | CC67: =((N67*13/12)*35%)/12 -> 0 | CD67: =+CC67/655.957 -> 0 | CF67: =AI67*0.02 -> 0 | CG67: =CF67/655.957 -> 0 | CJ67: =(AI67+AV67+CC67+CF67)*(13/12)+SUM(BI67:BQ67) -> 0 | CK67: =CJ67/655.957 -> 0 | CM67: =CJ67*12 -> 0 | CN67: =CM67/655.957 -> 0
A68: 61 | H68: 0 | I68: 0 | L68: 1 | O68: =N68/655.957 -> 0 | Y68: =((N68+AB68)*10%)*0 -> 0 | Z68: =((O68+AC68)*25%)*0 -> 0 | AA68: =((P68+AD68)*50%)*0 -> 0 | AI68: =SUM(N68,Q68:AG68)*L68 -> 0 | AJ68: =AI68/655.957 -> 0 | AL68: =IF(AI68>1200000,48000,AI68*0.04) -> 0 | AN68: =IF(AI68>1200000,96000,AI68*0.08) -> 0 | AO68: =IF(AI68>600000,600000*12.28%,AI68*12.28%) -> 0 | AP68: =IF(AI68>600000,600000*2.25%,AI68*2.25%)*0 -> 0 | AQ68: =AI68*4.5% -> 0 | AR68: =AI68*3% -> 0 | AS68: =AI68*10%*0 -> 0 | AV68: =SUM(AN68:AU68) -> 0 | AX68: =AI68-AL68 -> 0 | AY68: =BC68/655.957 -> 0 | BA68: 1 | BC68: =((AI68*12)-(AL68*12))*80% -> 0 | BD68: =BC68/BA68 -> 0 | BE68: =(IF(BD68<464000,BA68*0.01*BD68,IF(BD68<1000000,(4640+(BD68-464000)*0.1)*BA68,IF(BD68<3000000,(4640+53600+(BD68-1000000)*0.25)*BA68,(4640+53600+500000+(BD68-3000000)*0.4)*BA68))))/12 -> 0 | BF68: =((AI68-AL68)-500000)*0.5% -> -2500 | BO68: =BM68*BN68 -> 0 | BU68: =AX68-BE68+SUM(BI68:BQ68)-BS68-BG68 -> 0 | BV68: =+BU68/655.957 -> 0 | BX68: =(AI68-BI68-BJ68-BK68-BO68-BP68-BQ68)/12 -> 0 | BY68: =+BX68/655.957 -> 0 | BZ68: =(BX68/12)+BU68 -> 0 | CA68: =+BZ68/655.957 -> 0 | CC68: =((N68*13/12)*35%)/12 -> 0 | CD68: =+CC68/655.957 -> 0 | CF68: =AI68*0.02 -> 0 | CG68: =CF68/655.957 -> 0 | CJ68: =(AI68+AV68+CC68+CF68)*(13/12)+SUM(BI68:BQ68) -> 0 | CK68: =CJ68/655.957 -> 0 | CM68: =CJ68*12 -> 0 | CN68: =CM68/655.957 -> 0
A69: 62 | H69: 0 | I69: 0 | L69: 1 | O69: =N69/655.957 -> 0 | Y69: =((N69+AB69)*10%)*0 -> 0 | Z69: =((O69+AC69)*25%)*0 -> 0 | AA69: =((P69+AD69)*50%)*0 -> 0 | AI69: =SUM(N69,Q69:AG69)*L69 -> 0 | AJ69: =AI69/655.957 -> 0 | AL69: =IF(AI69>1200000,48000,AI69*0.04) -> 0 | AN69: =IF(AI69>1200000,96000,AI69*0.08) -> 0 | AO69: =IF(AI69>600000,600000*12.28%,AI69*12.28%) -> 0 | AP69: =IF(AI69>600000,600000*2.25%,AI69*2.25%)*0 -> 0 | AQ69: =AI69*4.5% -> 0 | AR69: =AI69*3% -> 0 | AS69: =AI69*10%*0 -> 0 | AV69: =SUM(AN69:AU69) -> 0 | AX69: =AI69-AL69 -> 0 | AY69: =BC69/655.957 -> 0 | BA69: 1 | BC69: =((AI69*12)-(AL69*12))*80% -> 0 | BD69: =BC69/BA69 -> 0 | BE69: =(IF(BD69<464000,BA69*0.01*BD69,IF(BD69<1000000,(4640+(BD69-464000)*0.1)*BA69,IF(BD69<3000000,(4640+53600+(BD69-1000000)*0.25)*BA69,(4640+53600+500000+(BD69-3000000)*0.4)*BA69))))/12 -> 0 | BF69: =((AI69-AL69)-500000)*0.5% -> -2500 | BO69: =BM69*BN69 -> 0 | BU69: =AX69-BE69+SUM(BI69:BQ69)-BS69-BG69 -> 0 | BV69: =+BU69/655.957 -> 0 | BX69: =(AI69-BI69-BJ69-BK69-BG305-BP69-BQ69)/12 -> 0 | BY69: =+BX69/655.957 -> 0 | BZ69: =(BX69/12)+BU69 -> 0 | CA69: =+BZ69/655.957 -> 0 | CC69: =((N69*13/12)*35%)/12 -> 0 | CD69: =+CC69/655.957 -> 0 | CF69: =AI69*0.02 -> 0 | CG69: =CF69/655.957 -> 0 | CJ69: =(AI69+AV69+CC69+CF69)*(13/12)+SUM(BI69:BQ69) -> 0 | CK69: =CJ69/655.957 -> 0 | CM69: =CJ69*12 -> 0 | CN69: =CM69/655.957 -> 0
A70: 63 | H70: 0 | I70: 0 | L70: 1 | M70: 84343 | O70: =N70/655.957 -> 0 | Y70: =((N70+AB70)*10%)*0 -> 0 | Z70: =((O70+AC70)*25%)*0 -> 0 | AA70: =((P70+AD70)*50%)*0 -> 0 | AI70: =SUM(N70,Q70:AG70)*L70 -> 0 | AJ70: =AI70/655.957 -> 0 | AL70: =IF(AI70>1200000,48000,AI70*0.04) -> 0 | AN70: =IF(AI70>1200000,96000,AI70*0.08) -> 0 | AO70: =IF(AI70>600000,600000*12.28%,AI70*12.28%) -> 0 | AP70: =IF(AI70>600000,600000*2.25%,AI70*2.25%)*0 -> 0 | AQ70: =AI70*4.5% -> 0 | AR70: =AI70*3% -> 0 | AS70: =AI70*10%*0 -> 0 | AV70: =SUM(AN70:AU70) -> 0 | AX70: =AI70-AL70 -> 0 | AY70: =BC70/655.957 -> 0 | BA70: 1 | BC70: =((AI70*12)-(AL70*12))*80% -> 0 | BD70: =BC70/BA70 -> 0 | BE70: =(IF(BD70<464000,BA70*0.01*BD70,IF(BD70<1000000,(4640+(BD70-464000)*0.1)*BA70,IF(BD70<3000000,(4640+53600+(BD70-1000000)*0.25)*BA70,(4640+53600+500000+(BD70-3000000)*0.4)*BA70))))/12 -> 0 | BF70: =((AI70-AL70)-500000)*0.5% -> -2500 | BO70: =BM70*BN70 -> 0 | BU70: =AX70-BE70+SUM(BI70:BQ70)-BS70-BG70 -> 0 | BV70: =+BU70/655.957 -> 0 | BX70: =(AI70-BI70-BJ70-BK70-BG300-BP70-BQ70)/12 -> 0 | BY70: =+BX70/655.957 -> 0 | BZ70: =(BX70/12)+BU70 -> 0 | CA70: =+BZ70/655.957 -> 0 | CC70: =((N70*13/12)*35%)/12 -> 0 | CD70: =+CC70/655.957 -> 0 | CF70: =AI70*0.02 -> 0 | CG70: =CF70/655.957 -> 0 | CJ70: =(AI70+AV70+CC70+CF70)*(13/12)+SUM(BI70:BQ70) -> 0 | CK70: =CJ70/655.957 -> 0 | CM70: =CJ70*12 -> 0 | CN70: =CM70/655.957 -> 0
A71: 64 | H71: 0 | I71: 0 | L71: 1 | M71: 84343 | O71: =N71/655.957 -> 0 | Y71: =((N71+AB71)*10%)*0 -> 0 | Z71: =((O71+AC71)*25%)*0 -> 0 | AA71: =((P71+AD71)*50%)*0 -> 0 | AI71: =SUM(N71,Q71:AG71)*L71 -> 0 | AJ71: =AI71/655.957 -> 0 | AL71: =IF(AI71>1200000,48000,AI71*0.04) -> 0 | AN71: =IF(AI71>1200000,96000,AI71*0.08) -> 0 | AO71: =IF(AI71>600000,600000*12.28%,AI71*12.28%) -> 0 | AP71: =IF(AI71>600000,600000*2.25%,AI71*2.25%)*0 -> 0 | AQ71: =AI71*4.5% -> 0 | AR71: =AI71*3% -> 0 | AS71: =AI71*10%*0 -> 0 | AV71: =SUM(AN71:AU71) -> 0 | AX71: =AI71-AL71 -> 0 | AY71: =BC71/655.957 -> 0 | BA71: 1 | BC71: =((AI71*12)-(AL71*12))*80% -> 0 | BD71: =BC71/BA71 -> 0 | BE71: =(IF(BD71<464000,BA71*0.01*BD71,IF(BD71<1000000,(4640+(BD71-464000)*0.1)*BA71,IF(BD71<3000000,(4640+53600+(BD71-1000000)*0.25)*BA71,(4640+53600+500000+(BD71-3000000)*0.4)*BA71))))/12 -> 0 | BF71: =((AI71-AL71)-500000)*0.5% -> -2500 | BO71: =BM71*BN71 -> 0 | BU71: =AX71-BE71+SUM(BI71:BQ71)-BS71-BG71 -> 0 | BV71: =+BU71/655.957 -> 0 | BX71: =(AI71-BI71-BJ71-BK71-BG301-BP71-BQ71)/12 -> 0 | BY71: =+BX71/655.957 -> 0 | BZ71: =(BX71/12)+BU71 -> 0 | CA71: =+BZ71/655.957 -> 0 | CC71: =((N71*13/12)*35%)/12 -> 0 | CD71: =+CC71/655.957 -> 0 | CF71: =AI71*0.02 -> 0 | CG71: =CF71/655.957 -> 0 | CJ71: =(AI71+AV71+CC71+CF71)*(13/12)+SUM(BI71:BQ71) -> 0 | CK71: =CJ71/655.957 -> 0 | CM71: =CJ71*12 -> 0 | CN71: =CM71/655.957 -> 0
A72: 65 | H72: 0 | I72: 0 | L72: 1 | M72: 84343 | O72: =N72/655.957 -> 0 | Y72: =((N72+AB72)*10%)*0 -> 0 | Z72: =((O72+AC72)*25%)*0 -> 0 | AA72: =((P72+AD72)*50%)*0 -> 0 | AI72: =SUM(N72,Q72:AG72)*L72 -> 0 | AJ72: =AI72/655.957 -> 0 | AL72: =IF(AI72>1200000,48000,AI72*0.04) -> 0 | AN72: =IF(AI72>1200000,96000,AI72*0.08) -> 0 | AO72: =IF(AI72>600000,600000*12.28%,AI72*12.28%) -> 0 | AP72: =IF(AI72>600000,600000*2.25%,AI72*2.25%)*0 -> 0 | AQ72: =AI72*4.5% -> 0 | AR72: =AI72*3% -> 0 | AS72: =AI72*10%*0 -> 0 | AV72: =SUM(AN72:AU72) -> 0 | AX72: =AI72-AL72 -> 0 | AY72: =BC72/655.957 -> 0 | BA72: 1 | BC72: =((AI72*12)-(AL72*12))*80% -> 0 | BD72: =BC72/BA72 -> 0 | BE72: =(IF(BD72<464000,BA72*0.01*BD72,IF(BD72<1000000,(4640+(BD72-464000)*0.1)*BA72,IF(BD72<3000000,(4640+53600+(BD72-1000000)*0.25)*BA72,(4640+53600+500000+(BD72-3000000)*0.4)*BA72))))/12 -> 0 | BF72: =((AI72-AL72)-500000)*0.5% -> -2500 | BO72: =BM72*BN72 -> 0 | BU72: =AX72-BE72+SUM(BI72:BQ72)-BS72-BG72 -> 0 | BV72: =+BU72/655.957 -> 0 | BX72: =(AI72-BI72-BJ72-BK72-BG302-BP72-BQ72)/12 -> 0 | BY72: =+BX72/655.957 -> 0 | BZ72: =(BX72/12)+BU72 -> 0 | CA72: =+BZ72/655.957 -> 0 | CC72: =((N72*13/12)*35%)/12 -> 0 | CD72: =+CC72/655.957 -> 0 | CF72: =AI72*0.02 -> 0 | CG72: =CF72/655.957 -> 0 | CJ72: =(AI72+AV72+CC72+CF72)*(13/12)+SUM(BI72:BQ72) -> 0 | CK72: =CJ72/655.957 -> 0 | CM72: =CJ72*12 -> 0 | CN72: =CM72/655.957 -> 0
A73: 66 | H73: 0 | I73: 0 | L73: 1 | M73: 84343 | O73: =N73/655.957 -> 0 | Y73: =((N73+AB73)*10%)*0 -> 0 | Z73: =((O73+AC73)*25%)*0 -> 0 | AA73: =((P73+AD73)*50%)*0 -> 0 | AI73: =SUM(N73,Q73:AG73)*L73 -> 0 | AJ73: =AI73/655.957 -> 0 | AL73: =IF(AI73>1200000,48000,AI73*0.04) -> 0 | AN73: =IF(AI73>1200000,96000,AI73*0.08) -> 0 | AO73: =IF(AI73>600000,600000*12.28%,AI73*12.28%) -> 0 | AP73: =IF(AI73>600000,600000*2.25%,AI73*2.25%)*0 -> 0 | AQ73: =AI73*4.5% -> 0 | AR73: =AI73*3% -> 0 | AS73: =AI73*10%*0 -> 0 | AV73: =SUM(AN73:AU73) -> 0 | AX73: =AI73-AL73 -> 0 | AY73: =BC73/655.957 -> 0 | BA73: 1 | BC73: =((AI73*12)-(AL73*12))*80% -> 0 | BD73: =BC73/BA73 -> 0 | BE73: =(IF(BD73<464000,BA73*0.01*BD73,IF(BD73<1000000,(4640+(BD73-464000)*0.1)*BA73,IF(BD73<3000000,(4640+53600+(BD73-1000000)*0.25)*BA73,(4640+53600+500000+(BD73-3000000)*0.4)*BA73))))/12 -> 0 | BF73: =((AI73-AL73)-500000)*0.5% -> -2500 | BO73: =BM73*BN73 -> 0 | BU73: =AX73-BE73+SUM(BI73:BQ73)-BS73-BG73 -> 0 | BV73: =+BU73/655.957 -> 0 | BX73: =(AI73-BI73-BJ73-BK73-BG303-BP73-BQ73)/12 -> 0 | BY73: =+BX73/655.957 -> 0 | BZ73: =(BX73/12)+BU73 -> 0 | CA73: =+BZ73/655.957 -> 0 | CC73: =((N73*13/12)*35%)/12 -> 0 | CD73: =+CC73/655.957 -> 0 | CF73: =AI73*0.02 -> 0 | CG73: =CF73/655.957 -> 0 | CJ73: =(AI73+AV73+CC73+CF73)*(13/12)+SUM(BI73:BQ73) -> 0 | CK73: =CJ73/655.957 -> 0 | CM73: =CJ73*12 -> 0 | CN73: =CM73/655.957 -> 0
A74: 67 | H74: 0 | I74: 0 | L74: 1 | M74: 84343 | O74: =N74/655.957 -> 0 | Y74: =((N74+AB74)*10%)*0 -> 0 | Z74: =((O74+AC74)*25%)*0 -> 0 | AA74: =((P74+AD74)*50%)*0 -> 0 | AI74: =SUM(N74,Q74:AG74)*L74 -> 0 | AJ74: =AI74/655.957 -> 0 | AL74: =IF(AI74>1200000,48000,AI74*0.04) -> 0 | AN74: =IF(AI74>1200000,96000,AI74*0.08) -> 0 | AO74: =IF(AI74>600000,600000*12.28%,AI74*12.28%) -> 0 | AP74: =IF(AI74>600000,600000*2.25%,AI74*2.25%)*0 -> 0 | AQ74: =AI74*4.5% -> 0 | AR74: =AI74*3% -> 0 | AS74: =AI74*10%*0 -> 0 | AV74: =SUM(AN74:AU74) -> 0 | AX74: =AI74-AL74 -> 0 | AY74: =BC74/655.957 -> 0 | BA74: 1 | BC74: =((AI74*12)-(AL74*12))*80% -> 0 | BD74: =BC74/BA74 -> 0 | BE74: =(IF(BD74<464000,BA74*0.01*BD74,IF(BD74<1000000,(4640+(BD74-464000)*0.1)*BA74,IF(BD74<3000000,(4640+53600+(BD74-1000000)*0.25)*BA74,(4640+53600+500000+(BD74-3000000)*0.4)*BA74))))/12 -> 0 | BF74: =((AI74-AL74)-500000)*0.5% -> -2500 | BO74: =BM74*BN74 -> 0 | BU74: =AX74-BE74+SUM(BI74:BQ74)-BS74-BG74 -> 0 | BV74: =+BU74/655.957 -> 0 | BX74: =(AI74-BI74-BJ74-BK74-BG304-BP74-BQ74)/12 -> 0 | BY74: =+BX74/655.957 -> 0 | BZ74: =(BX74/12)+BU74 -> 0 | CA74: =+BZ74/655.957 -> 0 | CC74: =((N74*13/12)*35%)/12 -> 0 | CD74: =+CC74/655.957 -> 0 | CF74: =AI74*0.02 -> 0 | CG74: =CF74/655.957 -> 0 | CJ74: =(AI74+AV74+CC74+CF74)*(13/12)+SUM(BI74:BQ74) -> 0 | CK74: =CJ74/655.957 -> 0 | CM74: =CJ74*12 -> 0 | CN74: =CM74/655.957 -> 0
A75: 68 | H75: 0 | I75: 0 | L75: 1 | M75: 84343 | O75: =N75/655.957 -> 0 | Y75: =((N75+AB75)*10%)*0 -> 0 | Z75: =((O75+AC75)*25%)*0 -> 0 | AA75: =((P75+AD75)*50%)*0 -> 0 | AI75: =SUM(N75,Q75:AG75)*L75 -> 0 | AJ75: =AI75/655.957 -> 0 | AL75: =IF(AI75>1200000,48000,AI75*0.04) -> 0 | AN75: =IF(AI75>1200000,96000,AI75*0.08) -> 0 | AO75: =IF(AI75>600000,600000*12.28%,AI75*12.28%) -> 0 | AP75: =IF(AI75>600000,600000*2.25%,AI75*2.25%)*0 -> 0 | AQ75: =AI75*4.5% -> 0 | AR75: =AI75*3% -> 0 | AS75: =AI75*10%*0 -> 0 | AV75: =SUM(AN75:AU75) -> 0 | AX75: =AI75-AL75 -> 0 | AY75: =BC75/655.957 -> 0 | BA75: 1 | BC75: =((AI75*12)-(AL75*12))*80% -> 0 | BD75: =BC75/BA75 -> 0 | BE75: =(IF(BD75<464000,BA75*0.01*BD75,IF(BD75<1000000,(4640+(BD75-464000)*0.1)*BA75,IF(BD75<3000000,(4640+53600+(BD75-1000000)*0.25)*BA75,(4640+53600+500000+(BD75-3000000)*0.4)*BA75))))/12 -> 0 | BF75: =((AI75-AL75)-500000)*0.5% -> -2500 | BO75: =BM75*BN75 -> 0 | BU75: =AX75-BE75+SUM(BI75:BQ75)-BS75-BG75 -> 0 | BV75: =+BU75/655.957 -> 0 | BX75: =(AI75-BI75-BJ75-BK75-BG305-BP75-BQ75)/12 -> 0 | BY75: =+BX75/655.957 -> 0 | BZ75: =(BX75/12)+BU75 -> 0 | CA75: =+BZ75/655.957 -> 0 | CC75: =((N75*13/12)*35%)/12 -> 0 | CD75: =+CC75/655.957 -> 0 | CF75: =AI75*0.02 -> 0 | CG75: =CF75/655.957 -> 0 | CJ75: =(AI75+AV75+CC75+CF75)*(13/12)+SUM(BI75:BQ75) -> 0 | CK75: =CJ75/655.957 -> 0 | CM75: =CJ75*12 -> 0 | CN75: =CM75/655.957 -> 0
A76: 69 | H76: 0 | I76: 0 | L76: 1 | M76: 84343 | O76: =N76/655.957 -> 0 | Y76: =((N76+AB76)*10%)*0 -> 0 | Z76: =((O76+AC76)*25%)*0 -> 0 | AA76: =((P76+AD76)*50%)*0 -> 0 | AI76: =SUM(N76,Q76:AG76)*L76 -> 0 | AJ76: =AI76/655.957 -> 0 | AL76: =IF(AI76>1200000,48000,AI76*0.04) -> 0 | AN76: =IF(AI76>1200000,96000,AI76*0.08) -> 0 | AO76: =IF(AI76>600000,600000*12.28%,AI76*12.28%) -> 0 | AP76: =IF(AI76>600000,600000*2.25%,AI76*2.25%)*0 -> 0 | AQ76: =AI76*4.5% -> 0 | AR76: =AI76*3% -> 0 | AS76: =AI76*10%*0 -> 0 | AV76: =SUM(AN76:AU76) -> 0 | AX76: =AI76-AL76 -> 0 | AY76: =BC76/655.957 -> 0 | BA76: 1 | BC76: =((AI76*12)-(AL76*12))*80% -> 0 | BD76: =BC76/BA76 -> 0 | BE76: =(IF(BD76<464000,BA76*0.01*BD76,IF(BD76<1000000,(4640+(BD76-464000)*0.1)*BA76,IF(BD76<3000000,(4640+53600+(BD76-1000000)*0.25)*BA76,(4640+53600+500000+(BD76-3000000)*0.4)*BA76))))/12 -> 0 | BF76: =((AI76-AL76)-500000)*0.5% -> -2500 | BO76: =BM76*BN76 -> 0 | BU76: =AX76-BE76+SUM(BI76:BQ76)-BS76-BG76 -> 0 | BV76: =+BU76/655.957 -> 0 | BX76: =(AI76-BI76-BJ76-BK76-BG306-BP76-BQ76)/12 -> 0 | BY76: =+BX76/655.957 -> 0 | BZ76: =(BX76/12)+BU76 -> 0 | CA76: =+BZ76/655.957 -> 0 | CC76: =((N76*13/12)*35%)/12 -> 0 | CD76: =+CC76/655.957 -> 0 | CF76: =AI76*0.02 -> 0 | CG76: =CF76/655.957 -> 0 | CJ76: =(AI76+AV76+CC76+CF76)*(13/12)+SUM(BI76:BQ76) -> 0 | CK76: =CJ76/655.957 -> 0 | CM76: =CJ76*12 -> 0 | CN76: =CM76/655.957 -> 0
A77: 70 | H77: 0 | I77: 0 | L77: 1 | M77: 84343 | O77: =N77/655.957 -> 0 | Y77: =((N77+AB77)*10%)*0 -> 0 | Z77: =((O77+AC77)*25%)*0 -> 0 | AA77: =((P77+AD77)*50%)*0 -> 0 | AI77: =SUM(N77,Q77:AG77)*L77 -> 0 | AJ77: =AI77/655.957 -> 0 | AL77: =IF(AI77>1200000,48000,AI77*0.04) -> 0 | AN77: =IF(AI77>1200000,96000,AI77*0.08) -> 0 | AO77: =IF(AI77>600000,600000*12.28%,AI77*12.28%) -> 0 | AP77: =IF(AI77>600000,600000*2.25%,AI77*2.25%)*0 -> 0 | AQ77: =AI77*4.5% -> 0 | AR77: =AI77*3% -> 0 | AS77: =AI77*10%*0 -> 0 | AV77: =SUM(AN77:AU77) -> 0 | AX77: =AI77-AL77 -> 0 | AY77: =BC77/655.957 -> 0 | BA77: 1 | BC77: =((AI77*12)-(AL77*12))*80% -> 0 | BD77: =BC77/BA77 -> 0 | BE77: =(IF(BD77<464000,BA77*0.01*BD77,IF(BD77<1000000,(4640+(BD77-464000)*0.1)*BA77,IF(BD77<3000000,(4640+53600+(BD77-1000000)*0.25)*BA77,(4640+53600+500000+(BD77-3000000)*0.4)*BA77))))/12 -> 0 | BF77: =((AI77-AL77)-500000)*0.5% -> -2500 | BO77: =BM77*BN77 -> 0 | BU77: =AX77-BE77+SUM(BI77:BQ77)-BS77-BG77 -> 0 | BV77: =+BU77/655.957 -> 0 | BX77: =(AI77-BI77-BJ77-BK77-BG307-BP77-BQ77)/12 -> 0 | BY77: =+BX77/655.957 -> 0 | BZ77: =(BX77/12)+BU77 -> 0 | CA77: =+BZ77/655.957 -> 0 | CC77: =((N77*13/12)*35%)/12 -> 0 | CD77: =+CC77/655.957 -> 0 | CF77: =AI77*0.02 -> 0 | CG77: =CF77/655.957 -> 0 | CJ77: =(AI77+AV77+CC77+CF77)*(13/12)+SUM(BI77:BQ77) -> 0 | CK77: =CJ77/655.957 -> 0 | CM77: =CJ77*12 -> 0 | CN77: =CM77/655.957 -> 0
A78: 71 | H78: 0 | I78: 0 | L78: 1 | O78: =N78/655.957 -> 0 | Y78: =((N78+AB78)*10%)*0 -> 0 | Z78: =((O78+AC78)*25%)*0 -> 0 | AA78: =((P78+AD78)*50%)*0 -> 0 | AI78: =SUM(N78,Q78:AG78)*L78 -> 0 | AJ78: =AI78/655.957 -> 0 | AL78: =IF(AI78>1200000,48000,AI78*0.04) -> 0 | AN78: =IF(AI78>1200000,96000,AI78*0.08) -> 0 | AO78: =IF(AI78>600000,600000*12.28%,AI78*12.28%) -> 0 | AP78: =IF(AI78>600000,600000*2.25%,AI78*2.25%)*0 -> 0 | AQ78: =AI78*4.5% -> 0 | AR78: =AI78*3% -> 0 | AS78: =AI78*10%*0 -> 0 | AV78: =SUM(AN78:AU78) -> 0 | AX78: =AI78-AL78 -> 0 | AY78: =BC78/655.957 -> 0 | BA78: 1 | BC78: =((AI78*12)-(AL78*12))*80% -> 0 | BD78: =BC78/BA78 -> 0 | BE78: =(IF(BD78<464000,BA78*0.01*BD78,IF(BD78<1000000,(4640+(BD78-464000)*0.1)*BA78,IF(BD78<3000000,(4640+53600+(BD78-1000000)*0.25)*BA78,(4640+53600+500000+(BD78-3000000)*0.4)*BA78))))/12 -> 0 | BF78: =((AI78-AL78)-500000)*0.5% -> -2500 | BO78: =BM78*BN78 -> 0 | BU78: =AX78-BE78+SUM(BI78:BQ78)-BS78-BG78 -> 0 | BV78: =+BU78/655.957 -> 0 | BX78: =(AI78-BI78-BJ78-BK78-BO78-BP78-BQ78)/12 -> 0 | BY78: =+BX78/655.957 -> 0 | BZ78: =(BX78/12)+BU78 -> 0 | CA78: =+BZ78/655.957 -> 0 | CC78: =((N78*13/12)*35%)/12 -> 0 | CD78: =+CC78/655.957 -> 0 | CF78: =AI78*0.02 -> 0 | CG78: =CF78/655.957 -> 0 | CJ78: =(AI78+AV78+CC78+CF78)*(13/12)+SUM(BI78:BQ78) -> 0 | CK78: =CJ78/655.957 -> 0 | CM78: =CJ78*12 -> 0 | CN78: =CM78/655.957 -> 0
A79: 72 | H79: 0 | I79: 0 | L79: 1 | O79: =N79/655.957 -> 0 | Y79: =((N79+AB79)*10%)*0 -> 0 | Z79: =((O79+AC79)*25%)*0 -> 0 | AA79: =((P79+AD79)*50%)*0 -> 0 | AI79: =SUM(N79,Q79:AG79)*L79 -> 0 | AJ79: =AI79/655.957 -> 0 | AL79: =IF(AI79>1200000,48000,AI79*0.04) -> 0 | AN79: =IF(AI79>1200000,96000,AI79*0.08) -> 0 | AO79: =IF(AI79>600000,600000*12.28%,AI79*12.28%) -> 0 | AP79: =IF(AI79>600000,600000*2.25%,AI79*2.25%)*0 -> 0 | AQ79: =AI79*4.5% -> 0 | AR79: =AI79*3% -> 0 | AS79: =AI79*10%*0 -> 0 | AV79: =SUM(AN79:AU79) -> 0 | AX79: =AI79-AL79 -> 0 | AY79: =BC79/655.957 -> 0 | BA79: 1 | BC79: =((AI79*12)-(AL79*12))*80% -> 0 | BD79: =BC79/BA79 -> 0 | BE79: =(IF(BD79<464000,BA79*0.01*BD79,IF(BD79<1000000,(4640+(BD79-464000)*0.1)*BA79,IF(BD79<3000000,(4640+53600+(BD79-1000000)*0.25)*BA79,(4640+53600+500000+(BD79-3000000)*0.4)*BA79))))/12 -> 0 | BF79: =((AI79-AL79)-500000)*0.5% -> -2500 | BO79: =BM79*BN79 -> 0 | BU79: =AX79-BE79+SUM(BI79:BQ79)-BS79-BG79 -> 0 | BV79: =+BU79/655.957 -> 0 | BX79: =(AI79-BI79-BJ79-BK79-BG315-BP79-BQ79)/12 -> 0 | BY79: =+BX79/655.957 -> 0 | BZ79: =(BX79/12)+BU79 -> 0 | CA79: =+BZ79/655.957 -> 0 | CC79: =((N79*13/12)*35%)/12 -> 0 | CD79: =+CC79/655.957 -> 0 | CF79: =AI79*0.02 -> 0 | CG79: =CF79/655.957 -> 0 | CJ79: =(AI79+AV79+CC79+CF79)*(13/12)+SUM(BI79:BQ79) -> 0 | CK79: =CJ79/655.957 -> 0 | CM79: =CJ79*12 -> 0 | CN79: =CM79/655.957 -> 0
A80: 73 | H80: 0 | I80: 0 | L80: 1 | M80: 84343 | O80: =N80/655.957 -> 0 | Y80: =((N80+AB80)*10%)*0 -> 0 | Z80: =((O80+AC80)*25%)*0 -> 0 | AA80: =((P80+AD80)*50%)*0 -> 0 | AI80: =SUM(N80,Q80:AG80)*L80 -> 0 | AJ80: =AI80/655.957 -> 0 | AL80: =IF(AI80>1200000,48000,AI80*0.04) -> 0 | AN80: =IF(AI80>1200000,96000,AI80*0.08) -> 0 | AO80: =IF(AI80>600000,600000*12.28%,AI80*12.28%) -> 0 | AP80: =IF(AI80>600000,600000*2.25%,AI80*2.25%)*0 -> 0 | AQ80: =AI80*4.5% -> 0 | AR80: =AI80*3% -> 0 | AS80: =AI80*10%*0 -> 0 | AV80: =SUM(AN80:AU80) -> 0 | AX80: =AI80-AL80 -> 0 | AY80: =BC80/655.957 -> 0 | BA80: 1 | BC80: =((AI80*12)-(AL80*12))*80% -> 0 | BD80: =BC80/BA80 -> 0 | BE80: =(IF(BD80<464000,BA80*0.01*BD80,IF(BD80<1000000,(4640+(BD80-464000)*0.1)*BA80,IF(BD80<3000000,(4640+53600+(BD80-1000000)*0.25)*BA80,(4640+53600+500000+(BD80-3000000)*0.4)*BA80))))/12 -> 0 | BF80: =((AI80-AL80)-500000)*0.5% -> -2500 | BO80: =BM80*BN80 -> 0 | BU80: =AX80-BE80+SUM(BI80:BQ80)-BS80-BG80 -> 0 | BV80: =+BU80/655.957 -> 0 | BX80: =(AI80-BI80-BJ80-BK80-BG310-BP80-BQ80)/12 -> 0 | BY80: =+BX80/655.957 -> 0 | BZ80: =(BX80/12)+BU80 -> 0 | CA80: =+BZ80/655.957 -> 0 | CC80: =((N80*13/12)*35%)/12 -> 0 | CD80: =+CC80/655.957 -> 0 | CF80: =AI80*0.02 -> 0 | CG80: =CF80/655.957 -> 0 | CJ80: =(AI80+AV80+CC80+CF80)*(13/12)+SUM(BI80:BQ80) -> 0 | CK80: =CJ80/655.957 -> 0 | CM80: =CJ80*12 -> 0 | CN80: =CM80/655.957 -> 0
A81: 74 | H81: 0 | I81: 0 | L81: 1 | M81: 84343 | O81: =N81/655.957 -> 0 | Y81: =((N81+AB81)*10%)*0 -> 0 | Z81: =((O81+AC81)*25%)*0 -> 0 | AA81: =((P81+AD81)*50%)*0 -> 0 | AI81: =SUM(N81,Q81:AG81)*L81 -> 0 | AJ81: =AI81/655.957 -> 0 | AL81: =IF(AI81>1200000,48000,AI81*0.04) -> 0 | AN81: =IF(AI81>1200000,96000,AI81*0.08) -> 0 | AO81: =IF(AI81>600000,600000*12.28%,AI81*12.28%) -> 0 | AP81: =IF(AI81>600000,600000*2.25%,AI81*2.25%)*0 -> 0 | AQ81: =AI81*4.5% -> 0 | AR81: =AI81*3% -> 0 | AS81: =AI81*10%*0 -> 0 | AV81: =SUM(AN81:AU81) -> 0 | AX81: =AI81-AL81 -> 0 | AY81: =BC81/655.957 -> 0 | BA81: 1 | BC81: =((AI81*12)-(AL81*12))*80% -> 0 | BD81: =BC81/BA81 -> 0 | BE81: =(IF(BD81<464000,BA81*0.01*BD81,IF(BD81<1000000,(4640+(BD81-464000)*0.1)*BA81,IF(BD81<3000000,(4640+53600+(BD81-1000000)*0.25)*BA81,(4640+53600+500000+(BD81-3000000)*0.4)*BA81))))/12 -> 0 | BF81: =((AI81-AL81)-500000)*0.5% -> -2500 | BO81: =BM81*BN81 -> 0 | BU81: =AX81-BE81+SUM(BI81:BQ81)-BS81-BG81 -> 0 | BV81: =+BU81/655.957 -> 0 | BX81: =(AI81-BI81-BJ81-BK81-BG311-BP81-BQ81)/12 -> 0 | BY81: =+BX81/655.957 -> 0 | BZ81: =(BX81/12)+BU81 -> 0 | CA81: =+BZ81/655.957 -> 0 | CC81: =((N81*13/12)*35%)/12 -> 0 | CD81: =+CC81/655.957 -> 0 | CF81: =AI81*0.02 -> 0 | CG81: =CF81/655.957 -> 0 | CJ81: =(AI81+AV81+CC81+CF81)*(13/12)+SUM(BI81:BQ81) -> 0 | CK81: =CJ81/655.957 -> 0 | CM81: =CJ81*12 -> 0 | CN81: =CM81/655.957 -> 0
A82: 75 | H82: 0 | I82: 0 | L82: 1 | M82: 84343 | O82: =N82/655.957 -> 0 | Y82: =((N82+AB82)*10%)*0 -> 0 | Z82: =((O82+AC82)*25%)*0 -> 0 | AA82: =((P82+AD82)*50%)*0 -> 0 | AI82: =SUM(N82,Q82:AG82)*L82 -> 0 | AJ82: =AI82/655.957 -> 0 | AL82: =IF(AI82>1200000,48000,AI82*0.04) -> 0 | AN82: =IF(AI82>1200000,96000,AI82*0.08) -> 0 | AO82: =IF(AI82>600000,600000*12.28%,AI82*12.28%) -> 0 | AP82: =IF(AI82>600000,600000*2.25%,AI82*2.25%)*0 -> 0 | AQ82: =AI82*4.5% -> 0 | AR82: =AI82*3% -> 0 | AS82: =AI82*10%*0 -> 0 | AV82: =SUM(AN82:AU82) -> 0 | AX82: =AI82-AL82 -> 0 | AY82: =BC82/655.957 -> 0 | BA82: 1 | BC82: =((AI82*12)-(AL82*12))*80% -> 0 | BD82: =BC82/BA82 -> 0 | BE82: =(IF(BD82<464000,BA82*0.01*BD82,IF(BD82<1000000,(4640+(BD82-464000)*0.1)*BA82,IF(BD82<3000000,(4640+53600+(BD82-1000000)*0.25)*BA82,(4640+53600+500000+(BD82-3000000)*0.4)*BA82))))/12 -> 0 | BF82: =((AI82-AL82)-500000)*0.5% -> -2500 | BO82: =BM82*BN82 -> 0 | BU82: =AX82-BE82+SUM(BI82:BQ82)-BS82-BG82 -> 0 | BV82: =+BU82/655.957 -> 0 | BX82: =(AI82-BI82-BJ82-BK82-BG312-BP82-BQ82)/12 -> 0 | BY82: =+BX82/655.957 -> 0 | BZ82: =(BX82/12)+BU82 -> 0 | CA82: =+BZ82/655.957 -> 0 | CC82: =((N82*13/12)*35%)/12 -> 0 | CD82: =+CC82/655.957 -> 0 | CF82: =AI82*0.02 -> 0 | CG82: =CF82/655.957 -> 0 | CJ82: =(AI82+AV82+CC82+CF82)*(13/12)+SUM(BI82:BQ82) -> 0 | CK82: =CJ82/655.957 -> 0 | CM82: =CJ82*12 -> 0 | CN82: =CM82/655.957 -> 0
A83: 76 | H83: 0 | I83: 0 | L83: 1 | M83: 84343 | O83: =N83/655.957 -> 0 | Y83: =((N83+AB83)*10%)*0 -> 0 | Z83: =((O83+AC83)*25%)*0 -> 0 | AA83: =((P83+AD83)*50%)*0 -> 0 | AI83: =SUM(N83,Q83:AG83)*L83 -> 0 | AJ83: =AI83/655.957 -> 0 | AL83: =IF(AI83>1200000,48000,AI83*0.04) -> 0 | AN83: =IF(AI83>1200000,96000,AI83*0.08) -> 0 | AO83: =IF(AI83>600000,600000*12.28%,AI83*12.28%) -> 0 | AP83: =IF(AI83>600000,600000*2.25%,AI83*2.25%)*0 -> 0 | AQ83: =AI83*4.5% -> 0 | AR83: =AI83*3% -> 0 | AS83: =AI83*10%*0 -> 0 | AV83: =SUM(AN83:AU83) -> 0 | AX83: =AI83-AL83 -> 0 | AY83: =BC83/655.957 -> 0 | BA83: 1 | BC83: =((AI83*12)-(AL83*12))*80% -> 0 | BD83: =BC83/BA83 -> 0 | BE83: =(IF(BD83<464000,BA83*0.01*BD83,IF(BD83<1000000,(4640+(BD83-464000)*0.1)*BA83,IF(BD83<3000000,(4640+53600+(BD83-1000000)*0.25)*BA83,(4640+53600+500000+(BD83-3000000)*0.4)*BA83))))/12 -> 0 | BF83: =((AI83-AL83)-500000)*0.5% -> -2500 | BO83: =BM83*BN83 -> 0 | BU83: =AX83-BE83+SUM(BI83:BQ83)-BS83-BG83 -> 0 | BV83: =+BU83/655.957 -> 0 | BX83: =(AI83-BI83-BJ83-BK83-BG313-BP83-BQ83)/12 -> 0 | BY83: =+BX83/655.957 -> 0 | BZ83: =(BX83/12)+BU83 -> 0 | CA83: =+BZ83/655.957 -> 0 | CC83: =((N83*13/12)*35%)/12 -> 0 | CD83: =+CC83/655.957 -> 0 | CF83: =AI83*0.02 -> 0 | CG83: =CF83/655.957 -> 0 | CJ83: =(AI83+AV83+CC83+CF83)*(13/12)+SUM(BI83:BQ83) -> 0 | CK83: =CJ83/655.957 -> 0 | CM83: =CJ83*12 -> 0 | CN83: =CM83/655.957 -> 0
A84: 77 | H84: 0 | I84: 0 | L84: 1 | M84: 84343 | O84: =N84/655.957 -> 0 | Y84: =((N84+AB84)*10%)*0 -> 0 | Z84: =((O84+AC84)*25%)*0 -> 0 | AA84: =((P84+AD84)*50%)*0 -> 0 | AI84: =SUM(N84,Q84:AG84)*L84 -> 0 | AJ84: =AI84/655.957 -> 0 | AL84: =IF(AI84>1200000,48000,AI84*0.04) -> 0 | AN84: =IF(AI84>1200000,96000,AI84*0.08) -> 0 | AO84: =IF(AI84>600000,600000*12.28%,AI84*12.28%) -> 0 | AP84: =IF(AI84>600000,600000*2.25%,AI84*2.25%)*0 -> 0 | AQ84: =AI84*4.5% -> 0 | AR84: =AI84*3% -> 0 | AS84: =AI84*10%*0 -> 0 | AV84: =SUM(AN84:AU84) -> 0 | AX84: =AI84-AL84 -> 0 | AY84: =BC84/655.957 -> 0 | BA84: 1 | BC84: =((AI84*12)-(AL84*12))*80% -> 0 | BD84: =BC84/BA84 -> 0 | BE84: =(IF(BD84<464000,BA84*0.01*BD84,IF(BD84<1000000,(4640+(BD84-464000)*0.1)*BA84,IF(BD84<3000000,(4640+53600+(BD84-1000000)*0.25)*BA84,(4640+53600+500000+(BD84-3000000)*0.4)*BA84))))/12 -> 0 | BF84: =((AI84-AL84)-500000)*0.5% -> -2500 | BO84: =BM84*BN84 -> 0 | BU84: =AX84-BE84+SUM(BI84:BQ84)-BS84-BG84 -> 0 | BV84: =+BU84/655.957 -> 0 | BX84: =(AI84-BI84-BJ84-BK84-BG314-BP84-BQ84)/12 -> 0 | BY84: =+BX84/655.957 -> 0 | BZ84: =(BX84/12)+BU84 -> 0 | CA84: =+BZ84/655.957 -> 0 | CC84: =((N84*13/12)*35%)/12 -> 0 | CD84: =+CC84/655.957 -> 0 | CF84: =AI84*0.02 -> 0 | CG84: =CF84/655.957 -> 0 | CJ84: =(AI84+AV84+CC84+CF84)*(13/12)+SUM(BI84:BQ84) -> 0 | CK84: =CJ84/655.957 -> 0 | CM84: =CJ84*12 -> 0 | CN84: =CM84/655.957 -> 0
A85: 78 | H85: 0 | I85: 0 | L85: 1 | M85: 84343 | O85: =N85/655.957 -> 0 | Y85: =((N85+AB85)*10%)*0 -> 0 | Z85: =((O85+AC85)*25%)*0 -> 0 | AA85: =((P85+AD85)*50%)*0 -> 0 | AI85: =SUM(N85,Q85:AG85)*L85 -> 0 | AJ85: =AI85/655.957 -> 0 | AL85: =IF(AI85>1200000,48000,AI85*0.04) -> 0 | AN85: =IF(AI85>1200000,96000,AI85*0.08) -> 0 | AO85: =IF(AI85>600000,600000*12.28%,AI85*12.28%) -> 0 | AP85: =IF(AI85>600000,600000*2.25%,AI85*2.25%)*0 -> 0 | AQ85: =AI85*4.5% -> 0 | AR85: =AI85*3% -> 0 | AS85: =AI85*10%*0 -> 0 | AV85: =SUM(AN85:AU85) -> 0 | AX85: =AI85-AL85 -> 0 | AY85: =BC85/655.957 -> 0 | BA85: 1 | BC85: =((AI85*12)-(AL85*12))*80% -> 0 | BD85: =BC85/BA85 -> 0 | BE85: =(IF(BD85<464000,BA85*0.01*BD85,IF(BD85<1000000,(4640+(BD85-464000)*0.1)*BA85,IF(BD85<3000000,(4640+53600+(BD85-1000000)*0.25)*BA85,(4640+53600+500000+(BD85-3000000)*0.4)*BA85))))/12 -> 0 | BF85: =((AI85-AL85)-500000)*0.5% -> -2500 | BO85: =BM85*BN85 -> 0 | BU85: =AX85-BE85+SUM(BI85:BQ85)-BS85-BG85 -> 0 | BV85: =+BU85/655.957 -> 0 | BX85: =(AI85-BI85-BJ85-BK85-BG315-BP85-BQ85)/12 -> 0 | BY85: =+BX85/655.957 -> 0 | BZ85: =(BX85/12)+BU85 -> 0 | CA85: =+BZ85/655.957 -> 0 | CC85: =((N85*13/12)*35%)/12 -> 0 | CD85: =+CC85/655.957 -> 0 | CF85: =AI85*0.02 -> 0 | CG85: =CF85/655.957 -> 0 | CJ85: =(AI85+AV85+CC85+CF85)*(13/12)+SUM(BI85:BQ85) -> 0 | CK85: =CJ85/655.957 -> 0 | CM85: =CJ85*12 -> 0 | CN85: =CM85/655.957 -> 0
A86: 79 | H86: 0 | I86: 0 | L86: 1 | M86: 84343 | O86: =N86/655.957 -> 0 | Y86: =((N86+AB86)*10%)*0 -> 0 | Z86: =((O86+AC86)*25%)*0 -> 0 | AA86: =((P86+AD86)*50%)*0 -> 0 | AI86: =SUM(N86,Q86:AG86)*L86 -> 0 | AJ86: =AI86/655.957 -> 0 | AL86: =IF(AI86>1200000,48000,AI86*0.04) -> 0 | AN86: =IF(AI86>1200000,96000,AI86*0.08) -> 0 | AO86: =IF(AI86>600000,600000*12.28%,AI86*12.28%) -> 0 | AP86: =IF(AI86>600000,600000*2.25%,AI86*2.25%)*0 -> 0 | AQ86: =AI86*4.5% -> 0 | AR86: =AI86*3% -> 0 | AS86: =AI86*10%*0 -> 0 | AV86: =SUM(AN86:AU86) -> 0 | AX86: =AI86-AL86 -> 0 | AY86: =BC86/655.957 -> 0 | BA86: 1 | BC86: =((AI86*12)-(AL86*12))*80% -> 0 | BD86: =BC86/BA86 -> 0 | BE86: =(IF(BD86<464000,BA86*0.01*BD86,IF(BD86<1000000,(4640+(BD86-464000)*0.1)*BA86,IF(BD86<3000000,(4640+53600+(BD86-1000000)*0.25)*BA86,(4640+53600+500000+(BD86-3000000)*0.4)*BA86))))/12 -> 0 | BF86: =((AI86-AL86)-500000)*0.5% -> -2500 | BO86: =BM86*BN86 -> 0 | BU86: =AX86-BE86+SUM(BI86:BQ86)-BS86-BG86 -> 0 | BV86: =+BU86/655.957 -> 0 | BX86: =(AI86-BI86-BJ86-BK86-BG316-BP86-BQ86)/12 -> 0 | BY86: =+BX86/655.957 -> 0 | BZ86: =(BX86/12)+BU86 -> 0 | CA86: =+BZ86/655.957 -> 0 | CC86: =((N86*13/12)*35%)/12 -> 0 | CD86: =+CC86/655.957 -> 0 | CF86: =AI86*0.02 -> 0 | CG86: =CF86/655.957 -> 0 | CJ86: =(AI86+AV86+CC86+CF86)*(13/12)+SUM(BI86:BQ86) -> 0 | CK86: =CJ86/655.957 -> 0 | CM86: =CJ86*12 -> 0 | CN86: =CM86/655.957 -> 0
A87: 80 | H87: 0 | I87: 0 | L87: 1 | M87: 84343 | O87: =N87/655.957 -> 0 | Y87: =((N87+AB87)*10%)*0 -> 0 | Z87: =((O87+AC87)*25%)*0 -> 0 | AA87: =((P87+AD87)*50%)*0 -> 0 | AI87: =SUM(N87,Q87:AG87)*L87 -> 0 | AJ87: =AI87/655.957 -> 0 | AL87: =IF(AI87>1200000,48000,AI87*0.04) -> 0 | AN87: =IF(AI87>1200000,96000,AI87*0.08) -> 0 | AO87: =IF(AI87>600000,600000*12.28%,AI87*12.28%) -> 0 | AP87: =IF(AI87>600000,600000*2.25%,AI87*2.25%)*0 -> 0 | AQ87: =AI87*4.5% -> 0 | AR87: =AI87*3% -> 0 | AS87: =AI87*10%*0 -> 0 | AV87: =SUM(AN87:AU87) -> 0 | AX87: =AI87-AL87 -> 0 | AY87: =BC87/655.957 -> 0 | BA87: 1 | BC87: =((AI87*12)-(AL87*12))*80% -> 0 | BD87: =BC87/BA87 -> 0 | BE87: =(IF(BD87<464000,BA87*0.01*BD87,IF(BD87<1000000,(4640+(BD87-464000)*0.1)*BA87,IF(BD87<3000000,(4640+53600+(BD87-1000000)*0.25)*BA87,(4640+53600+500000+(BD87-3000000)*0.4)*BA87))))/12 -> 0 | BF87: =((AI87-AL87)-500000)*0.5% -> -2500 | BO87: =BM87*BN87 -> 0 | BU87: =AX87-BE87+SUM(BI87:BQ87)-BS87-BG87 -> 0 | BV87: =+BU87/655.957 -> 0 | BX87: =(AI87-BI87-BJ87-BK87-BG317-BP87-BQ87)/12 -> 0 | BY87: =+BX87/655.957 -> 0 | BZ87: =(BX87/12)+BU87 -> 0 | CA87: =+BZ87/655.957 -> 0 | CC87: =((N87*13/12)*35%)/12 -> 0 | CD87: =+CC87/655.957 -> 0 | CF87: =AI87*0.02 -> 0 | CG87: =CF87/655.957 -> 0 | CJ87: =(AI87+AV87+CC87+CF87)*(13/12)+SUM(BI87:BQ87) -> 0 | CK87: =CJ87/655.957 -> 0 | CM87: =CJ87*12 -> 0 | CN87: =CM87/655.957 -> 0
A88: 81 | H88: 0 | I88: 0 | L88: 1 | O88: =N88/655.957 -> 0 | Y88: =((N88+AB88)*10%)*0 -> 0 | Z88: =((O88+AC88)*25%)*0 -> 0 | AA88: =((P88+AD88)*50%)*0 -> 0 | AI88: =SUM(N88,Q88:AG88)*L88 -> 0 | AJ88: =AI88/655.957 -> 0 | AL88: =IF(AI88>1200000,48000,AI88*0.04) -> 0 | AN88: =IF(AI88>1200000,96000,AI88*0.08) -> 0 | AO88: =IF(AI88>600000,600000*12.28%,AI88*12.28%) -> 0 | AP88: =IF(AI88>600000,600000*2.25%,AI88*2.25%)*0 -> 0 | AQ88: =AI88*4.5% -> 0 | AR88: =AI88*3% -> 0 | AS88: =AI88*10%*0 -> 0 | AV88: =SUM(AN88:AU88) -> 0 | AX88: =AI88-AL88 -> 0 | AY88: =BC88/655.957 -> 0 | BA88: 1 | BC88: =((AI88*12)-(AL88*12))*80% -> 0 | BD88: =BC88/BA88 -> 0 | BE88: =(IF(BD88<464000,BA88*0.01*BD88,IF(BD88<1000000,(4640+(BD88-464000)*0.1)*BA88,IF(BD88<3000000,(4640+53600+(BD88-1000000)*0.25)*BA88,(4640+53600+500000+(BD88-3000000)*0.4)*BA88))))/12 -> 0 | BF88: =((AI88-AL88)-500000)*0.5% -> -2500 | BO88: =BM88*BN88 -> 0 | BU88: =AX88-BE88+SUM(BI88:BQ88)-BS88-BG88 -> 0 | BV88: =+BU88/655.957 -> 0 | BX88: =(AI88-BI88-BJ88-BK88-BO88-BP88-BQ88)/12 -> 0 | BY88: =+BX88/655.957 -> 0 | BZ88: =(BX88/12)+BU88 -> 0 | CA88: =+BZ88/655.957 -> 0 | CC88: =((N88*13/12)*35%)/12 -> 0 | CD88: =+CC88/655.957 -> 0 | CF88: =AI88*0.02 -> 0 | CG88: =CF88/655.957 -> 0 | CJ88: =(AI88+AV88+CC88+CF88)*(13/12)+SUM(BI88:BQ88) -> 0 | CK88: =CJ88/655.957 -> 0 | CM88: =CJ88*12 -> 0 | CN88: =CM88/655.957 -> 0
A89: 82 | H89: 0 | I89: 0 | L89: 1 | O89: =N89/655.957 -> 0 | Y89: =((N89+AB89)*10%)*0 -> 0 | Z89: =((O89+AC89)*25%)*0 -> 0 | AA89: =((P89+AD89)*50%)*0 -> 0 | AI89: =SUM(N89,Q89:AG89)*L89 -> 0 | AJ89: =AI89/655.957 -> 0 | AL89: =IF(AI89>1200000,48000,AI89*0.04) -> 0 | AN89: =IF(AI89>1200000,96000,AI89*0.08) -> 0 | AO89: =IF(AI89>600000,600000*12.28%,AI89*12.28%) -> 0 | AP89: =IF(AI89>600000,600000*2.25%,AI89*2.25%)*0 -> 0 | AQ89: =AI89*4.5% -> 0 | AR89: =AI89*3% -> 0 | AS89: =AI89*10%*0 -> 0 | AV89: =SUM(AN89:AU89) -> 0 | AX89: =AI89-AL89 -> 0 | AY89: =BC89/655.957 -> 0 | BA89: 1 | BC89: =((AI89*12)-(AL89*12))*80% -> 0 | BD89: =BC89/BA89 -> 0 | BE89: =(IF(BD89<464000,BA89*0.01*BD89,IF(BD89<1000000,(4640+(BD89-464000)*0.1)*BA89,IF(BD89<3000000,(4640+53600+(BD89-1000000)*0.25)*BA89,(4640+53600+500000+(BD89-3000000)*0.4)*BA89))))/12 -> 0 | BF89: =((AI89-AL89)-500000)*0.5% -> -2500 | BO89: =BM89*BN89 -> 0 | BU89: =AX89-BE89+SUM(BI89:BQ89)-BS89-BG89 -> 0 | BV89: =+BU89/655.957 -> 0 | BX89: =(AI89-BI89-BJ89-BK89-BG325-BP89-BQ89)/12 -> 0 | BY89: =+BX89/655.957 -> 0 | BZ89: =(BX89/12)+BU89 -> 0 | CA89: =+BZ89/655.957 -> 0 | CC89: =((N89*13/12)*35%)/12 -> 0 | CD89: =+CC89/655.957 -> 0 | CF89: =AI89*0.02 -> 0 | CG89: =CF89/655.957 -> 0 | CJ89: =(AI89+AV89+CC89+CF89)*(13/12)+SUM(BI89:BQ89) -> 0 | CK89: =CJ89/655.957 -> 0 | CM89: =CJ89*12 -> 0 | CN89: =CM89/655.957 -> 0
A90: 83 | H90: 0 | I90: 0 | L90: 1 | M90: 84343 | O90: =N90/655.957 -> 0 | Y90: =((N90+AB90)*10%)*0 -> 0 | Z90: =((O90+AC90)*25%)*0 -> 0 | AA90: =((P90+AD90)*50%)*0 -> 0 | AI90: =SUM(N90,Q90:AG90)*L90 -> 0 | AJ90: =AI90/655.957 -> 0 | AL90: =IF(AI90>1200000,48000,AI90*0.04) -> 0 | AN90: =IF(AI90>1200000,96000,AI90*0.08) -> 0 | AO90: =IF(AI90>600000,600000*12.28%,AI90*12.28%) -> 0 | AP90: =IF(AI90>600000,600000*2.25%,AI90*2.25%)*0 -> 0 | AQ90: =AI90*4.5% -> 0 | AR90: =AI90*3% -> 0 | AS90: =AI90*10%*0 -> 0 | AV90: =SUM(AN90:AU90) -> 0 | AX90: =AI90-AL90 -> 0 | AY90: =BC90/655.957 -> 0 | BA90: 1 | BC90: =((AI90*12)-(AL90*12))*80% -> 0 | BD90: =BC90/BA90 -> 0 | BE90: =(IF(BD90<464000,BA90*0.01*BD90,IF(BD90<1000000,(4640+(BD90-464000)*0.1)*BA90,IF(BD90<3000000,(4640+53600+(BD90-1000000)*0.25)*BA90,(4640+53600+500000+(BD90-3000000)*0.4)*BA90))))/12 -> 0 | BF90: =((AI90-AL90)-500000)*0.5% -> -2500 | BO90: =BM90*BN90 -> 0 | BU90: =AX90-BE90+SUM(BI90:BQ90)-BS90-BG90 -> 0 | BV90: =+BU90/655.957 -> 0 | BX90: =(AI90-BI90-BJ90-BK90-BG320-BP90-BQ90)/12 -> 0 | BY90: =+BX90/655.957 -> 0 | BZ90: =(BX90/12)+BU90 -> 0 | CA90: =+BZ90/655.957 -> 0 | CC90: =((N90*13/12)*35%)/12 -> 0 | CD90: =+CC90/655.957 -> 0 | CF90: =AI90*0.02 -> 0 | CG90: =CF90/655.957 -> 0 | CJ90: =(AI90+AV90+CC90+CF90)*(13/12)+SUM(BI90:BQ90) -> 0 | CK90: =CJ90/655.957 -> 0 | CM90: =CJ90*12 -> 0 | CN90: =CM90/655.957 -> 0
A91: 84 | H91: 0 | I91: 0 | L91: 1 | M91: 84343 | O91: =N91/655.957 -> 0 | Y91: =((N91+AB91)*10%)*0 -> 0 | Z91: =((O91+AC91)*25%)*0 -> 0 | AA91: =((P91+AD91)*50%)*0 -> 0 | AI91: =SUM(N91,Q91:AG91)*L91 -> 0 | AJ91: =AI91/655.957 -> 0 | AL91: =IF(AI91>1200000,48000,AI91*0.04) -> 0 | AN91: =IF(AI91>1200000,96000,AI91*0.08) -> 0 | AO91: =IF(AI91>600000,600000*12.28%,AI91*12.28%) -> 0 | AP91: =IF(AI91>600000,600000*2.25%,AI91*2.25%)*0 -> 0 | AQ91: =AI91*4.5% -> 0 | AR91: =AI91*3% -> 0 | AS91: =AI91*10%*0 -> 0 | AV91: =SUM(AN91:AU91) -> 0 | AX91: =AI91-AL91 -> 0 | AY91: =BC91/655.957 -> 0 | BA91: 1 | BC91: =((AI91*12)-(AL91*12))*80% -> 0 | BD91: =BC91/BA91 -> 0 | BE91: =(IF(BD91<464000,BA91*0.01*BD91,IF(BD91<1000000,(4640+(BD91-464000)*0.1)*BA91,IF(BD91<3000000,(4640+53600+(BD91-1000000)*0.25)*BA91,(4640+53600+500000+(BD91-3000000)*0.4)*BA91))))/12 -> 0 | BF91: =((AI91-AL91)-500000)*0.5% -> -2500 | BO91: =BM91*BN91 -> 0 | BU91: =AX91-BE91+SUM(BI91:BQ91)-BS91-BG91 -> 0 | BV91: =+BU91/655.957 -> 0 | BX91: =(AI91-BI91-BJ91-BK91-BG321-BP91-BQ91)/12 -> 0 | BY91: =+BX91/655.957 -> 0 | BZ91: =(BX91/12)+BU91 -> 0 | CA91: =+BZ91/655.957 -> 0 | CC91: =((N91*13/12)*35%)/12 -> 0 | CD91: =+CC91/655.957 -> 0 | CF91: =AI91*0.02 -> 0 | CG91: =CF91/655.957 -> 0 | CJ91: =(AI91+AV91+CC91+CF91)*(13/12)+SUM(BI91:BQ91) -> 0 | CK91: =CJ91/655.957 -> 0 | CM91: =CJ91*12 -> 0 | CN91: =CM91/655.957 -> 0
A92: 85 | H92: 0 | I92: 0 | L92: 1 | M92: 84343 | O92: =N92/655.957 -> 0 | Y92: =((N92+AB92)*10%)*0 -> 0 | Z92: =((O92+AC92)*25%)*0 -> 0 | AA92: =((P92+AD92)*50%)*0 -> 0 | AI92: =SUM(N92,Q92:AG92)*L92 -> 0 | AJ92: =AI92/655.957 -> 0 | AL92: =IF(AI92>1200000,48000,AI92*0.04) -> 0 | AN92: =IF(AI92>1200000,96000,AI92*0.08) -> 0 | AO92: =IF(AI92>600000,600000*12.28%,AI92*12.28%) -> 0 | AP92: =IF(AI92>600000,600000*2.25%,AI92*2.25%)*0 -> 0 | AQ92: =AI92*4.5% -> 0 | AR92: =AI92*3% -> 0 | AS92: =AI92*10%*0 -> 0 | AV92: =SUM(AN92:AU92) -> 0 | AX92: =AI92-AL92 -> 0 | AY92: =BC92/655.957 -> 0 | BA92: 1 | BC92: =((AI92*12)-(AL92*12))*80% -> 0 | BD92: =BC92/BA92 -> 0 | BE92: =(IF(BD92<464000,BA92*0.01*BD92,IF(BD92<1000000,(4640+(BD92-464000)*0.1)*BA92,IF(BD92<3000000,(4640+53600+(BD92-1000000)*0.25)*BA92,(4640+53600+500000+(BD92-3000000)*0.4)*BA92))))/12 -> 0 | BF92: =((AI92-AL92)-500000)*0.5% -> -2500 | BO92: =BM92*BN92 -> 0 | BU92: =AX92-BE92+SUM(BI92:BQ92)-BS92-BG92 -> 0 | BV92: =+BU92/655.957 -> 0 | BX92: =(AI92-BI92-BJ92-BK92-BG322-BP92-BQ92)/12 -> 0 | BY92: =+BX92/655.957 -> 0 | BZ92: =(BX92/12)+BU92 -> 0 | CA92: =+BZ92/655.957 -> 0 | CC92: =((N92*13/12)*35%)/12 -> 0 | CD92: =+CC92/655.957 -> 0 | CF92: =AI92*0.02 -> 0 | CG92: =CF92/655.957 -> 0 | CJ92: =(AI92+AV92+CC92+CF92)*(13/12)+SUM(BI92:BQ92) -> 0 | CK92: =CJ92/655.957 -> 0 | CM92: =CJ92*12 -> 0 | CN92: =CM92/655.957 -> 0
A93: 86 | H93: 0 | I93: 0 | L93: 1 | M93: 84343 | O93: =N93/655.957 -> 0 | Y93: =((N93+AB93)*10%)*0 -> 0 | Z93: =((O93+AC93)*25%)*0 -> 0 | AA93: =((P93+AD93)*50%)*0 -> 0 | AI93: =SUM(N93,Q93:AG93)*L93 -> 0 | AJ93: =AI93/655.957 -> 0 | AL93: =IF(AI93>1200000,48000,AI93*0.04) -> 0 | AN93: =IF(AI93>1200000,96000,AI93*0.08) -> 0 | AO93: =IF(AI93>600000,600000*12.28%,AI93*12.28%) -> 0 | AP93: =IF(AI93>600000,600000*2.25%,AI93*2.25%)*0 -> 0 | AQ93: =AI93*4.5% -> 0 | AR93: =AI93*3% -> 0 | AS93: =AI93*10%*0 -> 0 | AV93: =SUM(AN93:AU93) -> 0 | AX93: =AI93-AL93 -> 0 | AY93: =BC93/655.957 -> 0 | BA93: 1 | BC93: =((AI93*12)-(AL93*12))*80% -> 0 | BD93: =BC93/BA93 -> 0 | BE93: =(IF(BD93<464000,BA93*0.01*BD93,IF(BD93<1000000,(4640+(BD93-464000)*0.1)*BA93,IF(BD93<3000000,(4640+53600+(BD93-1000000)*0.25)*BA93,(4640+53600+500000+(BD93-3000000)*0.4)*BA93))))/12 -> 0 | BF93: =((AI93-AL93)-500000)*0.5% -> -2500 | BO93: =BM93*BN93 -> 0 | BU93: =AX93-BE93+SUM(BI93:BQ93)-BS93-BG93 -> 0 | BV93: =+BU93/655.957 -> 0 | BX93: =(AI93-BI93-BJ93-BK93-BG323-BP93-BQ93)/12 -> 0 | BY93: =+BX93/655.957 -> 0 | BZ93: =(BX93/12)+BU93 -> 0 | CA93: =+BZ93/655.957 -> 0 | CC93: =((N93*13/12)*35%)/12 -> 0 | CD93: =+CC93/655.957 -> 0 | CF93: =AI93*0.02 -> 0 | CG93: =CF93/655.957 -> 0 | CJ93: =(AI93+AV93+CC93+CF93)*(13/12)+SUM(BI93:BQ93) -> 0 | CK93: =CJ93/655.957 -> 0 | CM93: =CJ93*12 -> 0 | CN93: =CM93/655.957 -> 0
A94: 87 | H94: 0 | I94: 0 | L94: 1 | M94: 84343 | O94: =N94/655.957 -> 0 | Y94: =((N94+AB94)*10%)*0 -> 0 | Z94: =((O94+AC94)*25%)*0 -> 0 | AA94: =((P94+AD94)*50%)*0 -> 0 | AI94: =SUM(N94,Q94:AG94)*L94 -> 0 | AJ94: =AI94/655.957 -> 0 | AL94: =IF(AI94>1200000,48000,AI94*0.04) -> 0 | AN94: =IF(AI94>1200000,96000,AI94*0.08) -> 0 | AO94: =IF(AI94>600000,600000*12.28%,AI94*12.28%) -> 0 | AP94: =IF(AI94>600000,600000*2.25%,AI94*2.25%)*0 -> 0 | AQ94: =AI94*4.5% -> 0 | AR94: =AI94*3% -> 0 | AS94: =AI94*10%*0 -> 0 | AV94: =SUM(AN94:AU94) -> 0 | AX94: =AI94-AL94 -> 0 | AY94: =BC94/655.957 -> 0 | BA94: 1 | BC94: =((AI94*12)-(AL94*12))*80% -> 0 | BD94: =BC94/BA94 -> 0 | BE94: =(IF(BD94<464000,BA94*0.01*BD94,IF(BD94<1000000,(4640+(BD94-464000)*0.1)*BA94,IF(BD94<3000000,(4640+53600+(BD94-1000000)*0.25)*BA94,(4640+53600+500000+(BD94-3000000)*0.4)*BA94))))/12 -> 0 | BF94: =((AI94-AL94)-500000)*0.5% -> -2500 | BO94: =BM94*BN94 -> 0 | BU94: =AX94-BE94+SUM(BI94:BQ94)-BS94-BG94 -> 0 | BV94: =+BU94/655.957 -> 0 | BX94: =(AI94-BI94-BJ94-BK94-BG324-BP94-BQ94)/12 -> 0 | BY94: =+BX94/655.957 -> 0 | BZ94: =(BX94/12)+BU94 -> 0 | CA94: =+BZ94/655.957 -> 0 | CC94: =((N94*13/12)*35%)/12 -> 0 | CD94: =+CC94/655.957 -> 0 | CF94: =AI94*0.02 -> 0 | CG94: =CF94/655.957 -> 0 | CJ94: =(AI94+AV94+CC94+CF94)*(13/12)+SUM(BI94:BQ94) -> 0 | CK94: =CJ94/655.957 -> 0 | CM94: =CJ94*12 -> 0 | CN94: =CM94/655.957 -> 0
A95: 88 | H95: 0 | I95: 0 | L95: 1 | M95: 84343 | O95: =N95/655.957 -> 0 | Y95: =((N95+AB95)*10%)*0 -> 0 | Z95: =((O95+AC95)*25%)*0 -> 0 | AA95: =((P95+AD95)*50%)*0 -> 0 | AI95: =SUM(N95,Q95:AG95)*L95 -> 0 | AJ95: =AI95/655.957 -> 0 | AL95: =IF(AI95>1200000,48000,AI95*0.04) -> 0 | AN95: =IF(AI95>1200000,96000,AI95*0.08) -> 0 | AO95: =IF(AI95>600000,600000*12.28%,AI95*12.28%) -> 0 | AP95: =IF(AI95>600000,600000*2.25%,AI95*2.25%)*0 -> 0 | AQ95: =AI95*4.5% -> 0 | AR95: =AI95*3% -> 0 | AS95: =AI95*10%*0 -> 0 | AV95: =SUM(AN95:AU95) -> 0 | AX95: =AI95-AL95 -> 0 | AY95: =BC95/655.957 -> 0 | BA95: 1 | BC95: =((AI95*12)-(AL95*12))*80% -> 0 | BD95: =BC95/BA95 -> 0 | BE95: =(IF(BD95<464000,BA95*0.01*BD95,IF(BD95<1000000,(4640+(BD95-464000)*0.1)*BA95,IF(BD95<3000000,(4640+53600+(BD95-1000000)*0.25)*BA95,(4640+53600+500000+(BD95-3000000)*0.4)*BA95))))/12 -> 0 | BF95: =((AI95-AL95)-500000)*0.5% -> -2500 | BO95: =BM95*BN95 -> 0 | BU95: =AX95-BE95+SUM(BI95:BQ95)-BS95-BG95 -> 0 | BV95: =+BU95/655.957 -> 0 | BX95: =(AI95-BI95-BJ95-BK95-BG325-BP95-BQ95)/12 -> 0 | BY95: =+BX95/655.957 -> 0 | BZ95: =(BX95/12)+BU95 -> 0 | CA95: =+BZ95/655.957 -> 0 | CC95: =((N95*13/12)*35%)/12 -> 0 | CD95: =+CC95/655.957 -> 0 | CF95: =AI95*0.02 -> 0 | CG95: =CF95/655.957 -> 0 | CJ95: =(AI95+AV95+CC95+CF95)*(13/12)+SUM(BI95:BQ95) -> 0 | CK95: =CJ95/655.957 -> 0 | CM95: =CJ95*12 -> 0 | CN95: =CM95/655.957 -> 0
A96: 89 | H96: 0 | I96: 0 | L96: 1 | M96: 84343 | O96: =N96/655.957 -> 0 | Y96: =((N96+AB96)*10%)*0 -> 0 | Z96: =((O96+AC96)*25%)*0 -> 0 | AA96: =((P96+AD96)*50%)*0 -> 0 | AI96: =SUM(N96,Q96:AG96)*L96 -> 0 | AJ96: =AI96/655.957 -> 0 | AL96: =IF(AI96>1200000,48000,AI96*0.04) -> 0 | AN96: =IF(AI96>1200000,96000,AI96*0.08) -> 0 | AO96: =IF(AI96>600000,600000*12.28%,AI96*12.28%) -> 0 | AP96: =IF(AI96>600000,600000*2.25%,AI96*2.25%)*0 -> 0 | AQ96: =AI96*4.5% -> 0 | AR96: =AI96*3% -> 0 | AS96: =AI96*10%*0 -> 0 | AV96: =SUM(AN96:AU96) -> 0 | AX96: =AI96-AL96 -> 0 | AY96: =BC96/655.957 -> 0 | BA96: 1 | BC96: =((AI96*12)-(AL96*12))*80% -> 0 | BD96: =BC96/BA96 -> 0 | BE96: =(IF(BD96<464000,BA96*0.01*BD96,IF(BD96<1000000,(4640+(BD96-464000)*0.1)*BA96,IF(BD96<3000000,(4640+53600+(BD96-1000000)*0.25)*BA96,(4640+53600+500000+(BD96-3000000)*0.4)*BA96))))/12 -> 0 | BF96: =((AI96-AL96)-500000)*0.5% -> -2500 | BO96: =BM96*BN96 -> 0 | BU96: =AX96-BE96+SUM(BI96:BQ96)-BS96-BG96 -> 0 | BV96: =+BU96/655.957 -> 0 | BX96: =(AI96-BI96-BJ96-BK96-BG326-BP96-BQ96)/12 -> 0 | BY96: =+BX96/655.957 -> 0 | BZ96: =(BX96/12)+BU96 -> 0 | CA96: =+BZ96/655.957 -> 0 | CC96: =((N96*13/12)*35%)/12 -> 0 | CD96: =+CC96/655.957 -> 0 | CF96: =AI96*0.02 -> 0 | CG96: =CF96/655.957 -> 0 | CJ96: =(AI96+AV96+CC96+CF96)*(13/12)+SUM(BI96:BQ96) -> 0 | CK96: =CJ96/655.957 -> 0 | CM96: =CJ96*12 -> 0 | CN96: =CM96/655.957 -> 0
A97: 90 | H97: 0 | I97: 0 | L97: 1 | M97: 84343 | O97: =N97/655.957 -> 0 | Y97: =((N97+AB97)*10%)*0 -> 0 | Z97: =((O97+AC97)*25%)*0 -> 0 | AA97: =((P97+AD97)*50%)*0 -> 0 | AI97: =SUM(N97,Q97:AG97)*L97 -> 0 | AJ97: =AI97/655.957 -> 0 | AL97: =IF(AI97>1200000,48000,AI97*0.04) -> 0 | AN97: =IF(AI97>1200000,96000,AI97*0.08) -> 0 | AO97: =IF(AI97>600000,600000*12.28%,AI97*12.28%) -> 0 | AP97: =IF(AI97>600000,600000*2.25%,AI97*2.25%)*0 -> 0 | AQ97: =AI97*4.5% -> 0 | AR97: =AI97*3% -> 0 | AS97: =AI97*10%*0 -> 0 | AV97: =SUM(AN97:AU97) -> 0 | AX97: =AI97-AL97 -> 0 | AY97: =BC97/655.957 -> 0 | BA97: 1 | BC97: =((AI97*12)-(AL97*12))*80% -> 0 | BD97: =BC97/BA97 -> 0 | BE97: =(IF(BD97<464000,BA97*0.01*BD97,IF(BD97<1000000,(4640+(BD97-464000)*0.1)*BA97,IF(BD97<3000000,(4640+53600+(BD97-1000000)*0.25)*BA97,(4640+53600+500000+(BD97-3000000)*0.4)*BA97))))/12 -> 0 | BF97: =((AI97-AL97)-500000)*0.5% -> -2500 | BO97: =BM97*BN97 -> 0 | BU97: =AX97-BE97+SUM(BI97:BQ97)-BS97-BG97 -> 0 | BV97: =+BU97/655.957 -> 0 | BX97: =(AI97-BI97-BJ97-BK97-BG327-BP97-BQ97)/12 -> 0 | BY97: =+BX97/655.957 -> 0 | BZ97: =(BX97/12)+BU97 -> 0 | CA97: =+BZ97/655.957 -> 0 | CC97: =((N97*13/12)*35%)/12 -> 0 | CD97: =+CC97/655.957 -> 0 | CF97: =AI97*0.02 -> 0 | CG97: =CF97/655.957 -> 0 | CJ97: =(AI97+AV97+CC97+CF97)*(13/12)+SUM(BI97:BQ97) -> 0 | CK97: =CJ97/655.957 -> 0 | CM97: =CJ97*12 -> 0 | CN97: =CM97/655.957 -> 0
A98: 91 | H98: 0 | I98: 0 | L98: 1 | O98: =N98/655.957 -> 0 | Y98: =((N98+AB98)*10%)*0 -> 0 | Z98: =((O98+AC98)*25%)*0 -> 0 | AA98: =((P98+AD98)*50%)*0 -> 0 | AI98: =SUM(N98,Q98:AG98)*L98 -> 0 | AJ98: =AI98/655.957 -> 0 | AL98: =IF(AI98>1200000,48000,AI98*0.04) -> 0 | AN98: =IF(AI98>1200000,96000,AI98*0.08) -> 0 | AO98: =IF(AI98>600000,600000*12.28%,AI98*12.28%) -> 0 | AP98: =IF(AI98>600000,600000*2.25%,AI98*2.25%)*0 -> 0 | AQ98: =AI98*4.5% -> 0 | AR98: =AI98*3% -> 0 | AS98: =AI98*10%*0 -> 0 | AV98: =SUM(AN98:AU98) -> 0 | AX98: =AI98-AL98 -> 0 | AY98: =BC98/655.957 -> 0 | BA98: 1 | BC98: =((AI98*12)-(AL98*12))*80% -> 0 | BD98: =BC98/BA98 -> 0 | BE98: =(IF(BD98<464000,BA98*0.01*BD98,IF(BD98<1000000,(4640+(BD98-464000)*0.1)*BA98,IF(BD98<3000000,(4640+53600+(BD98-1000000)*0.25)*BA98,(4640+53600+500000+(BD98-3000000)*0.4)*BA98))))/12 -> 0 | BF98: =((AI98-AL98)-500000)*0.5% -> -2500 | BO98: =BM98*BN98 -> 0 | BU98: =AX98-BE98+SUM(BI98:BQ98)-BS98-BG98 -> 0 | BV98: =+BU98/655.957 -> 0 | BX98: =(AI98-BI98-BJ98-BK98-BO98-BP98-BQ98)/12 -> 0 | BY98: =+BX98/655.957 -> 0 | BZ98: =(BX98/12)+BU98 -> 0 | CA98: =+BZ98/655.957 -> 0 | CC98: =((N98*13/12)*35%)/12 -> 0 | CD98: =+CC98/655.957 -> 0 | CF98: =AI98*0.02 -> 0 | CG98: =CF98/655.957 -> 0 | CJ98: =(AI98+AV98+CC98+CF98)*(13/12)+SUM(BI98:BQ98) -> 0 | CK98: =CJ98/655.957 -> 0 | CM98: =CJ98*12 -> 0 | CN98: =CM98/655.957 -> 0
A99: 92 | H99: 0 | I99: 0 | L99: 1 | O99: =N99/655.957 -> 0 | Y99: =((N99+AB99)*10%)*0 -> 0 | Z99: =((O99+AC99)*25%)*0 -> 0 | AA99: =((P99+AD99)*50%)*0 -> 0 | AI99: =SUM(N99,Q99:AG99)*L99 -> 0 | AJ99: =AI99/655.957 -> 0 | AL99: =IF(AI99>1200000,48000,AI99*0.04) -> 0 | AN99: =IF(AI99>1200000,96000,AI99*0.08) -> 0 | AO99: =IF(AI99>600000,600000*12.28%,AI99*12.28%) -> 0 | AP99: =IF(AI99>600000,600000*2.25%,AI99*2.25%)*0 -> 0 | AQ99: =AI99*4.5% -> 0 | AR99: =AI99*3% -> 0 | AS99: =AI99*10%*0 -> 0 | AV99: =SUM(AN99:AU99) -> 0 | AX99: =AI99-AL99 -> 0 | AY99: =BC99/655.957 -> 0 | BA99: 1 | BC99: =((AI99*12)-(AL99*12))*80% -> 0 | BD99: =BC99/BA99 -> 0 | BE99: =(IF(BD99<464000,BA99*0.01*BD99,IF(BD99<1000000,(4640+(BD99-464000)*0.1)*BA99,IF(BD99<3000000,(4640+53600+(BD99-1000000)*0.25)*BA99,(4640+53600+500000+(BD99-3000000)*0.4)*BA99))))/12 -> 0 | BF99: =((AI99-AL99)-500000)*0.5% -> -2500 | BO99: =BM99*BN99 -> 0 | BU99: =AX99-BE99+SUM(BI99:BQ99)-BS99-BG99 -> 0 | BV99: =+BU99/655.957 -> 0 | BX99: =(AI99-BI99-BJ99-BK99-BG335-BP99-BQ99)/12 -> 0 | BY99: =+BX99/655.957 -> 0 | BZ99: =(BX99/12)+BU99 -> 0 | CA99: =+BZ99/655.957 -> 0 | CC99: =((N99*13/12)*35%)/12 -> 0 | CD99: =+CC99/655.957 -> 0 | CF99: =AI99*0.02 -> 0 | CG99: =CF99/655.957 -> 0 | CJ99: =(AI99+AV99+CC99+CF99)*(13/12)+SUM(BI99:BQ99) -> 0 | CK99: =CJ99/655.957 -> 0 | CM99: =CJ99*12 -> 0 | CN99: =CM99/655.957 -> 0
A100: 93 | H100: 0 | I100: 0 | L100: 1 | M100: 84343 | O100: =N100/655.957 -> 0 | Y100: =((N100+AB100)*10%)*0 -> 0 | Z100: =((O100+AC100)*25%)*0 -> 0 | AA100: =((P100+AD100)*50%)*0 -> 0 | AI100: =SUM(N100,Q100:AG100)*L100 -> 0 | AJ100: =AI100/655.957 -> 0 | AL100: =IF(AI100>1200000,48000,AI100*0.04) -> 0 | AN100: =IF(AI100>1200000,96000,AI100*0.08) -> 0 | AO100: =IF(AI100>600000,600000*12.28%,AI100*12.28%) -> 0 | AP100: =IF(AI100>600000,600000*2.25%,AI100*2.25%)*0 -> 0 | AQ100: =AI100*4.5% -> 0 | AR100: =AI100*3% -> 0 | AS100: =AI100*10%*0 -> 0 | AV100: =SUM(AN100:AU100) -> 0 | AX100: =AI100-AL100 -> 0 | AY100: =BC100/655.957 -> 0 | BA100: 1 | BC100: =((AI100*12)-(AL100*12))*80% -> 0 | BD100: =BC100/BA100 -> 0 | BE100: =(IF(BD100<464000,BA100*0.01*BD100,IF(BD100<1000000,(4640+(BD100-464000)*0.1)*BA100,IF(BD100<3000000,(4640+53600+(BD100-1000000)*0.25)*BA100,(4640+53600+500000+(BD100-3000000)*0.4)*BA100))))/12 -> 0 | BF100: =((AI100-AL100)-500000)*0.5% -> -2500 | BO100: =BM100*BN100 -> 0 | BU100: =AX100-BE100+SUM(BI100:BQ100)-BS100-BG100 -> 0 | BV100: =+BU100/655.957 -> 0 | BX100: =(AI100-BI100-BJ100-BK100-BG330-BP100-BQ100)/12 -> 0 | BY100: =+BX100/655.957 -> 0 | BZ100: =(BX100/12)+BU100 -> 0 | CA100: =+BZ100/655.957 -> 0 | CC100: =((N100*13/12)*35%)/12 -> 0 | CD100: =+CC100/655.957 -> 0 | CF100: =AI100*0.02 -> 0 | CG100: =CF100/655.957 -> 0 | CJ100: =(AI100+AV100+CC100+CF100)*(13/12)+SUM(BI100:BQ100) -> 0 | CK100: =CJ100/655.957 -> 0 | CM100: =CJ100*12 -> 0 | CN100: =CM100/655.957 -> 0
A101: 94 | H101: 0 | I101: 0 | L101: 1 | M101: 84343 | O101: =N101/655.957 -> 0 | Y101: =((N101+AB101)*10%)*0 -> 0 | Z101: =((O101+AC101)*25%)*0 -> 0 | AA101: =((P101+AD101)*50%)*0 -> 0 | AI101: =SUM(N101,Q101:AG101)*L101 -> 0 | AJ101: =AI101/655.957 -> 0 | AL101: =IF(AI101>1200000,48000,AI101*0.04) -> 0 | AN101: =IF(AI101>1200000,96000,AI101*0.08) -> 0 | AO101: =IF(AI101>600000,600000*12.28%,AI101*12.28%) -> 0 | AP101: =IF(AI101>600000,600000*2.25%,AI101*2.25%)*0 -> 0 | AQ101: =AI101*4.5% -> 0 | AR101: =AI101*3% -> 0 | AS101: =AI101*10%*0 -> 0 | AV101: =SUM(AN101:AU101) -> 0 | AX101: =AI101-AL101 -> 0 | AY101: =BC101/655.957 -> 0 | BA101: 1 | BC101: =((AI101*12)-(AL101*12))*80% -> 0 | BD101: =BC101/BA101 -> 0 | BE101: =(IF(BD101<464000,BA101*0.01*BD101,IF(BD101<1000000,(4640+(BD101-464000)*0.1)*BA101,IF(BD101<3000000,(4640+53600+(BD101-1000000)*0.25)*BA101,(4640+53600+500000+(BD101-3000000)*0.4)*BA101))))/12 -> 0 | BF101: =((AI101-AL101)-500000)*0.5% -> -2500 | BO101: =BM101*BN101 -> 0 | BU101: =AX101-BE101+SUM(BI101:BQ101)-BS101-BG101 -> 0 | BV101: =+BU101/655.957 -> 0 | BX101: =(AI101-BI101-BJ101-BK101-BG331-BP101-BQ101)/12 -> 0 | BY101: =+BX101/655.957 -> 0 | BZ101: =(BX101/12)+BU101 -> 0 | CA101: =+BZ101/655.957 -> 0 | CC101: =((N101*13/12)*35%)/12 -> 0 | CD101: =+CC101/655.957 -> 0 | CF101: =AI101*0.02 -> 0 | CG101: =CF101/655.957 -> 0 | CJ101: =(AI101+AV101+CC101+CF101)*(13/12)+SUM(BI101:BQ101) -> 0 | CK101: =CJ101/655.957 -> 0 | CM101: =CJ101*12 -> 0 | CN101: =CM101/655.957 -> 0
A102: 95 | H102: 0 | I102: 0 | L102: 1 | M102: 84343 | O102: =N102/655.957 -> 0 | Y102: =((N102+AB102)*10%)*0 -> 0 | Z102: =((O102+AC102)*25%)*0 -> 0 | AA102: =((P102+AD102)*50%)*0 -> 0 | AI102: =SUM(N102,Q102:AG102)*L102 -> 0 | AJ102: =AI102/655.957 -> 0 | AL102: =IF(AI102>1200000,48000,AI102*0.04) -> 0 | AN102: =IF(AI102>1200000,96000,AI102*0.08) -> 0 | AO102: =IF(AI102>600000,600000*12.28%,AI102*12.28%) -> 0 | AP102: =IF(AI102>600000,600000*2.25%,AI102*2.25%)*0 -> 0 | AQ102: =AI102*4.5% -> 0 | AR102: =AI102*3% -> 0 | AS102: =AI102*10%*0 -> 0 | AV102: =SUM(AN102:AU102) -> 0 | AX102: =AI102-AL102 -> 0 | AY102: =BC102/655.957 -> 0 | BA102: 1 | BC102: =((AI102*12)-(AL102*12))*80% -> 0 | BD102: =BC102/BA102 -> 0 | BE102: =(IF(BD102<464000,BA102*0.01*BD102,IF(BD102<1000000,(4640+(BD102-464000)*0.1)*BA102,IF(BD102<3000000,(4640+53600+(BD102-1000000)*0.25)*BA102,(4640+53600+500000+(BD102-3000000)*0.4)*BA102))))/12 -> 0 | BF102: =((AI102-AL102)-500000)*0.5% -> -2500 | BO102: =BM102*BN102 -> 0 | BU102: =AX102-BE102+SUM(BI102:BQ102)-BS102-BG102 -> 0 | BV102: =+BU102/655.957 -> 0 | BX102: =(AI102-BI102-BJ102-BK102-BG332-BP102-BQ102)/12 -> 0 | BY102: =+BX102/655.957 -> 0 | BZ102: =(BX102/12)+BU102 -> 0 | CA102: =+BZ102/655.957 -> 0 | CC102: =((N102*13/12)*35%)/12 -> 0 | CD102: =+CC102/655.957 -> 0 | CF102: =AI102*0.02 -> 0 | CG102: =CF102/655.957 -> 0 | CJ102: =(AI102+AV102+CC102+CF102)*(13/12)+SUM(BI102:BQ102) -> 0 | CK102: =CJ102/655.957 -> 0 | CM102: =CJ102*12 -> 0 | CN102: =CM102/655.957 -> 0
A103: 96 | H103: 0 | I103: 0 | L103: 1 | M103: 84343 | O103: =N103/655.957 -> 0 | Y103: =((N103+AB103)*10%)*0 -> 0 | Z103: =((O103+AC103)*25%)*0 -> 0 | AA103: =((P103+AD103)*50%)*0 -> 0 | AI103: =SUM(N103,Q103:AG103)*L103 -> 0 | AJ103: =AI103/655.957 -> 0 | AL103: =IF(AI103>1200000,48000,AI103*0.04) -> 0 | AN103: =IF(AI103>1200000,96000,AI103*0.08) -> 0 | AO103: =IF(AI103>600000,600000*12.28%,AI103*12.28%) -> 0 | AP103: =IF(AI103>600000,600000*2.25%,AI103*2.25%)*0 -> 0 | AQ103: =AI103*4.5% -> 0 | AR103: =AI103*3% -> 0 | AS103: =AI103*10%*0 -> 0 | AV103: =SUM(AN103:AU103) -> 0 | AX103: =AI103-AL103 -> 0 | AY103: =BC103/655.957 -> 0 | BA103: 1 | BC103: =((AI103*12)-(AL103*12))*80% -> 0 | BD103: =BC103/BA103 -> 0 | BE103: =(IF(BD103<464000,BA103*0.01*BD103,IF(BD103<1000000,(4640+(BD103-464000)*0.1)*BA103,IF(BD103<3000000,(4640+53600+(BD103-1000000)*0.25)*BA103,(4640+53600+500000+(BD103-3000000)*0.4)*BA103))))/12 -> 0 | BF103: =((AI103-AL103)-500000)*0.5% -> -2500 | BO103: =BM103*BN103 -> 0 | BU103: =AX103-BE103+SUM(BI103:BQ103)-BS103-BG103 -> 0 | BV103: =+BU103/655.957 -> 0 | BX103: =(AI103-BI103-BJ103-BK103-BG333-BP103-BQ103)/12 -> 0 | BY103: =+BX103/655.957 -> 0 | BZ103: =(BX103/12)+BU103 -> 0 | CA103: =+BZ103/655.957 -> 0 | CC103: =((N103*13/12)*35%)/12 -> 0 | CD103: =+CC103/655.957 -> 0 | CF103: =AI103*0.02 -> 0 | CG103: =CF103/655.957 -> 0 | CJ103: =(AI103+AV103+CC103+CF103)*(13/12)+SUM(BI103:BQ103) -> 0 | CK103: =CJ103/655.957 -> 0 | CM103: =CJ103*12 -> 0 | CN103: =CM103/655.957 -> 0
...

Sheet 1
A4: BULLETIN OCTOBRE 2023
A7: Nom & Prénom : | B7: =Payroll!B8 -> 0 | D7: Situation Matrimo. : | E7: célibataire | F7: CHARGES | G7: CHARGES
A8: Emploi: | B8: =Payroll!E8 -> 0 | D8: Nombre d'enfants : | E8: 0 | F8: Employé | G8: Patronales
A9: Embauche : | B9: =+Payroll!F8 -> 0 | D9: Personnes à charges : | E9: 0
A10: N° matricule: | D10: Nombre de parts : | E10: =+Payroll!BA8 -> 1
A11: Salaire de base | C11: 26 | D11: =0/26 -> 0 | E11: =C11*D11 -> 0
A12: =Payroll!$R$4 -> Forfait Heure supplémentaires | E12: =Payroll!$R$8 -> 0
A13: =Payroll!$T$4 -> Diplôme | E13: =Payroll!$T$8 -> 0
A14: =Payroll!$U$4 -> Langue | E14: =Payroll!$U$8 -> 0
A15: =Payroll!$V$4 -> Responsabilité | E15: =Payroll!$V$8 -> 0
A16: =Payroll!$W$4 -> Risque | E16: =Payroll!$W$8 -> 0
A17: =Payroll!$X$4 -> Astreinte | E17: =Payroll!$X$8 -> 0
A18: =Payroll!$AC$4 -> Prime de caisse | E18: =Payroll!$AC$8 -> 0
A19: Salaire Brut | E19: =SUM(E11:E18) -> 0
A20: Charges sociales | C20: Taux | D20: Base
A21: TUS impôt | C21: 0.045 | D21: =E19 -> 0 | G21: =D21*C21 -> 0
A22: C.N.S.S employeur | C22: 0.08 | D22: =E19 -> 0 | G22: =Payroll!AN8 -> 0
A23: CNSS A.F | C23: 0.1228 | D23: =E19 -> 0 | G23: =Payroll!AO8 -> 0
A24: TUS CNSS | C24: 0.03 | D24: =E19 -> 0 | G24: =D24*C24 -> 0
A25: C.N.S.S employé | C25: 0.04 | D25: =E19 -> 0 | F25: =Payroll!AL8 -> 0
A26: Salaire NET | E26: =E19-F25 -> 0
C27: Total charges sociale | F27: =SUM(F20:F26) -> 0 | G27: =SUM(G19:G25) -> 0
A28: IRPP | D28: =(+Payroll!BC8)/12 -> 0 | F28: =Payroll!BE8 -> 0
A29: Taxe régionale | F29: =+Payroll!AU8 -> 0
A30: TOL | F30: =+Payroll!BG8 -> 0
C31: Total impôts | F31: =SUM(F28:F30) -> 0 | G31: =SUM(G27:G29) -> 0
A32: NET après impôt | E32: =E19-(F31+F27) -> 0
C33: Total retenue | G33: =SUM(G32:G32) -> 0
A34: Avantages
A35: =Payroll!BJ4 -> Représentation | D35: =Payroll!BJ8 -> 0
A36: =Payroll!BK4 -> Panier | D36: =Payroll!BK8 -> 0
A37: =Payroll!BL4 -> Salissure | D37: =Payroll!BL8 -> 0
C38: Total à Ajouter | D38: =SUM(D35:D37) -> 0
A39: Net à Payer | E39: =E32+D38 -> 0
A40: Acompte sur salaire | F40: =Payroll!BS9 -> 0
C41: Total à Retenir | F41: =SUM(F40:F40) -> 0
A42: Salaire Total après Déductions | E42: =E39-F41 -> 0
A43: NET A PAYER | E43: =E42 -> 0
B44: Cout total mensuel | G44: =E43+G31 -> 0
A45: Fait à Oyo, le 31 octobre 2023
B46: Signature de l'employeur | E46: Signature de l'employé

Sheet 2
A4: BULLETIN OCTOBRE 2023
A7: Nom & Prénom : | B7: =Payroll!B9 -> 0 | D7: Situation Matrimo. : | E7: célibataire | F7: CHARGES | G7: CHARGES
A8: Emploi: | B8: =Payroll!E9 -> 0 | D8: Nombre d'enfants : | E8: 0 | F8: Employé | G8: Patronales
A9: Embauche : | B9: =+Payroll!F9 -> 0 | D9: Personnes à charges : | E9: 0
A10: N° matricule: | D10: Nombre de parts : | E10: =+Payroll!BA9 -> 1
A11: Salaire de base | C11: 26 | D11: =0/26 -> 0 | E11: =C11*D11 -> 0
A12: =Payroll!$Q$4 -> Sursalaire | E12: =Payroll!$Q$9 -> 0
A13: =Payroll!$R$4 -> Forfait Heure supplémentaires | E13: =Payroll!$R$9 -> 0
A14: =Payroll!$T$4 -> Diplôme | E14: =Payroll!$T$9 -> 0
A15: =Payroll!$U$4 -> Langue | E15: =Payroll!$U$9 -> 0
A16: =Payroll!$V$4 -> Responsabilité | E16: =Payroll!$V$9 -> 0
A17: =Payroll!$W$4 -> Risque | E17: =Payroll!$W$9 -> 0
A18: =Payroll!$X$4 -> Astreinte | E18: =Payroll!$X$9 -> 0
A19: =Payroll!$AC$4 -> Prime de caisse | E19: =Payroll!$AC$9 -> 0
A20: Salaire Brut | E20: =SUM(E11:E19) -> 0
A21: Charges sociales | C21: Taux | D21: Base
A22: TUS impôt | C22: 0.045 | D22: =E20 -> 0 | G22: =D22*C22 -> 0
A23: C.N.S.S employeur | C23: 0.08 | D23: =E20 -> 0 | G23: =Payroll!AN9 -> 0
A24: CNSS A.F | C24: 0.1228 | D24: =E20 -> 0 | G24: =Payroll!AO9 -> 0
A25: TUS CNSS | C25: 0.03 | D25: =E20 -> 0 | G25: =D25*C25 -> 0
A26: C.N.S.S employé | C26: 0.04 | D26: =E20 -> 0 | F26: =Payroll!AL9 -> 0
A27: Salaire NET | E27: =E20-F26 -> 0
C28: Total charges sociale | F28: =SUM(F21:F27) -> 0 | G28: =SUM(G20:G26) -> 0
A29: IRPP | D29: =(+Payroll!BC9)/12 -> 0 | F29: =Payroll!BE9 -> 0
A30: Taxe régionale | F30: =+Payroll!AU9 -> 0
A31: TOL | F31: =+Payroll!BG9 -> 0
C32: Total impôts | F32: =SUM(F29:F31) -> 0 | G32: =SUM(G28:G30) -> 0
A33: NET après impôt | E33: =E20-(F32+F28) -> 0
C34: Total retenue | G34: =SUM(G33:G33) -> 0
A35: Avantages
A37: Transport | D37: =Payroll!BI9 -> 0
A38: Représentation | D38: =Payroll!BJ9 -> 0
C39: Total à Ajouter | D39: =SUM(D36:D38) -> 0
A40: Net à Payer | E40: =E33+D39 -> 0
A41: Acompte sur salaire | F41: =Payroll!BS9 -> 0
C42: Total à Retenir | F42: =SUM(F41:F41) -> 0
A43: Salaire Total après Déductions | E43: =E40-F42 -> 0
A44: NET A PAYER | E44: =E43 -> 0
B45: Cout total mensuel | G45: =E44+G32 -> 0
A46: Fait à Oyo, le 31 octobre 2023
B47: Signature de l'employeur | E47: Signature de l'employé

Sheet 3
A4: BULLETIN OCTOBRE 2023
A6: Nom & Prénom : | B6: =Payroll!B9 -> 0 | D6: Situation Matrimo. : | E6: célibataire | F6: CHARGES | G6: CHARGES
A7: Emploi: | B7: =Payroll!E9 -> 0 | D7: Nombre d'enfants : | E7: 0 | F7: Employé | G7: Patronales
A8: Embauche : | B8: =+Payroll!F9 -> 0 | D8: Personnes à charges : | E8: 0
A9: N° matricule: | D9: Nombre de parts : | E9: =+Payroll!BA9 -> 1
A10: Salaire de base | C10: 26 | D10: =930000/26 -> 35769.231 | E10: =C10*D10 -> 930000
A11: =Payroll!$Q$4 -> Sursalaire | E11: =Payroll!$Q$17 -> 0
A12: =Payroll!$R$4 -> Forfait Heure supplémentaires | E12: =Payroll!$R$17 -> 0
A13: =Payroll!$T$4 -> Diplôme | E13: =Payroll!$T$17 -> 0
A14: =Payroll!$U$4 -> Langue | E14: =Payroll!$U$17 -> 0
A15: =Payroll!$V$4 -> Responsabilité | E15: =Payroll!$V$17 -> 0
A16: =Payroll!$W$4 -> Risque | E16: =Payroll!$W$17 -> 0
A17: =Payroll!$X$4 -> Astreinte | E17: =Payroll!$X$17 -> 0
A18: =Payroll!$AC$4 -> Prime de caisse | E18: =Payroll!$AC$17 -> 0
A19: Salaire Brut | E19: =SUM(E10:E18) -> 930000
A20: Charges sociales | C20: Taux | D20: Base
A21: TUS impôt | C21: 0.045 | D21: =E19 -> 930000 | G21: =D21*C21 -> 41850
A22: C.N.S.S employeur | C22: 0.08 | D22: =E19 -> 930000 | G22: =Payroll!AN17 -> 0
A23: CNSS A.F | C23: 0.1228 | D23: =E19 -> 930000 | G23: =Payroll!AN17 -> 0
A24: TUS CNSS | C24: 0.03 | D24: =E19 -> 930000 | G24: =Payroll!AO17 -> 0
A25: C.N.S.S employé | C25: 0.04 | D25: =E19 -> 930000 | F25: =Payroll!AL17 -> 0
A26: Salaire NET | E26: =E19-F25 -> 930000
C27: Total charges sociale | F27: =SUM(F20:F26) -> 0 | G27: =SUM(G19:G25) -> 41850
A28: IRPP | D28: =(+Payroll!BC17)/12 -> 0 | F28: =Payroll!BE17 -> 0
A29: Taxe régionale | F29: =+Payroll!AU9 -> 0
A30: TOL | F30: =+Payroll!BG17 -> 0
C31: Total impôts | F31: =SUM(F28:F30) -> 0 | G31: =SUM(G27:G29) -> 41850
A32: NET après impôt | E32: =E19-(F31+F27) -> 930000
C33: Total retenue | G33: =SUM(G32:G32) -> 0
A34: Avantages
A36: Transport | D36: =Payroll!BI9 -> 0
A37: Représentation | D37: =Payroll!BJ9 -> 0
C38: Total à Ajouter | D38: =SUM(D35:D37) -> 0
A39: Net à Payer | E39: =E32+D38 -> 930000
A40: Acompte sur salaire | F40: =Payroll!BS9 -> 0
C41: Total à Retenir | F41: =SUM(F40:F40) -> 0
A42: Salaire Total après Déductions | E42: =E39-F41 -> 930000
A43: NET A PAYER | E43: =E42 -> 930000
B44: Cout total mensuel | G44: =E43+G31 -> 971850
A45: Fait à Oyo, le 31 octobre 2023
B46: Signature de l'employeur | E46: Signature de l'employé

Sheet Sheet1
A4: BULLETIN OCTOBRE 2023
A6: Nom & Prénom : | B6: =Payroll!B10 -> 0 | D6: Situation Matrimo. : | E6: célibataire | F6: CHARGES | G6: CHARGES
A7: Emploi: | B7: =Payroll!E10 -> 0 | D7: Nombre d'enfants : | E7: 0 | F7: Employé | G7: Patronales
A8: Embauche : | B8: =+Payroll!F10 -> 0 | D8: Personnes à charges : | E8: 0
A9: N° matricule: | D9: Nombre de parts : | E9: =+Payroll!BA10 -> 1
A10: Salaire de base | C10: 26 | D10: =0/26 -> 0 | E10: =C10*D10 -> 0
A11: =Payroll!$Q$4 -> Sursalaire | E11: =Payroll!$Q$18 -> 0
A12: =Payroll!$R$4 -> Forfait Heure supplémentaires | E12: =Payroll!$R$18 -> 0
A13: =Payroll!$T$4 -> Diplôme | E13: =Payroll!$T$18 -> 0
A14: =Payroll!$U$4 -> Langue | E14: =Payroll!$U$18 -> 0
A15: =Payroll!$V$4 -> Responsabilité | E15: =Payroll!$V$18 -> 0
A16: =Payroll!$W$4 -> Risque | E16: =Payroll!$W$18 -> 0
A17: =Payroll!$X$4 -> Astreinte | E17: =Payroll!$X$18 -> 0
A18: =Payroll!$AC$4 -> Prime de caisse | E18: =Payroll!$AC$18 -> 0
A19: Salaire Brut | E19: =SUM(E10:E18) -> 0
A20: Charges sociales | C20: Taux | D20: Base
A21: TUS impôt | C21: 0.045 | D21: =E19 -> 0 | G21: =D21*C21 -> 0
A22: C.N.S.S employeur | C22: 0.08 | D22: =E19 -> 0 | G22: =Payroll!AN17 -> 0
A23: CNSS A.F | C23: 0.1228 | D23: =E19 -> 0 | G23: =Payroll!AN17 -> 0
A24: TUS CNSS | C24: 0.03 | D24: =E19 -> 0 | G24: =Payroll!AO17 -> 0
A25: C.N.S.S employé | C25: 0.04 | D25: =E19 -> 0 | F25: =Payroll!AL17 -> 0
A26: Salaire NET | E26: =E19-F25 -> 0
C27: Total charges sociale | F27: =SUM(F20:F26) -> 0 | G27: =SUM(G19:G25) -> 0
A28: IRPP | D28: =(+Payroll!BC17)/12 -> 0 | F28: =Payroll!BE17 -> 0
A29: Taxe régionale | F29: =+Payroll!AU9 -> 0
A30: TOL | F30: =+Payroll!BG17 -> 0
C31: Total impôts | F31: =SUM(F28:F30) -> 0 | G31: =SUM(G27:G29) -> 0
A32: NET après impôt | E32: =E19-(F31+F27) -> 0
C33: Total retenue | G33: =SUM(G32:G32) -> 0
A34: Avantages
A36: Transport | D36: =Payroll!BI9 -> 0
A37: Représentation | D37: =Payroll!BJ9 -> 0
C38: Total à Ajouter | D38: =SUM(D35:D37) -> 0
A39: Net à Payer | E39: =E32+D38 -> 0
A40: Acompte sur salaire | F40: =Payroll!BS9 -> 0
C41: Total à Retenir | F41: =SUM(F40:F40) -> 0
A42: Salaire Total après Déductions | E42: =E39-F41 -> 0
A43: NET A PAYER | E43: =E42 -> 0
B44: Cout total mensuel | G44: =E43+G31 -> 0
A45: Fait à Oyo, le 31 octobre 2023
B46: Signature de l'employeur | E46: Signature de l'employé

Sheet Sheet2

Sheet Sheet3

Sheet Sheet4

Sheet Sheet5

Sheet Sheet6

Sheet Sheet7

Sheet Sheet8

Sheet Sheet9

Sheet Sheet10

Sheet Sheet11

Sheet Sheet12

Sheet Sheet13

Sheet Sheet14

Sheet Sheet15

Sheet Sheet16

Sheet Sheet17

Sheet Sheet18

Sheet Sheet19

Sheet Sheet20

Sheet Sheet21

Sheet Sheet22

Sheet Sheet23

Sheet Sheet24

Sheet Sheet25

Sheet Sheet26

Sheet Sheet27

Sheet Sheet28

Sheet Sheet29

Sheet Sheet30

Sheet Sheet31

Sheet Sheet32

Sheet Sheet33

Sheet Sheet34

Sheet Sheet35

Sheet Sheet36

Sheet Sheet37

Sheet Sheet38

Sheet Sheet39

Sheet Sheet40

Sheet Sheet41

Sheet Sheet42

Sheet Sheet43

Sheet Sheet44

Sheet Sheet45

Sheet Sheet46

Sheet Sheet47

Sheet Sheet48

Sheet Sheet49

Sheet Sheet50

Sheet Sheet51

Sheet Sheet52

Sheet Sheet53

Sheet Sheet54

Sheet Sheet55

Sheet Sheet56

Sheet Sheet57

Sheet Sheet58

Sheet Sheet59

Sheet Sheet60

Sheet Sheet61

Sheet Sheet62

Sheet Sheet63

Sheet Sheet64

Sheet Sheet65

Sheet Sheet66

Sheet Sheet67

Sheet Sheet68

Sheet Sheet69

Sheet Sheet70

Sheet Sheet71

Sheet Sheet72

Sheet Sheet73

Sheet Sheet74

Sheet Sheet75

Sheet Sheet76

Sheet Sheet77

Sheet Sheet78

Sheet Sheet79

Sheet Sheet80

Sheet Sheet81

Sheet Sheet82

Sheet Sheet83

Sheet Sheet84

Sheet Sheet85

Sheet Sheet86

Sheet Sheet87

Sheet Sheet88

Sheet Sheet89

Sheet Sheet90

Sheet Sheet91

Sheet Sheet92

Sheet Sheet93

Sheet Sheet94

Sheet Sheet95

Sheet Sheet96

Sheet Sheet97

Sheet Sheet98

Sheet Sheet99

Sheet Sheet100

Sheet Sheet101

Sheet Sheet102

Sheet Sheet103

Sheet Sheet104

Sheet Sheet105

Sheet Sheet106

Sheet Sheet107

Sheet Sheet108

Sheet Sheet109

Sheet Sheet110

Sheet Sheet111

Sheet Sheet112

Sheet Sheet113

Sheet Sheet114

Sheet Sheet115

Sheet Sheet116

Sheet Sheet117

Sheet Sheet118

Sheet Sheet119

Sheet Sheet120

Sheet Sheet121

Sheet Sheet122

Sheet Sheet123

Sheet Sheet124

Sheet Sheet125

Sheet Sheet126

Sheet Sheet127

Sheet Sheet128

Sheet Sheet129

Sheet Sheet130

Sheet Sheet131

Sheet Sheet132

Sheet Sheet133

Sheet Sheet134

Sheet Sheet135

Sheet Sheet136

Sheet Sheet137

Sheet Sheet138

Sheet Sheet139

Sheet Sheet140

Sheet Sheet141

Sheet Sheet142

Sheet Sheet143

Sheet Sheet144

Sheet Sheet145

Sheet Sheet146

Sheet Sheet147

Sheet Sheet148

Sheet Sheet149

Sheet Sheet150

Sheet Sheet151

Sheet Sheet152

Sheet Sheet153

Sheet Sheet154

Sheet Sheet155

Sheet Sheet156

Sheet Sheet157

Sheet Sheet158

Sheet Sheet159

Sheet Sheet160

Sheet Sheet161

Sheet Sheet162

Sheet Sheet163

Sheet Sheet164

Sheet Sheet165

Sheet Sheet166

Sheet Sheet167

Sheet Sheet168

Sheet Sheet169

Sheet Sheet170

Sheet Sheet171

Sheet Sheet172

Sheet Sheet173

Sheet Sheet174

Sheet Sheet175

Sheet Sheet176

Sheet Sheet177

Sheet Sheet178

Sheet Sheet179

Sheet Sheet180

Sheet Sheet181

Sheet Sheet182

Sheet Sheet183

Sheet Recapitulatif Taxes
C3: ETAT RECAPITULATIF DES SALAIRES DU MOIS D OCTOBRE 2023
B5: Noms et Prénoms | C5: Salaire brut | D5: Retenue CNSS | F5: Base imposable | G5: Retenue IRPP/RAS | I5: Prime (employeur) | N5: Acompte | O5: Net à payer | P5: TUS | R5: Charge totale Employeur
D6: Employé 4% | E6: Employeur 20,28% | H6: TOL | I6: Transport | J6: Salissure | K6: Frais de carburant | L6: Panier | M6: Representation | P6: =+Payroll!AQ4 -> TUS IMPOT 4,5% | Q6: =+Payroll!AR4 -> TUS CNSS 3%
A7: 1 | B7: =+Payroll!B8 -> 0 | C7: =Payroll!AI8 -> 0 | D7: =IF(C7>1200000,48000,C7*0.04) -> 0 | E7: =Payroll!AN8+Payroll!AO8 -> 0 | F7: =(C7-D7)*80% -> 0 | G7: =Payroll!BE8 -> 0 | H7: =Payroll!BG8 -> 0 | I7: =Payroll!BI8 -> 0 | J7: =Payroll!BL8 -> 0 | K7: =Payroll!BO8 -> 0 | L7: =Payroll!BK8 -> 0 | M7: =Payroll!BJ8 -> 0 | N7: =Payroll!BS8 -> 0 | O7: =+C7-D7-G7-H7+I7+J7+K7+M7-N7+L7 -> 0 | P7: =+C7*4.5/100 -> 0 | Q7: =+C7*0.03 -> 0 | R7: =E7+Q7 -> 0
A8: 2 | B8: =+Payroll!B9 -> 0 | C8: =Payroll!AI9 -> 0 | D8: =IF(C8>1200000,48000,C8*0.04) -> 0 | E8: =Payroll!AN9+Payroll!AO9 -> 0 | F8: =(C8-D8)*80% -> 0 | G8: =Payroll!BE9 -> 0 | H8: =Payroll!BG9 -> 0 | I8: =Payroll!BI9 -> 0 | J8: =Payroll!BL9 -> 0 | K8: =Payroll!BO9 -> 0 | L8: =Payroll!BK9 -> 0 | M8: =Payroll!BJ9 -> 0 | N8: =Payroll!BS9 -> 0 | O8: =+C8-D8-G8-H8+I8+J8+K8+M8-N8+L8 -> 0 | P8: =+C8*4.5/100 -> 0 | Q8: =+C8*0.03 -> 0 | R8: =E8+Q8 -> 0
A9: 3 | B9: =+Payroll!B10 -> 0 | C9: =Payroll!AI10 -> 0 | D9: =IF(C9>1200000,48000,C9*0.04) -> 0 | E9: =Payroll!AN10+Payroll!AO10 -> 0 | F9: =(C9-D9)*80% -> 0 | G9: =Payroll!BE10 -> 0 | H9: =Payroll!BG10 -> 0 | I9: =Payroll!BI10 -> 0 | J9: =Payroll!BL10 -> 0 | K9: =Payroll!BO10 -> 0 | L9: =Payroll!BK10 -> 0 | M9: =Payroll!BJ10 -> 0 | N9: =Payroll!BS10 -> 0 | O9: =+C9-D9-G9-H9+I9+J9+K9+M9-N9+L9 -> 0 | P9: =+C9*4.5/100 -> 0 | Q9: =+C9*0.03 -> 0 | R9: =E9+Q9 -> 0
A10: 4 | B10: =+Payroll!B11 -> 0 | C10: =Payroll!AI11 -> 0 | D10: =IF(C10>1200000,48000,C10*0.04) -> 0 | E10: =Payroll!AN11+Payroll!AO11 -> 0 | F10: =(C10-D10)*80% -> 0 | G10: =Payroll!BE11 -> 0 | H10: =Payroll!BG11 -> 0 | I10: =Payroll!BI11 -> 0 | J10: =Payroll!BL11 -> 0 | K10: =Payroll!BO11 -> 0 | L10: =Payroll!BK11 -> 0 | M10: =Payroll!BJ11 -> 0 | N10: =Payroll!BS11 -> 0 | O10: =+C10-D10-G10-H10+I10+J10+K10+M10-N10+L10 -> 0 | P10: =+C10*4.5/100 -> 0 | Q10: =+C10*0.03 -> 0 | R10: =E10+Q10 -> 0
A11: 5 | B11: =+Payroll!B12 -> 0 | C11: =Payroll!AI12 -> 0 | D11: =IF(C11>1200000,48000,C11*0.04) -> 0 | E11: =Payroll!AN12+Payroll!AO12 -> 0 | F11: =(C11-D11)*80% -> 0 | G11: =Payroll!BE12 -> 0 | H11: =Payroll!BG12 -> 0 | I11: =Payroll!BI12 -> 0 | J11: =Payroll!BL12 -> 0 | K11: =Payroll!BO12 -> 0 | L11: =Payroll!BK12 -> 0 | M11: =Payroll!BJ12 -> 0 | N11: =Payroll!BS12 -> 0 | O11: =+C11-D11-G11-H11+I11+J11+K11+M11-N11+L11 -> 0 | P11: =+C11*4.5/100 -> 0 | Q11: =+C11*0.03 -> 0 | R11: =E11+Q11 -> 0
A12: 6 | B12: =+Payroll!B13 -> 0 | C12: =Payroll!AI13 -> 0 | D12: =IF(C12>1200000,48000,C12*0.04) -> 0 | E12: =Payroll!AN13+Payroll!AO13 -> 0 | F12: =(C12-D12)*80% -> 0 | G12: =Payroll!BE13 -> 0 | H12: =Payroll!BG13 -> 0 | I12: =Payroll!BI13 -> 0 | J12: =Payroll!BL13 -> 0 | K12: =Payroll!BO13 -> 0 | L12: =Payroll!BK13 -> 0 | M12: =Payroll!BJ13 -> 0 | N12: =Payroll!BS13 -> 0 | O12: =+C12-D12-G12-H12+I12+J12+K12+M12-N12+L12 -> 0 | P12: =+C12*4.5/100 -> 0 | Q12: =+C12*0.03 -> 0 | R12: =E12+Q12 -> 0
A13: 7 | B13: =+Payroll!B14 -> 0 | C13: =Payroll!AI14 -> 0 | D13: =IF(C13>1200000,48000,C13*0.04) -> 0 | E13: =Payroll!AN14+Payroll!AO14 -> 0 | F13: =(C13-D13)*80% -> 0 | G13: =Payroll!BE14 -> 0 | H13: =Payroll!BG14 -> 0 | I13: =Payroll!BI14 -> 0 | J13: =Payroll!BL14 -> 0 | K13: =Payroll!BO14 -> 0 | L13: =Payroll!BK14 -> 0 | M13: =Payroll!BJ14 -> 0 | N13: =Payroll!BS14 -> 0 | O13: =+C13-D13-G13-H13+I13+J13+K13+M13-N13+L13 -> 0 | P13: =+C13*4.5/100 -> 0 | Q13: =+C13*0.03 -> 0 | R13: =E13+Q13 -> 0
A14: 8 | B14: =+Payroll!B15 -> 0 | C14: =Payroll!AI15 -> 0 | D14: =IF(C14>1200000,48000,C14*0.04) -> 0 | E14: =Payroll!AN15+Payroll!AO15 -> 0 | F14: =(C14-D14)*80% -> 0 | G14: =Payroll!BE15 -> 0 | H14: =Payroll!BG15 -> 0 | I14: =Payroll!BI15 -> 0 | J14: =Payroll!BL15 -> 0 | K14: =Payroll!BO15 -> 0 | L14: =Payroll!BK15 -> 0 | M14: =Payroll!BJ15 -> 0 | N14: =Payroll!BS15 -> 0 | O14: =+C14-D14-G14-H14+I14+J14+K14+M14-N14+L14 -> 0 | P14: =+C14*4.5/100 -> 0 | Q14: =+C14*0.03 -> 0 | R14: =E14+Q14 -> 0
A15: 9 | B15: =+Payroll!B16 -> 0 | C15: =Payroll!AI16 -> 0 | D15: =IF(C15>1200000,48000,C15*0.04) -> 0 | E15: =Payroll!AN16+Payroll!AO16 -> 0 | F15: =(C15-D15)*80% -> 0 | G15: =Payroll!BE16 -> 0 | H15: =Payroll!BG16 -> 0 | I15: =Payroll!BI16 -> 0 | J15: =Payroll!BL16 -> 0 | K15: =Payroll!BO16 -> 0 | L15: =Payroll!BK16 -> 0 | M15: =Payroll!BJ16 -> 0 | N15: =Payroll!BS16 -> 0 | O15: =+C15-D15-G15-H15+I15+J15+K15+M15-N15+L15 -> 0 | P15: =+C15*4.5/100 -> 0 | Q15: =+C15*0.03 -> 0 | R15: =E15+Q15 -> 0
A16: 10 | B16: =+Payroll!B17 -> 0 | C16: =Payroll!AI17 -> 0 | D16: =IF(C16>1200000,48000,C16*0.04) -> 0 | E16: =Payroll!AN17+Payroll!AO17 -> 0 | F16: =(C16-D16)*80% -> 0 | G16: =Payroll!BE17 -> 0 | H16: =Payroll!BG17 -> 0 | I16: =Payroll!BI17 -> 0 | J16: =Payroll!BL17 -> 0 | K16: =Payroll!BO17 -> 0 | L16: =Payroll!BK17 -> 0 | M16: =Payroll!BJ17 -> 0 | N16: =Payroll!BS17 -> 0 | O16: =+C16-D16-G16-H16+I16+J16+K16+M16-N16+L16 -> 0 | P16: =+C16*4.5/100 -> 0 | Q16: =+C16*0.03 -> 0 | R16: =E16+Q16 -> 0
A17: 11 | B17: =+Payroll!B18 -> 0 | C17: =Payroll!AI18 -> 0 | D17: =IF(C17>1200000,48000,C17*0.04) -> 0 | E17: =Payroll!AN18+Payroll!AO18 -> 0 | F17: =(C17-D17)*80% -> 0 | G17: =Payroll!BE18 -> 0 | H17: =Payroll!BG18 -> 0 | I17: =Payroll!BI18 -> 0 | J17: =Payroll!BL18 -> 0 | K17: =Payroll!BO18 -> 0 | L17: =Payroll!BK18 -> 0 | M17: =Payroll!BJ18 -> 0 | N17: =Payroll!BS18 -> 0 | O17: =+C17-D17-G17-H17+I17+J17+K17+M17-N17+L17 -> 0 | P17: =+C17*4.5/100 -> 0 | Q17: =+C17*0.03 -> 0 | R17: =E17+Q17 -> 0
A18: 12 | B18: =+Payroll!B19 -> 0 | C18: =Payroll!AI19 -> 0 | D18: =IF(C18>1200000,48000,C18*0.04) -> 0 | E18: =Payroll!AN19+Payroll!AO19 -> 0 | F18: =(C18-D18)*80% -> 0 | G18: =Payroll!BE19 -> 0 | H18: =Payroll!BG19 -> 0 | I18: =Payroll!BI19 -> 0 | J18: =Payroll!BL19 -> 0 | K18: =Payroll!BO19 -> 0 | L18: =Payroll!BK19 -> 0 | M18: =Payroll!BJ19 -> 0 | N18: =Payroll!BS19 -> 0 | O18: =+C18-D18-G18-H18+I18+J18+K18+M18-N18+L18 -> 0 | P18: =+C18*4.5/100 -> 0 | Q18: =+C18*0.03 -> 0 | R18: =E18+Q18 -> 0
